Workbook
Name becoc: #REF!
Name bemo: #REF!
Name Caungang: '[1]Cau Vuot ngang'!$B$9:$AF$27
Name CHT: #REF!
Name DGDAM: #REF!
Name DT: #REF!
Name KL: #REF!
Name Rong: #REF!
Name SLmo: #REF!
Name TONGHOP: #REF!
Name trcan: #REF!
Name Trunuoc: #REF!

Sheet Cover
A1: Topographic Survey Plan
N4: 1 | Q4: Project Facility Plan | BF4: Page 2
N7: 2 | Q7: Survey Packages and Demarcation among Sub-contractors | BF7: Page 3
N10: 3 | Q10: Survey Cost
Q13: 3.1 | T13: Survey Cost by Sub-contractors | BF13: Page 4
Q16: 3.2 | T16: Survey Cost by Survey Packages | BF16: Page 5
N19: 4 | Q19: Survey Plan
Q22: 4.1 | T22: Survey Plan | BF22: Page 8
Q25: 4.2 | T25: Detailed Survey Plan
T28: 4.2.1 | X28: Detailed Survey Plan (Main Line, Road Section) | BF28: Page 22
T31: 4.2.2 | X31: Detailed Survey Plan (Tunnel) | BF31: Page 25
T34: 4.2.3 | X34: Detailed Survey Plan (Bridge) | BF34: Page 26
T37: 4.2.4 | X37: Detailed Survey Plan (Culvert Box) | BF37: Page 30
T40: 4.2.5 | X40: Detailed Survey Plan (Culvert Pipe) | BF40: Page 34
T43: 4.2.6 | X43: Detailed Survey Plan (Interchange) | BF43: Page 38
T46: 4.2.7 | X46: Detailed Survey Plan (Building) | BF46: Page 39
T49: 4.2.8 | X49: Detailed Survey Plan (Intersection) | BF49: Page 40
T52: 4.2.9 | X52: Detailed Survey Plan (Canal (Re-alignment)) | BF52: Page 41

Sheet 1.Facility Plan

Sheet 2.PKG
B1: A. Control Point and Leveling Network Survey
A2: Jurisdiction | C2: Road | E2: Construction Contract Package (Civil Works) | K2: Survey Package | T2: Demarcation among Sub-contractors
C3: Classification | E3: No. | F3: Section | I3: Length | K3: No. | M3: Section | P3: Equation | R3: Length | T3: TEDI | V3: TEDIS | X3: TECCO533 | Z3: VECC | AB3: EGS | AD3: Tien Khai | AF3: INPEL | AH3: BMT
B4: Quang Nam/ | D4: Expressway | K4: 1 | L4: CP | M4: 16000 | N4: - | O4: 60000 | T4: 1
B5: Quang Ngai | M5: 73000 | N5: - | O5: 109000
M6: 109000 | N6: - | O6: 131500
D7: Linking Road | M7: 131500 | N7: - | O7: 139500
A8: Total | T8: =SUM(T4:T7) -> 1
B10: B. Expressway, C. Linking Road
A11: Jurisdiction | C11: Road | E11: Construction Contract Package (Civil Works) | K11: Survey Package | T11: Demarcation among Sub-contractors
C12: Classification | E12: No. | F12: Section | I12: Length | K12: No. | M12: Section | P12: Equation | R12: Length | T12: TEDI | V12: TEDIS | X12: TECCO533 | Z12: VECC | AB12: EGS | AD12: Tien Khai | AF12: INPEL | AH12: BMT
B13: Danang | D13: Expressway | E13: PKG01 | F13: 0 | G13: - | H13: 7800 | I13: =(H13-F13)-P13-P14 -> 7800 | K13: 1 | L13: ='4.1Plan'!D6 -> ML01-1 | M13: ='4.1Plan'!AB6 -> -800 | N13: - | O13: ='4.1Plan'!AD6 -> 4050 | R13: ='4.1Plan'!AH6 -> 4850 | Z13: =R13 -> 4850
K14: 2 | L14: ='4.1Plan'!D33 -> ML01-2 | M14: ='4.1Plan'!AB33 -> 3950 | N14: - | O14: ='4.1Plan'!AD33 -> 8050 | R14: ='4.1Plan'!AH33 -> 4100 | Z14: =R14 -> 4100
B15: Quang Nam | E15: PKG02 | F15: 7800 | G15: - | H15: 17000 | I15: =(H15-F15)-P15-P16 -> 9200 | K15: 3 | L15: ='4.1Plan'!D53 -> ML02-1 | M15: ='4.1Plan'!AB53 -> 7950 | N15: - | O15: ='4.1Plan'!AD53 -> 13050 | R15: ='4.1Plan'!AH53 -> 5100 | Z15: =R15 -> 5100
K16: 4 | L16: ='4.1Plan'!D89 -> ML02-2 | M16: ='4.1Plan'!AB89 -> 12950 | N16: - | O16: ='4.1Plan'!AD89 -> 17050 | R16: ='4.1Plan'!AH89 -> 4100 | Z16: =R16 -> 4100
E17: PKG03 | F17: 17000 | G17: - | H17: 21700 | I17: =(H17-F17)-P17 -> 4759.78 | K17: 5 | L17: ='4.1Plan'!D120 -> ML03-1 | M17: ='4.1Plan'!AB120 -> 16950 | N17: - | O17: ='4.1Plan'!AD120 -> 22050 | P17: ='4.1Plan'!AF120 -> -59.78 | R17: ='4.1Plan'!AH120 -> 5159.78 | T17: =R17 -> 5159.78
E18: PKG04 | F18: 21700 | G18: - | H18: 30000 | I18: =(H18-F18)-P18-P19 -> 8300 | K18: 6 | L18: ='4.1Plan'!D149 -> ML04-1 | M18: ='4.1Plan'!AB149 -> 21950 | N18: - | O18: ='4.1Plan'!AD149 -> 26850 | R18: ='4.1Plan'!AH149 -> 4900 | AB18: =R18 -> 4900
K19: 7 | L19: ='4.1Plan'!D173 -> ML04-2 | M19: ='4.1Plan'!AB173 -> 26750 | N19: - | O19: ='4.1Plan'!AD173 -> 32050 | R19: ='4.1Plan'!AH173 -> 5300 | AB19: =R19 -> 5300
E20: PKG05 | F20: 30000 | G20: - | H20: 42000 | I20: =(H20-F20)-P20-P21-P22 -> 12000 | K20: 8 | L20: ='4.1Plan'!D203 -> ML05-1 | M20: ='4.1Plan'!AB203 -> 31950 | N20: - | O20: ='4.1Plan'!AD203 -> 35050 | R20: ='4.1Plan'!AH203 -> 3100 | T20: =R20 -> 3100
K21: 9 | L21: ='4.1Plan'!D216 -> ML05-2 | M21: ='4.1Plan'!AB216 -> 34950 | N21: - | O21: ='4.1Plan'!AD216 -> 42050 | R21: ='4.1Plan'!AH216 -> 7100 | V21: =R21 -> 7100
K22: 10 | L22: ='4.1Plan'!#REF! -> #REF! | M22: ='4.1Plan'!#REF! -> #REF! | N22: - | O22: ='4.1Plan'!#REF! -> #REF! | R22: ='4.1Plan'!#REF! -> #REF! | V22: =R22 -> #REF!
E23: PKG06 | F23: 42000 | G23: - | H23: 55000 | I23: =(H23-F23)-P23-P24-P25 -> 13000 | K23: 11 | L23: ='4.1Plan'!D252 -> ML06-1 | M23: ='4.1Plan'!AB252 -> 41950 | N23: - | O23: ='4.1Plan'!AD252 -> 46650 | R23: ='4.1Plan'!AH252 -> 4700 | V23: =R23 -> 4700
K24: 12 | L24: ='4.1Plan'!D279 -> ML06-2 | M24: ='4.1Plan'!AB279 -> 46550 | N24: - | O24: ='4.1Plan'!AD279 -> 52050 | R24: ='4.1Plan'!AH279 -> 5500 | V24: =R24 -> 5500
K25: 13 | L25: ='4.1Plan'!D309 -> ML07-1 | M25: ='4.1Plan'!AB309 -> 51950 | N25: - | O25: ='4.1Plan'!AD309 -> 56050 | R25: ='4.1Plan'!AH309 -> 4100 | V25: =R25 -> 4100
E26: PKG07 | F26: 55000 | G26: - | H26: 67400 | I26: =(H26-F26)-P26-P27-P28 -> 12400 | K26: 14 | L26: ='4.1Plan'!D331 -> ML07-2 | M26: ='4.1Plan'!AB331 -> 55950 | N26: - | O26: ='4.1Plan'!AD331 -> 60050 | R26: ='4.1Plan'!AH331 -> 4100 | T26: =R26 -> 4100
K27: 15 | L27: ='4.1Plan'!D355 -> ML07-3 | M27: ='4.1Plan'!AB355 -> 59950 | N27: - | O27: ='4.1Plan'!AD355 -> 65050 | R27: ='4.1Plan'!AH355 -> 5100 | T27: =R27 -> 5100
K28: 16 | L28: ='4.1Plan'!D377 -> MLA1-1 | M28: ='4.1Plan'!AB377 -> 64950 | N28: - | O28: ='4.1Plan'!AD377 -> 71050 | R28: ='4.1Plan'!AH377 -> 6100 | T28: =R28 -> 6100
E29: PKG08 | F29: 67400 | G29: - | H29: 78000 | I29: =(H29-F29)-P29-P30-P31 -> 10600 | K29: 17 | L29: ='4.1Plan'!D404 -> MLA1-2 | M29: ='4.1Plan'!AB404 -> 70950 | N29: - | O29: ='4.1Plan'!AD404 -> 76050 | R29: ='4.1Plan'!AH404 -> 5673.2 | AF29: =R29 -> 5673.2
K30: 18 | L30: ='4.1Plan'!D430 -> MLA1-3 | M30: ='4.1Plan'!AB430 -> 75950 | N30: - | O30: ='4.1Plan'!AD430 -> 81550 | P30: ='4.1Plan'!AF430 -> 0 | R30: ='4.1Plan'!AH430 -> 5600 | AF30: =R30 -> 5600
K31: 19 | L31: ='4.1Plan'!#REF! -> #REF! | M31: ='4.1Plan'!#REF! -> #REF! | N31: - | O31: ='4.1Plan'!#REF! -> #REF! | R31: ='4.1Plan'!#REF! -> #REF! | AF31: =R31 -> #REF!
E32: PKG09 | F32: 78000 | G32: - | H32: 90000 | I32: =(H32-F32)-P32-P33-P34 -> 12000 | K32: 20 | L32: ='4.1Plan'!D444 -> MLA2-1 | M32: ='4.1Plan'!AB444 -> 81450 | N32: - | O32: ='4.1Plan'!AD444 -> 87050 | R32: ='4.1Plan'!AH444 -> 5600 | X32: =R32 -> 5600
K33: 21 | L33: ='4.1Plan'!#REF! -> #REF! | M33: ='4.1Plan'!#REF! -> #REF! | N33: - | O33: ='4.1Plan'!#REF! -> #REF! | R33: ='4.1Plan'!#REF! -> #REF! | X33: =R33 -> #REF!
K34: 22 | L34: ='4.1Plan'!D467 -> MLA2-2 | M34: ='4.1Plan'!AB467 -> 86950 | N34: - | O34: ='4.1Plan'!AD467 -> 93050 | R34: ='4.1Plan'!AH467 -> 6100 | X34: =R34 -> 6100
E35: PKG10 | F35: 90000 | G35: - | H35: 99500 | I35: =(H35-F35)-P35-P36 -> #REF! | K35: 23 | L35: ='4.1Plan'!D489 -> MLA2-3 | M35: ='4.1Plan'!AB489 -> 92950 | N35: - | O35: ='4.1Plan'!AD489 -> 100050 | R35: ='4.1Plan'!AH489 -> 6800 | T35: =R35 -> 6800
K36: 24 | L36: ='4.1Plan'!#REF! -> #REF! | M36: ='4.1Plan'!#REF! -> #REF! | N36: - | O36: ='4.1Plan'!#REF! -> #REF! | P36: ='4.1Plan'!#REF! -> #REF! | R36: ='4.1Plan'!#REF! -> #REF! | T36: =R36 -> #REF!
B37: Quang Ngai | E37: PKG11 | F37: 99500 | G37: - | H37: 110500 | I37: =(H37-F37)-P37-P38-P39 -> 11173.22 | K37: 25 | L37: ='4.1Plan'!D514 -> MLA3-1 | M37: ='4.1Plan'!AB514 -> 99950 | N37: - | O37: ='4.1Plan'!AD514 -> 105050 | P37: ='4.1Plan'!AF514 -> -173.22 | R37: ='4.1Plan'!AH514 -> 5273.22 | T37: =R37 -> 5273.22
K38: 26 | L38: ='4.1Plan'!D538 -> MLA3-2 | M38: ='4.1Plan'!AB538 -> 104950 | N38: - | O38: ='4.1Plan'!AD538 -> 110050 | R38: ='4.1Plan'!AH538 -> 5100 | T38: =R38 -> 5100
K39: 27 | L39: ='4.1Plan'!D554 -> MLA4-1 | M39: ='4.1Plan'!AB554 -> 109950 | N39: - | O39: ='4.1Plan'!AD554 -> 115050 | R39: ='4.1Plan'!AH554 -> 5100 | T39: =R39 -> 5100
E40: PKG12 | F40: 110500 | G40: - | H40: 121400 | I40: =(H40-F40)-P40-P41-P42 -> 10900 | K40: 28 | L40: ='4.1Plan'!#REF! -> #REF! | M40: ='4.1Plan'!#REF! -> #REF! | N40: - | O40: ='4.1Plan'!#REF! -> #REF! | R40: ='4.1Plan'!#REF! -> #REF! | AD40: =R40 -> #REF!
K41: 29 | L41: ='4.1Plan'!D575 -> MLA4-2 | M41: ='4.1Plan'!AB575 -> 114950 | N41: - | O41: ='4.1Plan'!AD575 -> 120050 | R41: ='4.1Plan'!AH575 -> 5100 | AD41: =R41 -> 5100
K42: 30 | L42: ='4.1Plan'!D594 -> MLA4-3 | M42: ='4.1Plan'!AB594 -> 119950 | N42: - | O42: ='4.1Plan'!AD594 -> 125050 | R42: ='4.1Plan'!AH594 -> 5100 | AD42: =R42 -> 5100
E43: PKG13 | F43: 121400 | G43: - | H43: 126500 | I43: =(H43-F43)-P43 -> 5100 | K43: 31 | L43: ='4.1Plan'!D618 -> MLA5-1 | M43: ='4.1Plan'!AB618 -> 124950 | N43: - | O43: ='4.1Plan'!AD618 -> 131550 | R43: ='4.1Plan'!AH618 -> 6600 | T43: =R43 -> 6600
E44: PKG14 | F44: 126500 | G44: - | H44: 131500 | I44: =(H44-F44)-P44 -> 5000 | K44: 32 | L44: ='4.1Plan'!#REF! -> #REF! | M44: ='4.1Plan'!#REF! -> #REF! | N44: - | O44: ='4.1Plan'!#REF! -> #REF! | R44: ='4.1Plan'!#REF! -> #REF! | T44: =R44 -> #REF!
D45: Linking Road | F45: 131500 | G45: - | H45: 139522 | I45: =(H45-F45)-P45 -> 8022 | K45: 33 | L45: ='4.1Plan'!V644 -> MLA5-2 | M45: ='4.1Plan'!AB644 -> 131450 | N45: - | O45: ='4.1Plan'!AD644 -> 136050 | R45: ='4.1Plan'!AH644 -> 4600 | AH45: =R45 -> 4600
K46: 34 | L46: ='4.1Plan'!V673 -> MLA5-3 | M46: ='4.1Plan'!AB673 -> 135950 | N46: - | O46: ='4.1Plan'!AD673 -> 139572 | R46: ='4.1Plan'!AH673 -> 3622 | AH46: =R46 -> 3622
A47: Total | I47: =SUM(I13:I46) -> #REF! | R47: =SUM(R13:R46) -> #REF! | T47: =SUM(T13:T46) -> #REF! | V47: =SUM(V13:V46) -> #REF! | X47: =SUM(X13:X46) -> #REF! | Z47: =SUM(Z13:Z46) -> 18150 | AB47: =SUM(AB13:AB46) -> 10200 | AD47: =SUM(AD13:AD46) -> #REF! | AF47: =SUM(AF13:AF46) -> #REF! | AH47: =SUM(AH13:AH46) -> 8222
R48: =T48+V48+X48+Z48+AB48+AD48+AF48+AH48 -> #REF! | T48: =T47/$R$47 -> #REF! | V48: =V47/$R$47 -> #REF! | X48: =X47/$R$47 -> #REF! | Z48: =Z47/$R$47 -> #REF! | AB48: =AB47/$R$47 -> #REF! | AD48: =AD47/$R$47 -> #REF! | AF48: =AF47/$R$47 -> #REF! | AH48: =AH47/$R$47 -> #REF!
A49: Topographic Survey for PKG15 (O&M Buildings) is included in each Survey Package above
A50: Each Survey Section overlaps 100 m with neighboring Survey Sections

Sheet 3.1Cost by Sub-contractors
A1: No. | B1: Item | H1: Specifications | J1: Unit | K1: Total | Q1: By Sub-contractors
Q2: TEDI | U2: TEDIS | Y2: TECCO533 | AC2: VECC | AG2: EGS | AK2: Tien Khai | AO2: INPEL | AS2: BMT
K3: Unit Price | M3: Qty | O3: Amount | Q3: Qty | S3: Amount | U3: Qty | W3: Amount | Y3: Qty | AA3: Amount | AC3: Qty | AE3: Amount | AG3: Qty | AI3: Amount | AK3: Qty | AM3: Amount | AO3: Qty | AQ3: Amount | AS3: Qty | AU3: Amount
K4: (USD) | O4: (USD) | S4: (USD) | W4: (USD) | AA4: (USD) | AE4: (USD) | AI4: (USD) | AM4: (USD) | AQ4: (USD) | AU4: (USD)
A5: A | C5: Control Point and Leveling Network | O5: =S5 -> 159149.91 | S5: ='3.2Cost by Packages'!O7 -> 159149.91
A6: 1 | C6: Primary Control Point (GPS) | O6: =S6 -> 72395.61 | S6: ='3.2Cost by Packages'!O8 -> 72395.61
A7: 1.1 | C7: Primary Control Point (GPS) | H7: Class IV, VN2000 | J7: (nos.) | K7: =ROUND(21218126/F73*(1-D74),2) -> 918.09 | M7: =Q7 -> 49 | O7: =S7 -> 44986.41 | Q7: ='3.2Cost by Packages'!M9 -> 49 | S7: ='3.2Cost by Packages'!O9 -> 44986.41
A8: 1.2 | C8: Primary Leveling Network (GPS Network) | J8: (km) | K8: =ROUND(3016456/F73*(1-D74),2) -> 130.52 | M8: =Q8 -> 210 | O8: =S8 -> 27409.2 | Q8: ='3.2Cost by Packages'!M10 -> 210 | S8: ='3.2Cost by Packages'!O10 -> 27409.2
A9: 2 | C9: Secondary Control Point | O9: =S9 -> 86754.3 | S9: ='3.2Cost by Packages'!O11 -> 86754.3
A10: 2.1 | C10: Secondary Control Point | H10: Class II | J10: (nos.) | K10: =ROUND(3481284/F73*(1-D74),2) -> 150.63 | M10: =Q10 -> 500 | O10: =S10 -> 75315 | Q10: ='3.2Cost by Packages'!M12 -> 500 | S10: ='3.2Cost by Packages'!O12 -> 75315
A11: 2.2 | C11: Secondary Leveling Network | J11: (km) | K11: =ROUND(1555171/F73*(1-D74),2) -> 67.29 | M11: =Q11 -> 170 | O11: =S11 -> 11439.3 | Q11: ='3.2Cost by Packages'!M13 -> 170 | S11: ='3.2Cost by Packages'!O13 -> 11439.3
A12: B | C12: Expressway | M12: =Q12+U12+Y12+AC12+AG12+AK12+AO12+AS12 -> 0 | O12: =S12+W12+AA12+AE12+AI12+AM12+AQ12+AU12 -> 1082972.2 | P12: =T12+X12+AB12+AF12+AJ12+AN12+AR12+AV12 -> 0 | Q12: ='3.2Cost by Packages'!Q14+'3.2Cost by Packages'!U14+'3.2Cost by Packages'!Y14+'3.2Cost by Packages'!AC14+'3.2Cost by Packages'!AG14+'3.2Cost by Packages'!AK14+'3.2Cost by Packages'!AO14+'3.2Cost by Packages'!AS14+'3.2Cost by Packages'!AW14+'3.2Cost by Packages'!BA14+'3.2Cost by Packages'!BE14+'3.2Cost by Packages'!BI14+'3.2Cost by Packages'!BM14+'3.2Cost by Packages'!BQ14+'3.2Cost by Packages'!BU14+'3.2Cost by Packages'!BY14+'3.2Cost by Packages'!CC14+'3.2Cost by Packages'!CG14+'3.2Cost by Packages'!CK14+'3.2Cost by Packages'!CO14+'3.2Cost by Packages'!CS14+'3.2Cost by Packages'!CW14+'3.2Cost by Packages'!DA14+'3.2Cost by Packages'!DE14+'3.2Cost by Packages'!DI14+'3.2Cost by Packages'!DM14+'3.2Cost by Packages'!DQ14+'3.2Cost by Packages'!DU14 -> 0 | S12: ='3.2Cost by Packages'!S14+'3.2Cost by Packages'!W14+'3.2Cost by Packages'!AA14+'3.2Cost by Packages'!AE14+'3.2Cost by Packages'!AI14+'3.2Cost by Packages'!AM14+'3.2Cost by Packages'!AQ14+'3.2Cost by Packages'!AU14+'3.2Cost by Packages'!AY14+'3.2Cost by Packages'!BC14+'3.2Cost by Packages'!BG14+'3.2Cost by Packages'!BK14+'3.2Cost by Packages'!BO14+'3.2Cost by Packages'!BS14+'3.2Cost by Packages'!BW14+'3.2Cost by Packages'!CA14+'3.2Cost by Packages'!CE14+'3.2Cost by Packages'!CI14+'3.2Cost by Packages'!CM14+'3.2Cost by Packages'!CQ14+'3.2Cost by Packages'!CU14+'3.2Cost by Packages'!CY14+'3.2Cost by Packages'!DC14+'3.2Cost by Packages'!DG14+'3.2Cost by Packages'!DK14+'3.2Cost by Packages'!DO14+'3.2Cost by Packages'!DS14+'3.2Cost by Packages'!DW14 -> 1082972.2
A13: 3 | C13: Main Line (ML, Road Section) | M13: =Q13+U13+Y13+AC13+AG13+AK13+AO13+AS13 -> 0 | O13: =S13+W13+AA13+AE13+AI13+AM13+AQ13+AU13 -> 610289.33 | Q13: ='3.2Cost by Packages'!Q15+'3.2Cost by Packages'!U15+'3.2Cost by Packages'!Y15+'3.2Cost by Packages'!AC15+'3.2Cost by Packages'!AG15+'3.2Cost by Packages'!AK15+'3.2Cost by Packages'!AO15+'3.2Cost by Packages'!AS15+'3.2Cost by Packages'!AW15+'3.2Cost by Packages'!BA15+'3.2Cost by Packages'!BE15+'3.2Cost by Packages'!BI15+'3.2Cost by Packages'!BM15+'3.2Cost by Packages'!BQ15+'3.2Cost by Packages'!BU15+'3.2Cost by Packages'!BY15+'3.2Cost by Packages'!CC15+'3.2Cost by Packages'!CG15+'3.2Cost by Packages'!CK15+'3.2Cost by Packages'!CO15+'3.2Cost by Packages'!CS15+'3.2Cost by Packages'!CW15+'3.2Cost by Packages'!DA15+'3.2Cost by Packages'!DE15+'3.2Cost by Packages'!DI15+'3.2Cost by Packages'!DM15+'3.2Cost by Packages'!DQ15+'3.2Cost by Packages'!DU15 -> 0 | S13: ='3.2Cost by Packages'!S15+'3.2Cost by Packages'!W15+'3.2Cost by Packages'!AA15+'3.2Cost by Packages'!AE15+'3.2Cost by Packages'!AI15+'3.2Cost by Packages'!AM15+'3.2Cost by Packages'!AQ15+'3.2Cost by Packages'!AU15+'3.2Cost by Packages'!AY15+'3.2Cost by Packages'!BC15+'3.2Cost by Packages'!BG15+'3.2Cost by Packages'!BK15+'3.2Cost by Packages'!BO15+'3.2Cost by Packages'!BS15+'3.2Cost by Packages'!BW15+'3.2Cost by Packages'!CA15+'3.2Cost by Packages'!CE15+'3.2Cost by Packages'!CI15+'3.2Cost by Packages'!CM15+'3.2Cost by Packages'!CQ15+'3.2Cost by Packages'!CU15+'3.2Cost by Packages'!CY15+'3.2Cost by Packages'!DC15+'3.2Cost by Packages'!DG15+'3.2Cost by Packages'!DK15+'3.2Cost by Packages'!DO15+'3.2Cost by Packages'!DS15+'3.2Cost by Packages'!DW15 -> 610289.33
A14: 3.1 | C14: Planimetric | H14: 1/1,000 | J14: (ha) | K14: =ROUND(1416438/F73*(1-D74),2) -> 61.29 | M14: =Q14+U14+Y14+AC14+AG14+AK14+AO14+AS14 -> 1563.7033 | O14: =S14+W14+AA14+AE14+AI14+AM14+AQ14+AU14 -> 95839.377 | Q14: ='3.2Cost by Packages'!Q16+'3.2Cost by Packages'!U16+'3.2Cost by Packages'!Y16+'3.2Cost by Packages'!AC16+'3.2Cost by Packages'!AG16+'3.2Cost by Packages'!AK16+'3.2Cost by Packages'!AO16+'3.2Cost by Packages'!AS16+'3.2Cost by Packages'!AW16+'3.2Cost by Packages'!BA16+'3.2Cost by Packages'!BE16+'3.2Cost by Packages'!BI16+'3.2Cost by Packages'!BM16+'3.2Cost by Packages'!BQ16+'3.2Cost by Packages'!BU16+'3.2Cost by Packages'!BY16+'3.2Cost by Packages'!CC16+'3.2Cost by Packages'!CG16+'3.2Cost by Packages'!CK16+'3.2Cost by Packages'!CO16+'3.2Cost by Packages'!CS16+'3.2Cost by Packages'!CW16+'3.2Cost by Packages'!DA16+'3.2Cost by Packages'!DE16+'3.2Cost by Packages'!DI16+'3.2Cost by Packages'!DM16+'3.2Cost by Packages'!DQ16+'3.2Cost by Packages'!DU16 -> 1563.7033 | S14: ='3.2Cost by Packages'!S16+'3.2Cost by Packages'!W16+'3.2Cost by Packages'!AA16+'3.2Cost by Packages'!AE16+'3.2Cost by Packages'!AI16+'3.2Cost by Packages'!AM16+'3.2Cost by Packages'!AQ16+'3.2Cost by Packages'!AU16+'3.2Cost by Packages'!AY16+'3.2Cost by Packages'!BC16+'3.2Cost by Packages'!BG16+'3.2Cost by Packages'!BK16+'3.2Cost by Packages'!BO16+'3.2Cost by Packages'!BS16+'3.2Cost by Packages'!BW16+'3.2Cost by Packages'!CA16+'3.2Cost by Packages'!CE16+'3.2Cost by Packages'!CI16+'3.2Cost by Packages'!CM16+'3.2Cost by Packages'!CQ16+'3.2Cost by Packages'!CU16+'3.2Cost by Packages'!CY16+'3.2Cost by Packages'!DC16+'3.2Cost by Packages'!DG16+'3.2Cost by Packages'!DK16+'3.2Cost by Packages'!DO16+'3.2Cost by Packages'!DS16+'3.2Cost by Packages'!DW16 -> 95839.377
A15: 3.2 | C15: Profile | H15: 1/1,000; 1/100 | J15: (km) | K15: =ROUND(10129834/F73*(1-D74),2) -> 438.31 | M15: =Q15+U15+Y15+AC15+AG15+AK15+AO15+AS15 -> 111.6931 | O15: =S15+W15+AA15+AE15+AI15+AM15+AQ15+AU15 -> 48956.2 | Q15: ='3.2Cost by Packages'!Q17+'3.2Cost by Packages'!U17+'3.2Cost by Packages'!Y17+'3.2Cost by Packages'!AC17+'3.2Cost by Packages'!AG17+'3.2Cost by Packages'!AK17+'3.2Cost by Packages'!AO17+'3.2Cost by Packages'!AS17+'3.2Cost by Packages'!AW17+'3.2Cost by Packages'!BA17+'3.2Cost by Packages'!BE17+'3.2Cost by Packages'!BI17+'3.2Cost by Packages'!BM17+'3.2Cost by Packages'!BQ17+'3.2Cost by Packages'!BU17+'3.2Cost by Packages'!BY17+'3.2Cost by Packages'!CC17+'3.2Cost by Packages'!CG17+'3.2Cost by Packages'!CK17+'3.2Cost by Packages'!CO17+'3.2Cost by Packages'!CS17+'3.2Cost by Packages'!CW17+'3.2Cost by Packages'!DA17+'3.2Cost by Packages'!DE17+'3.2Cost by Packages'!DI17+'3.2Cost by Packages'!DM17+'3.2Cost by Packages'!DQ17+'3.2Cost by Packages'!DU17 -> 111.6931 | S15: ='3.2Cost by Packages'!S17+'3.2Cost by Packages'!W17+'3.2Cost by Packages'!AA17+'3.2Cost by Packages'!AE17+'3.2Cost by Packages'!AI17+'3.2Cost by Packages'!AM17+'3.2Cost by Packages'!AQ17+'3.2Cost by Packages'!AU17+'3.2Cost by Packages'!AY17+'3.2Cost by Packages'!BC17+'3.2Cost by Packages'!BG17+'3.2Cost by Packages'!BK17+'3.2Cost by Packages'!BO17+'3.2Cost by Packages'!BS17+'3.2Cost by Packages'!BW17+'3.2Cost by Packages'!CA17+'3.2Cost by Packages'!CE17+'3.2Cost by Packages'!CI17+'3.2Cost by Packages'!CM17+'3.2Cost by Packages'!CQ17+'3.2Cost by Packages'!CU17+'3.2Cost by Packages'!CY17+'3.2Cost by Packages'!DC17+'3.2Cost by Packages'!DG17+'3.2Cost by Packages'!DK17+'3.2Cost by Packages'!DO17+'3.2Cost by Packages'!DS17+'3.2Cost by Packages'!DW17 -> 48956.2
A16: 3.3 | C16: Cross-section | H16: 1/200 | J16: (km) | K16: =ROUND(13236433/F73*(1-D74),2) -> 572.73 | M16: =Q16+U16+Y16+AC16+AG16+AK16+AO16+AS16 -> 812.763 | O16: =S16+W16+AA16+AE16+AI16+AM16+AQ16+AU16 -> 465493.75 | Q16: ='3.2Cost by Packages'!Q18+'3.2Cost by Packages'!U18+'3.2Cost by Packages'!Y18+'3.2Cost by Packages'!AC18+'3.2Cost by Packages'!AG18+'3.2Cost by Packages'!AK18+'3.2Cost by Packages'!AO18+'3.2Cost by Packages'!AS18+'3.2Cost by Packages'!AW18+'3.2Cost by Packages'!BA18+'3.2Cost by Packages'!BE18+'3.2Cost by Packages'!BI18+'3.2Cost by Packages'!BM18+'3.2Cost by Packages'!BQ18+'3.2Cost by Packages'!BU18+'3.2Cost by Packages'!BY18+'3.2Cost by Packages'!CC18+'3.2Cost by Packages'!CG18+'3.2Cost by Packages'!CK18+'3.2Cost by Packages'!CO18+'3.2Cost by Packages'!CS18+'3.2Cost by Packages'!CW18+'3.2Cost by Packages'!DA18+'3.2Cost by Packages'!DE18+'3.2Cost by Packages'!DI18+'3.2Cost by Packages'!DM18+'3.2Cost by Packages'!DQ18+'3.2Cost by Packages'!DU18 -> 812.763 | S16: ='3.2Cost by Packages'!S18+'3.2Cost by Packages'!W18+'3.2Cost by Packages'!AA18+'3.2Cost by Packages'!AE18+'3.2Cost by Packages'!AI18+'3.2Cost by Packages'!AM18+'3.2Cost by Packages'!AQ18+'3.2Cost by Packages'!AU18+'3.2Cost by Packages'!AY18+'3.2Cost by Packages'!BC18+'3.2Cost by Packages'!BG18+'3.2Cost by Packages'!BK18+'3.2Cost by Packages'!BO18+'3.2Cost by Packages'!BS18+'3.2Cost by Packages'!BW18+'3.2Cost by Packages'!CA18+'3.2Cost by Packages'!CE18+'3.2Cost by Packages'!CI18+'3.2Cost by Packages'!CM18+'3.2Cost by Packages'!CQ18+'3.2Cost by Packages'!CU18+'3.2Cost by Packages'!CY18+'3.2Cost by Packages'!DC18+'3.2Cost by Packages'!DG18+'3.2Cost by Packages'!DK18+'3.2Cost by Packages'!DO18+'3.2Cost by Packages'!DS18+'3.2Cost by Packages'!DW18 -> 465493.75
A17: 4 | C17: Tunnel (TN) | M17: =Q17+U17+Y17+AC17+AG17+AK17+AO17+AS17 -> 0 | O17: =S17+W17+AA17+AE17+AI17+AM17+AQ17+AU17 -> 178.8672 | Q17: ='3.2Cost by Packages'!Q19+'3.2Cost by Packages'!U19+'3.2Cost by Packages'!Y19+'3.2Cost by Packages'!AC19+'3.2Cost by Packages'!AG19+'3.2Cost by Packages'!AK19+'3.2Cost by Packages'!AO19+'3.2Cost by Packages'!AS19+'3.2Cost by Packages'!AW19+'3.2Cost by Packages'!BA19+'3.2Cost by Packages'!BE19+'3.2Cost by Packages'!BI19+'3.2Cost by Packages'!BM19+'3.2Cost by Packages'!BQ19+'3.2Cost by Packages'!BU19+'3.2Cost by Packages'!BY19+'3.2Cost by Packages'!CC19+'3.2Cost by Packages'!CG19+'3.2Cost by Packages'!CK19+'3.2Cost by Packages'!CO19+'3.2Cost by Packages'!CS19+'3.2Cost by Packages'!CW19+'3.2Cost by Packages'!DA19+'3.2Cost by Packages'!DE19+'3.2Cost by Packages'!DI19+'3.2Cost by Packages'!DM19+'3.2Cost by Packages'!DQ19+'3.2Cost by Packages'!DU19 -> 0 | S17: ='3.2Cost by Packages'!S19+'3.2Cost by Packages'!W19+'3.2Cost by Packages'!AA19+'3.2Cost by Packages'!AE19+'3.2Cost by Packages'!AI19+'3.2Cost by Packages'!AM19+'3.2Cost by Packages'!AQ19+'3.2Cost by Packages'!AU19+'3.2Cost by Packages'!AY19+'3.2Cost by Packages'!BC19+'3.2Cost by Packages'!BG19+'3.2Cost by Packages'!BK19+'3.2Cost by Packages'!BO19+'3.2Cost by Packages'!BS19+'3.2Cost by Packages'!BW19+'3.2Cost by Packages'!CA19+'3.2Cost by Packages'!CE19+'3.2Cost by Packages'!CI19+'3.2Cost by Packages'!CM19+'3.2Cost by Packages'!CQ19+'3.2Cost by Packages'!CU19+'3.2Cost by Packages'!CY19+'3.2Cost by Packages'!DC19+'3.2Cost by Packages'!DG19+'3.2Cost by Packages'!DK19+'3.2Cost by Packages'!DO19+'3.2Cost by Packages'!DS19+'3.2Cost by Packages'!DW19 -> 178.8672
A18: 4.1 | C18: Planimetric | H18: 1/500 | J18: (ha) | K18: =ROUND(4052850/F73*(1-D74),2) -> 175.36 | M18: =Q18+U18+Y18+AC18+AG18+AK18+AO18+AS18 -> 1.02 | O18: =S18+W18+AA18+AE18+AI18+AM18+AQ18+AU18 -> 178.8672 | Q18: ='3.2Cost by Packages'!Q20+'3.2Cost by Packages'!U20+'3.2Cost by Packages'!Y20+'3.2Cost by Packages'!AC20+'3.2Cost by Packages'!AG20+'3.2Cost by Packages'!AK20+'3.2Cost by Packages'!AO20+'3.2Cost by Packages'!AS20+'3.2Cost by Packages'!AW20+'3.2Cost by Packages'!BA20+'3.2Cost by Packages'!BE20+'3.2Cost by Packages'!BI20+'3.2Cost by Packages'!BM20+'3.2Cost by Packages'!BQ20+'3.2Cost by Packages'!BU20+'3.2Cost by Packages'!BY20+'3.2Cost by Packages'!CC20+'3.2Cost by Packages'!CG20+'3.2Cost by Packages'!CK20+'3.2Cost by Packages'!CO20+'3.2Cost by Packages'!CS20+'3.2Cost by Packages'!CW20+'3.2Cost by Packages'!DA20+'3.2Cost by Packages'!DE20+'3.2Cost by Packages'!DI20+'3.2Cost by Packages'!DM20+'3.2Cost by Packages'!DQ20+'3.2Cost by Packages'!DU20 -> 1.02 | S18: ='3.2Cost by Packages'!S20+'3.2Cost by Packages'!W20+'3.2Cost by Packages'!AA20+'3.2Cost by Packages'!AE20+'3.2Cost by Packages'!AI20+'3.2Cost by Packages'!AM20+'3.2Cost by Packages'!AQ20+'3.2Cost by Packages'!AU20+'3.2Cost by Packages'!AY20+'3.2Cost by Packages'!BC20+'3.2Cost by Packages'!BG20+'3.2Cost by Packages'!BK20+'3.2Cost by Packages'!BO20+'3.2Cost by Packages'!BS20+'3.2Cost by Packages'!BW20+'3.2Cost by Packages'!CA20+'3.2Cost by Packages'!CE20+'3.2Cost by Packages'!CI20+'3.2Cost by Packages'!CM20+'3.2Cost by Packages'!CQ20+'3.2Cost by Packages'!CU20+'3.2Cost by Packages'!CY20+'3.2Cost by Packages'!DC20+'3.2Cost by Packages'!DG20+'3.2Cost by Packages'!DK20+'3.2Cost by Packages'!DO20+'3.2Cost by Packages'!DS20+'3.2Cost by Packages'!DW20 -> 178.8672
A19: 5 | C19: Bridge (BR) | M19: =Q19+U19+Y19+AC19+AG19+AK19+AO19+AS19 -> 0 | O19: =S19+W19+AA19+AE19+AI19+AM19+AQ19+AU19 -> 239908.87 | Q19: ='3.2Cost by Packages'!Q21+'3.2Cost by Packages'!U21+'3.2Cost by Packages'!Y21+'3.2Cost by Packages'!AC21+'3.2Cost by Packages'!AG21+'3.2Cost by Packages'!AK21+'3.2Cost by Packages'!AO21+'3.2Cost by Packages'!AS21+'3.2Cost by Packages'!AW21+'3.2Cost by Packages'!BA21+'3.2Cost by Packages'!BE21+'3.2Cost by Packages'!BI21+'3.2Cost by Packages'!BM21+'3.2Cost by Packages'!BQ21+'3.2Cost by Packages'!BU21+'3.2Cost by Packages'!BY21+'3.2Cost by Packages'!CC21+'3.2Cost by Packages'!CG21+'3.2Cost by Packages'!CK21+'3.2Cost by Packages'!CO21+'3.2Cost by Packages'!CS21+'3.2Cost by Packages'!CW21+'3.2Cost by Packages'!DA21+'3.2Cost by Packages'!DE21+'3.2Cost by Packages'!DI21+'3.2Cost by Packages'!DM21+'3.2Cost by Packages'!DQ21+'3.2Cost by Packages'!DU21 -> 0 | S19: ='3.2Cost by Packages'!S21+'3.2Cost by Packages'!W21+'3.2Cost by Packages'!AA21+'3.2Cost by Packages'!AE21+'3.2Cost by Packages'!AI21+'3.2Cost by Packages'!AM21+'3.2Cost by Packages'!AQ21+'3.2Cost by Packages'!AU21+'3.2Cost by Packages'!AY21+'3.2Cost by Packages'!BC21+'3.2Cost by Packages'!BG21+'3.2Cost by Packages'!BK21+'3.2Cost by Packages'!BO21+'3.2Cost by Packages'!BS21+'3.2Cost by Packages'!BW21+'3.2Cost by Packages'!CA21+'3.2Cost by Packages'!CE21+'3.2Cost by Packages'!CI21+'3.2Cost by Packages'!CM21+'3.2Cost by Packages'!CQ21+'3.2Cost by Packages'!CU21+'3.2Cost by Packages'!CY21+'3.2Cost by Packages'!DC21+'3.2Cost by Packages'!DG21+'3.2Cost by Packages'!DK21+'3.2Cost by Packages'!DO21+'3.2Cost by Packages'!DS21+'3.2Cost by Packages'!DW21 -> 239908.87
A20: 5.1 | C20: Secondary Control Point | H20: Class II | J20: (nos.) | K20: =ROUND(3481284/F73*(1-D74),2) -> 150.63 | M20: =Q20+U20+Y20+AC20+AG20+AK20+AO20+AS20 -> 314 | O20: =S20+W20+AA20+AE20+AI20+AM20+AQ20+AU20 -> 47297.82 | Q20: ='3.2Cost by Packages'!Q22+'3.2Cost by Packages'!U22+'3.2Cost by Packages'!Y22+'3.2Cost by Packages'!AC22+'3.2Cost by Packages'!AG22+'3.2Cost by Packages'!AK22+'3.2Cost by Packages'!AO22+'3.2Cost by Packages'!AS22+'3.2Cost by Packages'!AW22+'3.2Cost by Packages'!BA22+'3.2Cost by Packages'!BE22+'3.2Cost by Packages'!BI22+'3.2Cost by Packages'!BM22+'3.2Cost by Packages'!BQ22+'3.2Cost by Packages'!BU22+'3.2Cost by Packages'!BY22+'3.2Cost by Packages'!CC22+'3.2Cost by Packages'!CG22+'3.2Cost by Packages'!CK22+'3.2Cost by Packages'!CO22+'3.2Cost by Packages'!CS22+'3.2Cost by Packages'!CW22+'3.2Cost by Packages'!DA22+'3.2Cost by Packages'!DE22+'3.2Cost by Packages'!DI22+'3.2Cost by Packages'!DM22+'3.2Cost by Packages'!DQ22+'3.2Cost by Packages'!DU22 -> 314 | S20: ='3.2Cost by Packages'!S22+'3.2Cost by Packages'!W22+'3.2Cost by Packages'!AA22+'3.2Cost by Packages'!AE22+'3.2Cost by Packages'!AI22+'3.2Cost by Packages'!AM22+'3.2Cost by Packages'!AQ22+'3.2Cost by Packages'!AU22+'3.2Cost by Packages'!AY22+'3.2Cost by Packages'!BC22+'3.2Cost by Packages'!BG22+'3.2Cost by Packages'!BK22+'3.2Cost by Packages'!BO22+'3.2Cost by Packages'!BS22+'3.2Cost by Packages'!BW22+'3.2Cost by Packages'!CA22+'3.2Cost by Packages'!CE22+'3.2Cost by Packages'!CI22+'3.2Cost by Packages'!CM22+'3.2Cost by Packages'!CQ22+'3.2Cost by Packages'!CU22+'3.2Cost by Packages'!CY22+'3.2Cost by Packages'!DC22+'3.2Cost by Packages'!DG22+'3.2Cost by Packages'!DK22+'3.2Cost by Packages'!DO22+'3.2Cost by Packages'!DS22+'3.2Cost by Packages'!DW22 -> 47297.82
A21: 5.2 | C21: Planimetric (On Shore) | H21: 1/500 | J21: (ha) | K21: =ROUND(4052850/F73*(1-D74),2) -> 175.36 | M21: =Q21+U21+Y21+AC21+AG21+AK21+AO21+AS21 -> 320.08435 | O21: =S21+W21+AA21+AE21+AI21+AM21+AQ21+AU21 -> 56129.992 | Q21: ='3.2Cost by Packages'!Q23+'3.2Cost by Packages'!U23+'3.2Cost by Packages'!Y23+'3.2Cost by Packages'!AC23+'3.2Cost by Packages'!AG23+'3.2Cost by Packages'!AK23+'3.2Cost by Packages'!AO23+'3.2Cost by Packages'!AS23+'3.2Cost by Packages'!AW23+'3.2Cost by Packages'!BA23+'3.2Cost by Packages'!BE23+'3.2Cost by Packages'!BI23+'3.2Cost by Packages'!BM23+'3.2Cost by Packages'!BQ23+'3.2Cost by Packages'!BU23+'3.2Cost by Packages'!BY23+'3.2Cost by Packages'!CC23+'3.2Cost by Packages'!CG23+'3.2Cost by Packages'!CK23+'3.2Cost by Packages'!CO23+'3.2Cost by Packages'!CS23+'3.2Cost by Packages'!CW23+'3.2Cost by Packages'!DA23+'3.2Cost by Packages'!DE23+'3.2Cost by Packages'!DI23+'3.2Cost by Packages'!DM23+'3.2Cost by Packages'!DQ23+'3.2Cost by Packages'!DU23 -> 320.08435 | S21: ='3.2Cost by Packages'!S23+'3.2Cost by Packages'!W23+'3.2Cost by Packages'!AA23+'3.2Cost by Packages'!AE23+'3.2Cost by Packages'!AI23+'3.2Cost by Packages'!AM23+'3.2Cost by Packages'!AQ23+'3.2Cost by Packages'!AU23+'3.2Cost by Packages'!AY23+'3.2Cost by Packages'!BC23+'3.2Cost by Packages'!BG23+'3.2Cost by Packages'!BK23+'3.2Cost by Packages'!BO23+'3.2Cost by Packages'!BS23+'3.2Cost by Packages'!BW23+'3.2Cost by Packages'!CA23+'3.2Cost by Packages'!CE23+'3.2Cost by Packages'!CI23+'3.2Cost by Packages'!CM23+'3.2Cost by Packages'!CQ23+'3.2Cost by Packages'!CU23+'3.2Cost by Packages'!CY23+'3.2Cost by Packages'!DC23+'3.2Cost by Packages'!DG23+'3.2Cost by Packages'!DK23+'3.2Cost by Packages'!DO23+'3.2Cost by Packages'!DS23+'3.2Cost by Packages'!DW23 -> 56129.992
A22: 5.3 | C22: Planimetric (Off Shore) | H22: 1/500 | J22: (ha) | K22: =ROUND(5227161/F73*(1-D74),2) -> 226.18 | M22: =Q22+U22+Y22+AC22+AG22+AK22+AO22+AS22 -> 101.3222 | O22: =S22+W22+AA22+AE22+AI22+AM22+AQ22+AU22 -> 22917.055 | Q22: ='3.2Cost by Packages'!Q24+'3.2Cost by Packages'!U24+'3.2Cost by Packages'!Y24+'3.2Cost by Packages'!AC24+'3.2Cost by Packages'!AG24+'3.2Cost by Packages'!AK24+'3.2Cost by Packages'!AO24+'3.2Cost by Packages'!AS24+'3.2Cost by Packages'!AW24+'3.2Cost by Packages'!BA24+'3.2Cost by Packages'!BE24+'3.2Cost by Packages'!BI24+'3.2Cost by Packages'!BM24+'3.2Cost by Packages'!BQ24+'3.2Cost by Packages'!BU24+'3.2Cost by Packages'!BY24+'3.2Cost by Packages'!CC24+'3.2Cost by Packages'!CG24+'3.2Cost by Packages'!CK24+'3.2Cost by Packages'!CO24+'3.2Cost by Packages'!CS24+'3.2Cost by Packages'!CW24+'3.2Cost by Packages'!DA24+'3.2Cost by Packages'!DE24+'3.2Cost by Packages'!DI24+'3.2Cost by Packages'!DM24+'3.2Cost by Packages'!DQ24+'3.2Cost by Packages'!DU24 -> 101.3222 | S22: ='3.2Cost by Packages'!S24+'3.2Cost by Packages'!W24+'3.2Cost by Packages'!AA24+'3.2Cost by Packages'!AE24+'3.2Cost by Packages'!AI24+'3.2Cost by Packages'!AM24+'3.2Cost by Packages'!AQ24+'3.2Cost by Packages'!AU24+'3.2Cost by Packages'!AY24+'3.2Cost by Packages'!BC24+'3.2Cost by Packages'!BG24+'3.2Cost by Packages'!BK24+'3.2Cost by Packages'!BO24+'3.2Cost by Packages'!BS24+'3.2Cost by Packages'!BW24+'3.2Cost by Packages'!CA24+'3.2Cost by Packages'!CE24+'3.2Cost by Packages'!CI24+'3.2Cost by Packages'!CM24+'3.2Cost by Packages'!CQ24+'3.2Cost by Packages'!CU24+'3.2Cost by Packages'!CY24+'3.2Cost by Packages'!DC24+'3.2Cost by Packages'!DG24+'3.2Cost by Packages'!DK24+'3.2Cost by Packages'!DO24+'3.2Cost by Packages'!DS24+'3.2Cost by Packages'!DW24 -> 22917.055
A23: 5.4 | C23: Profile (On Shore) | H23: 1/500 | J23: (km) | K23: =ROUND(10129834/F73*(1-D74),2) -> 438.31 | M23: =Q23+U23+Y23+AC23+AG23+AK23+AO23+AS23 -> 25.678025 | O23: =S23+W23+AA23+AE23+AI23+AM23+AQ23+AU23 -> 11254.935 | Q23: ='3.2Cost by Packages'!Q25+'3.2Cost by Packages'!U25+'3.2Cost by Packages'!Y25+'3.2Cost by Packages'!AC25+'3.2Cost by Packages'!AG25+'3.2Cost by Packages'!AK25+'3.2Cost by Packages'!AO25+'3.2Cost by Packages'!AS25+'3.2Cost by Packages'!AW25+'3.2Cost by Packages'!BA25+'3.2Cost by Packages'!BE25+'3.2Cost by Packages'!BI25+'3.2Cost by Packages'!BM25+'3.2Cost by Packages'!BQ25+'3.2Cost by Packages'!BU25+'3.2Cost by Packages'!BY25+'3.2Cost by Packages'!CC25+'3.2Cost by Packages'!CG25+'3.2Cost by Packages'!CK25+'3.2Cost by Packages'!CO25+'3.2Cost by Packages'!CS25+'3.2Cost by Packages'!CW25+'3.2Cost by Packages'!DA25+'3.2Cost by Packages'!DE25+'3.2Cost by Packages'!DI25+'3.2Cost by Packages'!DM25+'3.2Cost by Packages'!DQ25+'3.2Cost by Packages'!DU25 -> 25.678025 | S23: ='3.2Cost by Packages'!S25+'3.2Cost by Packages'!W25+'3.2Cost by Packages'!AA25+'3.2Cost by Packages'!AE25+'3.2Cost by Packages'!AI25+'3.2Cost by Packages'!AM25+'3.2Cost by Packages'!AQ25+'3.2Cost by Packages'!AU25+'3.2Cost by Packages'!AY25+'3.2Cost by Packages'!BC25+'3.2Cost by Packages'!BG25+'3.2Cost by Packages'!BK25+'3.2Cost by Packages'!BO25+'3.2Cost by Packages'!BS25+'3.2Cost by Packages'!BW25+'3.2Cost by Packages'!CA25+'3.2Cost by Packages'!CE25+'3.2Cost by Packages'!CI25+'3.2Cost by Packages'!CM25+'3.2Cost by Packages'!CQ25+'3.2Cost by Packages'!CU25+'3.2Cost by Packages'!CY25+'3.2Cost by Packages'!DC25+'3.2Cost by Packages'!DG25+'3.2Cost by Packages'!DK25+'3.2Cost by Packages'!DO25+'3.2Cost by Packages'!DS25+'3.2Cost by Packages'!DW25 -> 11254.935
A24: 5.5 | C24: Profile (Off Shore) | H24: 1/500 | J24: (km) | K24: =ROUND(10977122/F73*(1-D74),2) -> 474.97 | M24: =Q24+U24+Y24+AC24+AG24+AK24+AO24+AS24 -> 7.2373 | O24: =S24+W24+AA24+AE24+AI24+AM24+AQ24+AU24 -> 3437.5004 | Q24: ='3.2Cost by Packages'!Q26+'3.2Cost by Packages'!U26+'3.2Cost by Packages'!Y26+'3.2Cost by Packages'!AC26+'3.2Cost by Packages'!AG26+'3.2Cost by Packages'!AK26+'3.2Cost by Packages'!AO26+'3.2Cost by Packages'!AS26+'3.2Cost by Packages'!AW26+'3.2Cost by Packages'!BA26+'3.2Cost by Packages'!BE26+'3.2Cost by Packages'!BI26+'3.2Cost by Packages'!BM26+'3.2Cost by Packages'!BQ26+'3.2Cost by Packages'!BU26+'3.2Cost by Packages'!BY26+'3.2Cost by Packages'!CC26+'3.2Cost by Packages'!CG26+'3.2Cost by Packages'!CK26+'3.2Cost by Packages'!CO26+'3.2Cost by Packages'!CS26+'3.2Cost by Packages'!CW26+'3.2Cost by Packages'!DA26+'3.2Cost by Packages'!DE26+'3.2Cost by Packages'!DI26+'3.2Cost by Packages'!DM26+'3.2Cost by Packages'!DQ26+'3.2Cost by Packages'!DU26 -> 7.2373 | S24: ='3.2Cost by Packages'!S26+'3.2Cost by Packages'!W26+'3.2Cost by Packages'!AA26+'3.2Cost by Packages'!AE26+'3.2Cost by Packages'!AI26+'3.2Cost by Packages'!AM26+'3.2Cost by Packages'!AQ26+'3.2Cost by Packages'!AU26+'3.2Cost by Packages'!AY26+'3.2Cost by Packages'!BC26+'3.2Cost by Packages'!BG26+'3.2Cost by Packages'!BK26+'3.2Cost by Packages'!BO26+'3.2Cost by Packages'!BS26+'3.2Cost by Packages'!BW26+'3.2Cost by Packages'!CA26+'3.2Cost by Packages'!CE26+'3.2Cost by Packages'!CI26+'3.2Cost by Packages'!CM26+'3.2Cost by Packages'!CQ26+'3.2Cost by Packages'!CU26+'3.2Cost by Packages'!CY26+'3.2Cost by Packages'!DC26+'3.2Cost by Packages'!DG26+'3.2Cost by Packages'!DK26+'3.2Cost by Packages'!DO26+'3.2Cost by Packages'!DS26+'3.2Cost by Packages'!DW26 -> 3437.5004
A25: 5.6 | C25: Cross-section (Approach Road) | H25: 1/200 | J25: (km) | K25: =ROUND(13236433/F73*(1-D74),2) -> 572.73 | M25: =Q25+U25+Y25+AC25+AG25+AK25+AO25+AS25 -> 112.875 | O25: =S25+W25+AA25+AE25+AI25+AM25+AQ25+AU25 -> 64646.899 | Q25: ='3.2Cost by Packages'!Q27+'3.2Cost by Packages'!U27+'3.2Cost by Packages'!Y27+'3.2Cost by Packages'!AC27+'3.2Cost by Packages'!AG27+'3.2Cost by Packages'!AK27+'3.2Cost by Packages'!AO27+'3.2Cost by Packages'!AS27+'3.2Cost by Packages'!AW27+'3.2Cost by Packages'!BA27+'3.2Cost by Packages'!BE27+'3.2Cost by Packages'!BI27+'3.2Cost by Packages'!BM27+'3.2Cost by Packages'!BQ27+'3.2Cost by Packages'!BU27+'3.2Cost by Packages'!BY27+'3.2Cost by Packages'!CC27+'3.2Cost by Packages'!CG27+'3.2Cost by Packages'!CK27+'3.2Cost by Packages'!CO27+'3.2Cost by Packages'!CS27+'3.2Cost by Packages'!CW27+'3.2Cost by Packages'!DA27+'3.2Cost by Packages'!DE27+'3.2Cost by Packages'!DI27+'3.2Cost by Packages'!DM27+'3.2Cost by Packages'!DQ27+'3.2Cost by Packages'!DU27 -> 112.875 | S25: ='3.2Cost by Packages'!S27+'3.2Cost by Packages'!W27+'3.2Cost by Packages'!AA27+'3.2Cost by Packages'!AE27+'3.2Cost by Packages'!AI27+'3.2Cost by Packages'!AM27+'3.2Cost by Packages'!AQ27+'3.2Cost by Packages'!AU27+'3.2Cost by Packages'!AY27+'3.2Cost by Packages'!BC27+'3.2Cost by Packages'!BG27+'3.2Cost by Packages'!BK27+'3.2Cost by Packages'!BO27+'3.2Cost by Packages'!BS27+'3.2Cost by Packages'!BW27+'3.2Cost by Packages'!CA27+'3.2Cost by Packages'!CE27+'3.2Cost by Packages'!CI27+'3.2Cost by Packages'!CM27+'3.2Cost by Packages'!CQ27+'3.2Cost by Packages'!CU27+'3.2Cost by Packages'!CY27+'3.2Cost by Packages'!DC27+'3.2Cost by Packages'!DG27+'3.2Cost by Packages'!DK27+'3.2Cost by Packages'!DO27+'3.2Cost by Packages'!DS27+'3.2Cost by Packages'!DW27 -> 64646.899
A26: 5.7 | C26: River Profile | H26: 1/1,000; 1/100 | J26: (km) | K26: =ROUND(10977122/F73*(1-D74),2) -> 474.97 | M26: =Q26+U26+Y26+AC26+AG26+AK26+AO26+AS26 -> 39.2 | O26: =S26+W26+AA26+AE26+AI26+AM26+AQ26+AU26 -> 18618.824 | Q26: ='3.2Cost by Packages'!Q28+'3.2Cost by Packages'!U28+'3.2Cost by Packages'!Y28+'3.2Cost by Packages'!AC28+'3.2Cost by Packages'!AG28+'3.2Cost by Packages'!AK28+'3.2Cost by Packages'!AO28+'3.2Cost by Packages'!AS28+'3.2Cost by Packages'!AW28+'3.2Cost by Packages'!BA28+'3.2Cost by Packages'!BE28+'3.2Cost by Packages'!BI28+'3.2Cost by Packages'!BM28+'3.2Cost by Packages'!BQ28+'3.2Cost by Packages'!BU28+'3.2Cost by Packages'!BY28+'3.2Cost by Packages'!CC28+'3.2Cost by Packages'!CG28+'3.2Cost by Packages'!CK28+'3.2Cost by Packages'!CO28+'3.2Cost by Packages'!CS28+'3.2Cost by Packages'!CW28+'3.2Cost by Packages'!DA28+'3.2Cost by Packages'!DE28+'3.2Cost by Packages'!DI28+'3.2Cost by Packages'!DM28+'3.2Cost by Packages'!DQ28+'3.2Cost by Packages'!DU28 -> 39.2 | S26: ='3.2Cost by Packages'!S28+'3.2Cost by Packages'!W28+'3.2Cost by Packages'!AA28+'3.2Cost by Packages'!AE28+'3.2Cost by Packages'!AI28+'3.2Cost by Packages'!AM28+'3.2Cost by Packages'!AQ28+'3.2Cost by Packages'!AU28+'3.2Cost by Packages'!AY28+'3.2Cost by Packages'!BC28+'3.2Cost by Packages'!BG28+'3.2Cost by Packages'!BK28+'3.2Cost by Packages'!BO28+'3.2Cost by Packages'!BS28+'3.2Cost by Packages'!BW28+'3.2Cost by Packages'!CA28+'3.2Cost by Packages'!CE28+'3.2Cost by Packages'!CI28+'3.2Cost by Packages'!CM28+'3.2Cost by Packages'!CQ28+'3.2Cost by Packages'!CU28+'3.2Cost by Packages'!CY28+'3.2Cost by Packages'!DC28+'3.2Cost by Packages'!DG28+'3.2Cost by Packages'!DK28+'3.2Cost by Packages'!DO28+'3.2Cost by Packages'!DS28+'3.2Cost by Packages'!DW28 -> 18618.824
A27: 5.8 | C27: River Cross-section | H27: 1/200 | J27: (km) | K27: =ROUND(15149034/F73*(1-D74),2) -> 655.49 | M27: =Q27+U27+Y27+AC27+AG27+AK27+AO27+AS27 -> 23.8079 | O27: =S27+W27+AA27+AE27+AI27+AM27+AQ27+AU27 -> 15605.84 | Q27: ='3.2Cost by Packages'!Q29+'3.2Cost by Packages'!U29+'3.2Cost by Packages'!Y29+'3.2Cost by Packages'!AC29+'3.2Cost by Packages'!AG29+'3.2Cost by Packages'!AK29+'3.2Cost by Packages'!AO29+'3.2Cost by Packages'!AS29+'3.2Cost by Packages'!AW29+'3.2Cost by Packages'!BA29+'3.2Cost by Packages'!BE29+'3.2Cost by Packages'!BI29+'3.2Cost by Packages'!BM29+'3.2Cost by Packages'!BQ29+'3.2Cost by Packages'!BU29+'3.2Cost by Packages'!BY29+'3.2Cost by Packages'!CC29+'3.2Cost by Packages'!CG29+'3.2Cost by Packages'!CK29+'3.2Cost by Packages'!CO29+'3.2Cost by Packages'!CS29+'3.2Cost by Packages'!CW29+'3.2Cost by Packages'!DA29+'3.2Cost by Packages'!DE29+'3.2Cost by Packages'!DI29+'3.2Cost by Packages'!DM29+'3.2Cost by Packages'!DQ29+'3.2Cost by Packages'!DU29 -> 23.8079 | S27: ='3.2Cost by Packages'!S29+'3.2Cost by Packages'!W29+'3.2Cost by Packages'!AA29+'3.2Cost by Packages'!AE29+'3.2Cost by Packages'!AI29+'3.2Cost by Packages'!AM29+'3.2Cost by Packages'!AQ29+'3.2Cost by Packages'!AU29+'3.2Cost by Packages'!AY29+'3.2Cost by Packages'!BC29+'3.2Cost by Packages'!BG29+'3.2Cost by Packages'!BK29+'3.2Cost by Packages'!BO29+'3.2Cost by Packages'!BS29+'3.2Cost by Packages'!BW29+'3.2Cost by Packages'!CA29+'3.2Cost by Packages'!CE29+'3.2Cost by Packages'!CI29+'3.2Cost by Packages'!CM29+'3.2Cost by Packages'!CQ29+'3.2Cost by Packages'!CU29+'3.2Cost by Packages'!CY29+'3.2Cost by Packages'!DC29+'3.2Cost by Packages'!DG29+'3.2Cost by Packages'!DK29+'3.2Cost by Packages'!DO29+'3.2Cost by Packages'!DS29+'3.2Cost by Packages'!DW29 -> 15605.84
A28: 6 | C28: Culvert Box (CB) | M28: =Q28+U28+Y28+AC28+AG28+AK28+AO28+AS28 -> 0 | O28: =S28+W28+AA28+AE28+AI28+AM28+AQ28+AU28 -> 94665.074 | Q28: ='3.2Cost by Packages'!Q30+'3.2Cost by Packages'!U30+'3.2Cost by Packages'!Y30+'3.2Cost by Packages'!AC30+'3.2Cost by Packages'!AG30+'3.2Cost by Packages'!AK30+'3.2Cost by Packages'!AO30+'3.2Cost by Packages'!AS30+'3.2Cost by Packages'!AW30+'3.2Cost by Packages'!BA30+'3.2Cost by Packages'!BE30+'3.2Cost by Packages'!BI30+'3.2Cost by Packages'!BM30+'3.2Cost by Packages'!BQ30+'3.2Cost by Packages'!BU30+'3.2Cost by Packages'!BY30+'3.2Cost by Packages'!CC30+'3.2Cost by Packages'!CG30+'3.2Cost by Packages'!CK30+'3.2Cost by Packages'!CO30+'3.2Cost by Packages'!CS30+'3.2Cost by Packages'!CW30+'3.2Cost by Packages'!DA30+'3.2Cost by Packages'!DE30+'3.2Cost by Packages'!DI30+'3.2Cost by Packages'!DM30+'3.2Cost by Packages'!DQ30+'3.2Cost by Packages'!DU30 -> 0 | S28: ='3.2Cost by Packages'!S30+'3.2Cost by Packages'!W30+'3.2Cost by Packages'!AA30+'3.2Cost by Packages'!AE30+'3.2Cost by Packages'!AI30+'3.2Cost by Packages'!AM30+'3.2Cost by Packages'!AQ30+'3.2Cost by Packages'!AU30+'3.2Cost by Packages'!AY30+'3.2Cost by Packages'!BC30+'3.2Cost by Packages'!BG30+'3.2Cost by Packages'!BK30+'3.2Cost by Packages'!BO30+'3.2Cost by Packages'!BS30+'3.2Cost by Packages'!BW30+'3.2Cost by Packages'!CA30+'3.2Cost by Packages'!CE30+'3.2Cost by Packages'!CI30+'3.2Cost by Packages'!CM30+'3.2Cost by Packages'!CQ30+'3.2Cost by Packages'!CU30+'3.2Cost by Packages'!CY30+'3.2Cost by Packages'!DC30+'3.2Cost by Packages'!DG30+'3.2Cost by Packages'!DK30+'3.2Cost by Packages'!DO30+'3.2Cost by Packages'!DS30+'3.2Cost by Packages'!DW30 -> 94665.074
A29: 6.1 | C29: Profile | H29: 1/500 | J29: (km) | K29: =ROUND(10129834/F73*(1-D74),2) -> 438.31 | M29: =Q29+U29+Y29+AC29+AG29+AK29+AO29+AS29 -> 42.4 | O29: =S29+W29+AA29+AE29+AI29+AM29+AQ29+AU29 -> 18584.344 | Q29: ='3.2Cost by Packages'!Q31+'3.2Cost by Packages'!U31+'3.2Cost by Packages'!Y31+'3.2Cost by Packages'!AC31+'3.2Cost by Packages'!AG31+'3.2Cost by Packages'!AK31+'3.2Cost by Packages'!AO31+'3.2Cost by Packages'!AS31+'3.2Cost by Packages'!AW31+'3.2Cost by Packages'!BA31+'3.2Cost by Packages'!BE31+'3.2Cost by Packages'!BI31+'3.2Cost by Packages'!BM31+'3.2Cost by Packages'!BQ31+'3.2Cost by Packages'!BU31+'3.2Cost by Packages'!BY31+'3.2Cost by Packages'!CC31+'3.2Cost by Packages'!CG31+'3.2Cost by Packages'!CK31+'3.2Cost by Packages'!CO31+'3.2Cost by Packages'!CS31+'3.2Cost by Packages'!CW31+'3.2Cost by Packages'!DA31+'3.2Cost by Packages'!DE31+'3.2Cost by Packages'!DI31+'3.2Cost by Packages'!DM31+'3.2Cost by Packages'!DQ31+'3.2Cost by Packages'!DU31 -> 42.4 | S29: ='3.2Cost by Packages'!S31+'3.2Cost by Packages'!W31+'3.2Cost by Packages'!AA31+'3.2Cost by Packages'!AE31+'3.2Cost by Packages'!AI31+'3.2Cost by Packages'!AM31+'3.2Cost by Packages'!AQ31+'3.2Cost by Packages'!AU31+'3.2Cost by Packages'!AY31+'3.2Cost by Packages'!BC31+'3.2Cost by Packages'!BG31+'3.2Cost by Packages'!BK31+'3.2Cost by Packages'!BO31+'3.2Cost by Packages'!BS31+'3.2Cost by Packages'!BW31+'3.2Cost by Packages'!CA31+'3.2Cost by Packages'!CE31+'3.2Cost by Packages'!CI31+'3.2Cost by Packages'!CM31+'3.2Cost by Packages'!CQ31+'3.2Cost by Packages'!CU31+'3.2Cost by Packages'!CY31+'3.2Cost by Packages'!DC31+'3.2Cost by Packages'!DG31+'3.2Cost by Packages'!DK31+'3.2Cost by Packages'!DO31+'3.2Cost by Packages'!DS31+'3.2Cost by Packages'!DW31 -> 18584.344
A30: 6.2 | C30: Profile | H30: 1/200 | J30: (km) | K30: =ROUND(10129834/F73*(1-D74),2) -> 438.31 | M30: =Q30+U30+Y30+AC30+AG30+AK30+AO30+AS30 -> 5.8 | O30: =S30+W30+AA30+AE30+AI30+AM30+AQ30+AU30 -> 2542.198 | Q30: ='3.2Cost by Packages'!Q32+'3.2Cost by Packages'!U32+'3.2Cost by Packages'!Y32+'3.2Cost by Packages'!AC32+'3.2Cost by Packages'!AG32+'3.2Cost by Packages'!AK32+'3.2Cost by Packages'!AO32+'3.2Cost by Packages'!AS32+'3.2Cost by Packages'!AW32+'3.2Cost by Packages'!BA32+'3.2Cost by Packages'!BE32+'3.2Cost by Packages'!BI32+'3.2Cost by Packages'!BM32+'3.2Cost by Packages'!BQ32+'3.2Cost by Packages'!BU32+'3.2Cost by Packages'!BY32+'3.2Cost by Packages'!CC32+'3.2Cost by Packages'!CG32+'3.2Cost by Packages'!CK32+'3.2Cost by Packages'!CO32+'3.2Cost by Packages'!CS32+'3.2Cost by Packages'!CW32+'3.2Cost by Packages'!DA32+'3.2Cost by Packages'!DE32+'3.2Cost by Packages'!DI32+'3.2Cost by Packages'!DM32+'3.2Cost by Packages'!DQ32+'3.2Cost by Packages'!DU32 -> 5.8 | S30: ='3.2Cost by Packages'!S32+'3.2Cost by Packages'!W32+'3.2Cost by Packages'!AA32+'3.2Cost by Packages'!AE32+'3.2Cost by Packages'!AI32+'3.2Cost by Packages'!AM32+'3.2Cost by Packages'!AQ32+'3.2Cost by Packages'!AU32+'3.2Cost by Packages'!AY32+'3.2Cost by Packages'!BC32+'3.2Cost by Packages'!BG32+'3.2Cost by Packages'!BK32+'3.2Cost by Packages'!BO32+'3.2Cost by Packages'!BS32+'3.2Cost by Packages'!BW32+'3.2Cost by Packages'!CA32+'3.2Cost by Packages'!CE32+'3.2Cost by Packages'!CI32+'3.2Cost by Packages'!CM32+'3.2Cost by Packages'!CQ32+'3.2Cost by Packages'!CU32+'3.2Cost by Packages'!CY32+'3.2Cost by Packages'!DC32+'3.2Cost by Packages'!DG32+'3.2Cost by Packages'!DK32+'3.2Cost by Packages'!DO32+'3.2Cost by Packages'!DS32+'3.2Cost by Packages'!DW32 -> 2542.198
A31: 6.3 | C31: Cross-section | H31: 1/200 | J31: (km) | K31: =ROUND(13236433/F73*(1-D74),2) -> 572.73 | M31: =Q31+U31+Y31+AC31+AG31+AK31+AO31+AS31 -> 128.4 | O31: =S31+W31+AA31+AE31+AI31+AM31+AQ31+AU31 -> 73538.532 | Q31: ='3.2Cost by Packages'!Q33+'3.2Cost by Packages'!U33+'3.2Cost by Packages'!Y33+'3.2Cost by Packages'!AC33+'3.2Cost by Packages'!AG33+'3.2Cost by Packages'!AK33+'3.2Cost by Packages'!AO33+'3.2Cost by Packages'!AS33+'3.2Cost by Packages'!AW33+'3.2Cost by Packages'!BA33+'3.2Cost by Packages'!BE33+'3.2Cost by Packages'!BI33+'3.2Cost by Packages'!BM33+'3.2Cost by Packages'!BQ33+'3.2Cost by Packages'!BU33+'3.2Cost by Packages'!BY33+'3.2Cost by Packages'!CC33+'3.2Cost by Packages'!CG33+'3.2Cost by Packages'!CK33+'3.2Cost by Packages'!CO33+'3.2Cost by Packages'!CS33+'3.2Cost by Packages'!CW33+'3.2Cost by Packages'!DA33+'3.2Cost by Packages'!DE33+'3.2Cost by Packages'!DI33+'3.2Cost by Packages'!DM33+'3.2Cost by Packages'!DQ33+'3.2Cost by Packages'!DU33 -> 128.4 | S31: ='3.2Cost by Packages'!S33+'3.2Cost by Packages'!W33+'3.2Cost by Packages'!AA33+'3.2Cost by Packages'!AE33+'3.2Cost by Packages'!AI33+'3.2Cost by Packages'!AM33+'3.2Cost by Packages'!AQ33+'3.2Cost by Packages'!AU33+'3.2Cost by Packages'!AY33+'3.2Cost by Packages'!BC33+'3.2Cost by Packages'!BG33+'3.2Cost by Packages'!BK33+'3.2Cost by Packages'!BO33+'3.2Cost by Packages'!BS33+'3.2Cost by Packages'!BW33+'3.2Cost by Packages'!CA33+'3.2Cost by Packages'!CE33+'3.2Cost by Packages'!CI33+'3.2Cost by Packages'!CM33+'3.2Cost by Packages'!CQ33+'3.2Cost by Packages'!CU33+'3.2Cost by Packages'!CY33+'3.2Cost by Packages'!DC33+'3.2Cost by Packages'!DG33+'3.2Cost by Packages'!DK33+'3.2Cost by Packages'!DO33+'3.2Cost by Packages'!DS33+'3.2Cost by Packages'!DW33 -> 73538.532
A32: 7 | C32: Culvert Pipe (CP) | M32: =Q32+U32+Y32+AC32+AG32+AK32+AO32+AS32 -> 0 | O32: =S32+W32+AA32+AE32+AI32+AM32+AQ32+AU32 -> 788.958 | Q32: ='3.2Cost by Packages'!Q34+'3.2Cost by Packages'!U34+'3.2Cost by Packages'!Y34+'3.2Cost by Packages'!AC34+'3.2Cost by Packages'!AG34+'3.2Cost by Packages'!AK34+'3.2Cost by Packages'!AO34+'3.2Cost by Packages'!AS34+'3.2Cost by Packages'!AW34+'3.2Cost by Packages'!BA34+'3.2Cost by Packages'!BE34+'3.2Cost by Packages'!BI34+'3.2Cost by Packages'!BM34+'3.2Cost by Packages'!BQ34+'3.2Cost by Packages'!BU34+'3.2Cost by Packages'!BY34+'3.2Cost by Packages'!CC34+'3.2Cost by Packages'!CG34+'3.2Cost by Packages'!CK34+'3.2Cost by Packages'!CO34+'3.2Cost by Packages'!CS34+'3.2Cost by Packages'!CW34+'3.2Cost by Packages'!DA34+'3.2Cost by Packages'!DE34+'3.2Cost by Packages'!DI34+'3.2Cost by Packages'!DM34+'3.2Cost by Packages'!DQ34+'3.2Cost by Packages'!DU34 -> 0 | S32: ='3.2Cost by Packages'!S34+'3.2Cost by Packages'!W34+'3.2Cost by Packages'!AA34+'3.2Cost by Packages'!AE34+'3.2Cost by Packages'!AI34+'3.2Cost by Packages'!AM34+'3.2Cost by Packages'!AQ34+'3.2Cost by Packages'!AU34+'3.2Cost by Packages'!AY34+'3.2Cost by Packages'!BC34+'3.2Cost by Packages'!BG34+'3.2Cost by Packages'!BK34+'3.2Cost by Packages'!BO34+'3.2Cost by Packages'!BS34+'3.2Cost by Packages'!BW34+'3.2Cost by Packages'!CA34+'3.2Cost by Packages'!CE34+'3.2Cost by Packages'!CI34+'3.2Cost by Packages'!CM34+'3.2Cost by Packages'!CQ34+'3.2Cost by Packages'!CU34+'3.2Cost by Packages'!CY34+'3.2Cost by Packages'!DC34+'3.2Cost by Packages'!DG34+'3.2Cost by Packages'!DK34+'3.2Cost by Packages'!DO34+'3.2Cost by Packages'!DS34+'3.2Cost by Packages'!DW34 -> 788.958
A33: 7.1 | C33: Profile | H33: 1/200 | J33: (km) | K33: =ROUND(10129834/F73*(1-D74),2) -> 438.31 | M33: =Q33+U33+Y33+AC33+AG33+AK33+AO33+AS33 -> 1.8 | O33: =S33+W33+AA33+AE33+AI33+AM33+AQ33+AU33 -> 788.958 | Q33: ='3.2Cost by Packages'!Q35+'3.2Cost by Packages'!U35+'3.2Cost by Packages'!Y35+'3.2Cost by Packages'!AC35+'3.2Cost by Packages'!AG35+'3.2Cost by Packages'!AK35+'3.2Cost by Packages'!AO35+'3.2Cost by Packages'!AS35+'3.2Cost by Packages'!AW35+'3.2Cost by Packages'!BA35+'3.2Cost by Packages'!BE35+'3.2Cost by Packages'!BI35+'3.2Cost by Packages'!BM35+'3.2Cost by Packages'!BQ35+'3.2Cost by Packages'!BU35+'3.2Cost by Packages'!BY35+'3.2Cost by Packages'!CC35+'3.2Cost by Packages'!CG35+'3.2Cost by Packages'!CK35+'3.2Cost by Packages'!CO35+'3.2Cost by Packages'!CS35+'3.2Cost by Packages'!CW35+'3.2Cost by Packages'!DA35+'3.2Cost by Packages'!DE35+'3.2Cost by Packages'!DI35+'3.2Cost by Packages'!DM35+'3.2Cost by Packages'!DQ35+'3.2Cost by Packages'!DU35 -> 1.8 | S33: ='3.2Cost by Packages'!S35+'3.2Cost by Packages'!W35+'3.2Cost by Packages'!AA35+'3.2Cost by Packages'!AE35+'3.2Cost by Packages'!AI35+'3.2Cost by Packages'!AM35+'3.2Cost by Packages'!AQ35+'3.2Cost by Packages'!AU35+'3.2Cost by Packages'!AY35+'3.2Cost by Packages'!BC35+'3.2Cost by Packages'!BG35+'3.2Cost by Packages'!BK35+'3.2Cost by Packages'!BO35+'3.2Cost by Packages'!BS35+'3.2Cost by Packages'!BW35+'3.2Cost by Packages'!CA35+'3.2Cost by Packages'!CE35+'3.2Cost by Packages'!CI35+'3.2Cost by Packages'!CM35+'3.2Cost by Packages'!CQ35+'3.2Cost by Packages'!CU35+'3.2Cost by Packages'!CY35+'3.2Cost by Packages'!DC35+'3.2Cost by Packages'!DG35+'3.2Cost by Packages'!DK35+'3.2Cost by Packages'!DO35+'3.2Cost by Packages'!DS35+'3.2Cost by Packages'!DW35 -> 788.958
A34: 8 | C34: Canal (Re-alignment) | M34: =Q34+U34+Y34+AC34+AG34+AK34+AO34+AS34 -> 0 | O34: =S34+W34+AA34+AE34+AI34+AM34+AQ34+AU34 -> 6201.3654 | Q34: ='3.2Cost by Packages'!Q36+'3.2Cost by Packages'!U36+'3.2Cost by Packages'!Y36+'3.2Cost by Packages'!AC36+'3.2Cost by Packages'!AG36+'3.2Cost by Packages'!AK36+'3.2Cost by Packages'!AO36+'3.2Cost by Packages'!AS36+'3.2Cost by Packages'!AW36+'3.2Cost by Packages'!BA36+'3.2Cost by Packages'!BE36+'3.2Cost by Packages'!BI36+'3.2Cost by Packages'!BM36+'3.2Cost by Packages'!BQ36+'3.2Cost by Packages'!BU36+'3.2Cost by Packages'!BY36+'3.2Cost by Packages'!CC36+'3.2Cost by Packages'!CG36+'3.2Cost by Packages'!CK36+'3.2Cost by Packages'!CO36+'3.2Cost by Packages'!CS36+'3.2Cost by Packages'!CW36+'3.2Cost by Packages'!DA36+'3.2Cost by Packages'!DE36+'3.2Cost by Packages'!DI36+'3.2Cost by Packages'!DM36+'3.2Cost by Packages'!DQ36+'3.2Cost by Packages'!DU36 -> 0 | S34: ='3.2Cost by Packages'!O36+'3.2Cost by Packages'!S36+'3.2Cost by Packages'!W36+'3.2Cost by Packages'!AA36+'3.2Cost by Packages'!AE36+'3.2Cost by Packages'!AI36+'3.2Cost by Packages'!AM36+'3.2Cost by Packages'!AQ36+'3.2Cost by Packages'!AU36+'3.2Cost by Packages'!AY36+'3.2Cost by Packages'!BC36+'3.2Cost by Packages'!BG36+'3.2Cost by Packages'!BK36+'3.2Cost by Packages'!BO36+'3.2Cost by Packages'!BS36+'3.2Cost by Packages'!BW36+'3.2Cost by Packages'!CA36+'3.2Cost by Packages'!CE36+'3.2Cost by Packages'!CI36+'3.2Cost by Packages'!CM36+'3.2Cost by Packages'!CQ36+'3.2Cost by Packages'!CU36+'3.2Cost by Packages'!CY36+'3.2Cost by Packages'!DC36+'3.2Cost by Packages'!DG36+'3.2Cost by Packages'!DK36+'3.2Cost by Packages'!DO36+'3.2Cost by Packages'!DS36+'3.2Cost by Packages'!DW36 -> 6201.3654
A35: 8.1 | C35: Profile | H35: 1/500 | J35: (km) | K35: =ROUND(10129834/F73*(1-D74),2) -> 438.31 | M35: =Q35+U35+Y35+AC35+AG35+AK35+AO35+AS35 -> 3.904 | O35: =S35+W35+AA35+AE35+AI35+AM35+AQ35+AU35 -> 1711.1622 | Q35: ='3.2Cost by Packages'!Q37+'3.2Cost by Packages'!U37+'3.2Cost by Packages'!Y37+'3.2Cost by Packages'!AC37+'3.2Cost by Packages'!AG37+'3.2Cost by Packages'!AK37+'3.2Cost by Packages'!AO37+'3.2Cost by Packages'!AS37+'3.2Cost by Packages'!AW37+'3.2Cost by Packages'!BA37+'3.2Cost by Packages'!BE37+'3.2Cost by Packages'!BI37+'3.2Cost by Packages'!BM37+'3.2Cost by Packages'!BQ37+'3.2Cost by Packages'!BU37+'3.2Cost by Packages'!BY37+'3.2Cost by Packages'!CC37+'3.2Cost by Packages'!CG37+'3.2Cost by Packages'!CK37+'3.2Cost by Packages'!CO37+'3.2Cost by Packages'!CS37+'3.2Cost by Packages'!CW37+'3.2Cost by Packages'!DA37+'3.2Cost by Packages'!DE37+'3.2Cost by Packages'!DI37+'3.2Cost by Packages'!DM37+'3.2Cost by Packages'!DQ37+'3.2Cost by Packages'!DU37 -> 3.904 | S35: ='3.2Cost by Packages'!O37+'3.2Cost by Packages'!S37+'3.2Cost by Packages'!W37+'3.2Cost by Packages'!AA37+'3.2Cost by Packages'!AE37+'3.2Cost by Packages'!AI37+'3.2Cost by Packages'!AM37+'3.2Cost by Packages'!AQ37+'3.2Cost by Packages'!AU37+'3.2Cost by Packages'!AY37+'3.2Cost by Packages'!BC37+'3.2Cost by Packages'!BG37+'3.2Cost by Packages'!BK37+'3.2Cost by Packages'!BO37+'3.2Cost by Packages'!BS37+'3.2Cost by Packages'!BW37+'3.2Cost by Packages'!CA37+'3.2Cost by Packages'!CE37+'3.2Cost by Packages'!CI37+'3.2Cost by Packages'!CM37+'3.2Cost by Packages'!CQ37+'3.2Cost by Packages'!CU37+'3.2Cost by Packages'!CY37+'3.2Cost by Packages'!DC37+'3.2Cost by Packages'!DG37+'3.2Cost by Packages'!DK37+'3.2Cost by Packages'!DO37+'3.2Cost by Packages'!DS37+'3.2Cost by Packages'!DW37 -> 1711.1622
A36: 8.2 | C36: Cross-section | H36: 1/200 | J36: (km) | K36: =ROUND(13236433/F73*(1-D74),2) -> 572.73 | M36: =Q36+U36+Y36+AC36+AG36+AK36+AO36+AS36 -> 7.84 | O36: =S36+W36+AA36+AE36+AI36+AM36+AQ36+AU36 -> 4490.2032 | Q36: ='3.2Cost by Packages'!Q38+'3.2Cost by Packages'!U38+'3.2Cost by Packages'!Y38+'3.2Cost by Packages'!AC38+'3.2Cost by Packages'!AG38+'3.2Cost by Packages'!AK38+'3.2Cost by Packages'!AO38+'3.2Cost by Packages'!AS38+'3.2Cost by Packages'!AW38+'3.2Cost by Packages'!BA38+'3.2Cost by Packages'!BE38+'3.2Cost by Packages'!BI38+'3.2Cost by Packages'!BM38+'3.2Cost by Packages'!BQ38+'3.2Cost by Packages'!BU38+'3.2Cost by Packages'!BY38+'3.2Cost by Packages'!CC38+'3.2Cost by Packages'!CG38+'3.2Cost by Packages'!CK38+'3.2Cost by Packages'!CO38+'3.2Cost by Packages'!CS38+'3.2Cost by Packages'!CW38+'3.2Cost by Packages'!DA38+'3.2Cost by Packages'!DE38+'3.2Cost by Packages'!DI38+'3.2Cost by Packages'!DM38+'3.2Cost by Packages'!DQ38+'3.2Cost by Packages'!DU38 -> 7.84 | S36: ='3.2Cost by Packages'!O38+'3.2Cost by Packages'!S38+'3.2Cost by Packages'!W38+'3.2Cost by Packages'!AA38+'3.2Cost by Packages'!AE38+'3.2Cost by Packages'!AI38+'3.2Cost by Packages'!AM38+'3.2Cost by Packages'!AQ38+'3.2Cost by Packages'!AU38+'3.2Cost by Packages'!AY38+'3.2Cost by Packages'!BC38+'3.2Cost by Packages'!BG38+'3.2Cost by Packages'!BK38+'3.2Cost by Packages'!BO38+'3.2Cost by Packages'!BS38+'3.2Cost by Packages'!BW38+'3.2Cost by Packages'!CA38+'3.2Cost by Packages'!CE38+'3.2Cost by Packages'!CI38+'3.2Cost by Packages'!CM38+'3.2Cost by Packages'!CQ38+'3.2Cost by Packages'!CU38+'3.2Cost by Packages'!CY38+'3.2Cost by Packages'!DC38+'3.2Cost by Packages'!DG38+'3.2Cost by Packages'!DK38+'3.2Cost by Packages'!DO38+'3.2Cost by Packages'!DS38+'3.2Cost by Packages'!DW38 -> 4490.2032
A37: 9 | C37: Interchange (IC) | M37: =Q37+U37+Y37+AC37+AG37+AK37+AO37+AS37 -> 0 | O37: =S37+W37+AA37+AE37+AI37+AM37+AQ37+AU37 -> 127351.84 | Q37: ='3.2Cost by Packages'!Q39+'3.2Cost by Packages'!U39+'3.2Cost by Packages'!Y39+'3.2Cost by Packages'!AC39+'3.2Cost by Packages'!AG39+'3.2Cost by Packages'!AK39+'3.2Cost by Packages'!AO39+'3.2Cost by Packages'!AS39+'3.2Cost by Packages'!AW39+'3.2Cost by Packages'!BA39+'3.2Cost by Packages'!BE39+'3.2Cost by Packages'!BI39+'3.2Cost by Packages'!BM39+'3.2Cost by Packages'!BQ39+'3.2Cost by Packages'!BU39+'3.2Cost by Packages'!BY39+'3.2Cost by Packages'!CC39+'3.2Cost by Packages'!CG39+'3.2Cost by Packages'!CK39+'3.2Cost by Packages'!CO39+'3.2Cost by Packages'!CS39+'3.2Cost by Packages'!CW39+'3.2Cost by Packages'!DA39+'3.2Cost by Packages'!DE39+'3.2Cost by Packages'!DI39+'3.2Cost by Packages'!DM39+'3.2Cost by Packages'!DQ39+'3.2Cost by Packages'!DU39 -> 0 | S37: ='3.2Cost by Packages'!O39+'3.2Cost by Packages'!S39+'3.2Cost by Packages'!W39+'3.2Cost by Packages'!AA39+'3.2Cost by Packages'!AE39+'3.2Cost by Packages'!AI39+'3.2Cost by Packages'!AM39+'3.2Cost by Packages'!AQ39+'3.2Cost by Packages'!AU39+'3.2Cost by Packages'!AY39+'3.2Cost by Packages'!BC39+'3.2Cost by Packages'!BG39+'3.2Cost by Packages'!BK39+'3.2Cost by Packages'!BO39+'3.2Cost by Packages'!BS39+'3.2Cost by Packages'!BW39+'3.2Cost by Packages'!CA39+'3.2Cost by Packages'!CE39+'3.2Cost by Packages'!CI39+'3.2Cost by Packages'!CM39+'3.2Cost by Packages'!CQ39+'3.2Cost by Packages'!CU39+'3.2Cost by Packages'!CY39+'3.2Cost by Packages'!DC39+'3.2Cost by Packages'!DG39+'3.2Cost by Packages'!DK39+'3.2Cost by Packages'!DO39+'3.2Cost by Packages'!DS39+'3.2Cost by Packages'!DW39 -> 127351.84
A38: 9.1 | C38: Secondary Control Point | H38: Class II | J38: (nos.) | K38: =ROUND(3481284/F73*(1-D74),2) -> 150.63 | M38: =Q38+U38+Y38+AC38+AG38+AK38+AO38+AS38 -> 72 | O38: =S38+W38+AA38+AE38+AI38+AM38+AQ38+AU38 -> 10845.36 | Q38: ='3.2Cost by Packages'!Q40+'3.2Cost by Packages'!U40+'3.2Cost by Packages'!Y40+'3.2Cost by Packages'!AC40+'3.2Cost by Packages'!AG40+'3.2Cost by Packages'!AK40+'3.2Cost by Packages'!AO40+'3.2Cost by Packages'!AS40+'3.2Cost by Packages'!AW40+'3.2Cost by Packages'!BA40+'3.2Cost by Packages'!BE40+'3.2Cost by Packages'!BI40+'3.2Cost by Packages'!BM40+'3.2Cost by Packages'!BQ40+'3.2Cost by Packages'!BU40+'3.2Cost by Packages'!BY40+'3.2Cost by Packages'!CC40+'3.2Cost by Packages'!CG40+'3.2Cost by Packages'!CK40+'3.2Cost by Packages'!CO40+'3.2Cost by Packages'!CS40+'3.2Cost by Packages'!CW40+'3.2Cost by Packages'!DA40+'3.2Cost by Packages'!DE40+'3.2Cost by Packages'!DI40+'3.2Cost by Packages'!DM40+'3.2Cost by Packages'!DQ40+'3.2Cost by Packages'!DU40 -> 72 | S38: ='3.2Cost by Packages'!O40+'3.2Cost by Packages'!S40+'3.2Cost by Packages'!W40+'3.2Cost by Packages'!AA40+'3.2Cost by Packages'!AE40+'3.2Cost by Packages'!AI40+'3.2Cost by Packages'!AM40+'3.2Cost by Packages'!AQ40+'3.2Cost by Packages'!AU40+'3.2Cost by Packages'!AY40+'3.2Cost by Packages'!BC40+'3.2Cost by Packages'!BG40+'3.2Cost by Packages'!BK40+'3.2Cost by Packages'!BO40+'3.2Cost by Packages'!BS40+'3.2Cost by Packages'!BW40+'3.2Cost by Packages'!CA40+'3.2Cost by Packages'!CE40+'3.2Cost by Packages'!CI40+'3.2Cost by Packages'!CM40+'3.2Cost by Packages'!CQ40+'3.2Cost by Packages'!CU40+'3.2Cost by Packages'!CY40+'3.2Cost by Packages'!DC40+'3.2Cost by Packages'!DG40+'3.2Cost by Packages'!DK40+'3.2Cost by Packages'!DO40+'3.2Cost by Packages'!DS40+'3.2Cost by Packages'!DW40 -> 10845.36
A39: 9.2 | C39: Secondary Leveling Network | J39: (km) | K39: =ROUND(1555171/F73*(1-D74),2) -> 67.29 | M39: =Q39+U39+Y39+AC39+AG39+AK39+AO39+AS39 -> 18 | O39: =S39+W39+AA39+AE39+AI39+AM39+AQ39+AU39 -> 1211.22 | Q39: ='3.2Cost by Packages'!Q41+'3.2Cost by Packages'!U41+'3.2Cost by Packages'!Y41+'3.2Cost by Packages'!AC41+'3.2Cost by Packages'!AG41+'3.2Cost by Packages'!AK41+'3.2Cost by Packages'!AO41+'3.2Cost by Packages'!AS41+'3.2Cost by Packages'!AW41+'3.2Cost by Packages'!BA41+'3.2Cost by Packages'!BE41+'3.2Cost by Packages'!BI41+'3.2Cost by Packages'!BM41+'3.2Cost by Packages'!BQ41+'3.2Cost by Packages'!BU41+'3.2Cost by Packages'!BY41+'3.2Cost by Packages'!CC41+'3.2Cost by Packages'!CG41+'3.2Cost by Packages'!CK41+'3.2Cost by Packages'!CO41+'3.2Cost by Packages'!CS41+'3.2Cost by Packages'!CW41+'3.2Cost by Packages'!DA41+'3.2Cost by Packages'!DE41+'3.2Cost by Packages'!DI41+'3.2Cost by Packages'!DM41+'3.2Cost by Packages'!DQ41+'3.2Cost by Packages'!DU41 -> 18 | S39: ='3.2Cost by Packages'!O41+'3.2Cost by Packages'!S41+'3.2Cost by Packages'!W41+'3.2Cost by Packages'!AA41+'3.2Cost by Packages'!AE41+'3.2Cost by Packages'!AI41+'3.2Cost by Packages'!AM41+'3.2Cost by Packages'!AQ41+'3.2Cost by Packages'!AU41+'3.2Cost by Packages'!AY41+'3.2Cost by Packages'!BC41+'3.2Cost by Packages'!BG41+'3.2Cost by Packages'!BK41+'3.2Cost by Packages'!BO41+'3.2Cost by Packages'!BS41+'3.2Cost by Packages'!BW41+'3.2Cost by Packages'!CA41+'3.2Cost by Packages'!CE41+'3.2Cost by Packages'!CI41+'3.2Cost by Packages'!CM41+'3.2Cost by Packages'!CQ41+'3.2Cost by Packages'!CU41+'3.2Cost by Packages'!CY41+'3.2Cost by Packages'!DC41+'3.2Cost by Packages'!DG41+'3.2Cost by Packages'!DK41+'3.2Cost by Packages'!DO41+'3.2Cost by Packages'!DS41+'3.2Cost by Packages'!DW41 -> 1211.22
A40: 9.3 | C40: Planimetric | H40: 1/500 | J40: (ha) | K40: =ROUND(4052850/F73*(1-D74),2) -> 175.36 | M40: =Q40+U40+Y40+AC40+AG40+AK40+AO40+AS40 -> 276 | O40: =S40+W40+AA40+AE40+AI40+AM40+AQ40+AU40 -> 48399.36 | Q40: ='3.2Cost by Packages'!Q42+'3.2Cost by Packages'!U42+'3.2Cost by Packages'!Y42+'3.2Cost by Packages'!AC42+'3.2Cost by Packages'!AG42+'3.2Cost by Packages'!AK42+'3.2Cost by Packages'!AO42+'3.2Cost by Packages'!AS42+'3.2Cost by Packages'!AW42+'3.2Cost by Packages'!BA42+'3.2Cost by Packages'!BE42+'3.2Cost by Packages'!BI42+'3.2Cost by Packages'!BM42+'3.2Cost by Packages'!BQ42+'3.2Cost by Packages'!BU42+'3.2Cost by Packages'!BY42+'3.2Cost by Packages'!CC42+'3.2Cost by Packages'!CG42+'3.2Cost by Packages'!CK42+'3.2Cost by Packages'!CO42+'3.2Cost by Packages'!CS42+'3.2Cost by Packages'!CW42+'3.2Cost by Packages'!DA42+'3.2Cost by Packages'!DE42+'3.2Cost by Packages'!DI42+'3.2Cost by Packages'!DM42+'3.2Cost by Packages'!DQ42+'3.2Cost by Packages'!DU42 -> 276 | S40: ='3.2Cost by Packages'!O42+'3.2Cost by Packages'!S42+'3.2Cost by Packages'!W42+'3.2Cost by Packages'!AA42+'3.2Cost by Packages'!AE42+'3.2Cost by Packages'!AI42+'3.2Cost by Packages'!AM42+'3.2Cost by Packages'!AQ42+'3.2Cost by Packages'!AU42+'3.2Cost by Packages'!AY42+'3.2Cost by Packages'!BC42+'3.2Cost by Packages'!BG42+'3.2Cost by Packages'!BK42+'3.2Cost by Packages'!BO42+'3.2Cost by Packages'!BS42+'3.2Cost by Packages'!BW42+'3.2Cost by Packages'!CA42+'3.2Cost by Packages'!CE42+'3.2Cost by Packages'!CI42+'3.2Cost by Packages'!CM42+'3.2Cost by Packages'!CQ42+'3.2Cost by Packages'!CU42+'3.2Cost by Packages'!CY42+'3.2Cost by Packages'!DC42+'3.2Cost by Packages'!DG42+'3.2Cost by Packages'!DK42+'3.2Cost by Packages'!DO42+'3.2Cost by Packages'!DS42+'3.2Cost by Packages'!DW42 -> 48399.36
A41: 9.4 | C41: Profile (Rampway) | H41: 1/1,000; 1/100 | J41: (km) | K41: =ROUND(10129834/F73*(1-D74),2) -> 438.31 | M41: =Q41+U41+Y41+AC41+AG41+AK41+AO41+AS41 -> 19.4 | O41: =S41+W41+AA41+AE41+AI41+AM41+AQ41+AU41 -> 8503.214 | Q41: ='3.2Cost by Packages'!Q43+'3.2Cost by Packages'!U43+'3.2Cost by Packages'!Y43+'3.2Cost by Packages'!AC43+'3.2Cost by Packages'!AG43+'3.2Cost by Packages'!AK43+'3.2Cost by Packages'!AO43+'3.2Cost by Packages'!AS43+'3.2Cost by Packages'!AW43+'3.2Cost by Packages'!BA43+'3.2Cost by Packages'!BE43+'3.2Cost by Packages'!BI43+'3.2Cost by Packages'!BM43+'3.2Cost by Packages'!BQ43+'3.2Cost by Packages'!BU43+'3.2Cost by Packages'!BY43+'3.2Cost by Packages'!CC43+'3.2Cost by Packages'!CG43+'3.2Cost by Packages'!CK43+'3.2Cost by Packages'!CO43+'3.2Cost by Packages'!CS43+'3.2Cost by Packages'!CW43+'3.2Cost by Packages'!DA43+'3.2Cost by Packages'!DE43+'3.2Cost by Packages'!DI43+'3.2Cost by Packages'!DM43+'3.2Cost by Packages'!DQ43+'3.2Cost by Packages'!DU43 -> 19.4 | S41: ='3.2Cost by Packages'!O43+'3.2Cost by Packages'!S43+'3.2Cost by Packages'!W43+'3.2Cost by Packages'!AA43+'3.2Cost by Packages'!AE43+'3.2Cost by Packages'!AI43+'3.2Cost by Packages'!AM43+'3.2Cost by Packages'!AQ43+'3.2Cost by Packages'!AU43+'3.2Cost by Packages'!AY43+'3.2Cost by Packages'!BC43+'3.2Cost by Packages'!BG43+'3.2Cost by Packages'!BK43+'3.2Cost by Packages'!BO43+'3.2Cost by Packages'!BS43+'3.2Cost by Packages'!BW43+'3.2Cost by Packages'!CA43+'3.2Cost by Packages'!CE43+'3.2Cost by Packages'!CI43+'3.2Cost by Packages'!CM43+'3.2Cost by Packages'!CQ43+'3.2Cost by Packages'!CU43+'3.2Cost by Packages'!CY43+'3.2Cost by Packages'!DC43+'3.2Cost by Packages'!DG43+'3.2Cost by Packages'!DK43+'3.2Cost by Packages'!DO43+'3.2Cost by Packages'!DS43+'3.2Cost by Packages'!DW43 -> 8503.214
A42: 9.5 | C42: Cross-section (Rampway) | H42: 1/200 | J42: (km) | K42: =ROUND(13236433/F73*(1-D74),2) -> 572.73 | M42: =Q42+U42+Y42+AC42+AG42+AK42+AO42+AS42 -> 101.955 | O42: =S42+W42+AA42+AE42+AI42+AM42+AQ42+AU42 -> 58392.687 | Q42: ='3.2Cost by Packages'!Q44+'3.2Cost by Packages'!U44+'3.2Cost by Packages'!Y44+'3.2Cost by Packages'!AC44+'3.2Cost by Packages'!AG44+'3.2Cost by Packages'!AK44+'3.2Cost by Packages'!AO44+'3.2Cost by Packages'!AS44+'3.2Cost by Packages'!AW44+'3.2Cost by Packages'!BA44+'3.2Cost by Packages'!BE44+'3.2Cost by Packages'!BI44+'3.2Cost by Packages'!BM44+'3.2Cost by Packages'!BQ44+'3.2Cost by Packages'!BU44+'3.2Cost by Packages'!BY44+'3.2Cost by Packages'!CC44+'3.2Cost by Packages'!CG44+'3.2Cost by Packages'!CK44+'3.2Cost by Packages'!CO44+'3.2Cost by Packages'!CS44+'3.2Cost by Packages'!CW44+'3.2Cost by Packages'!DA44+'3.2Cost by Packages'!DE44+'3.2Cost by Packages'!DI44+'3.2Cost by Packages'!DM44+'3.2Cost by Packages'!DQ44+'3.2Cost by Packages'!DU44 -> 101.955 | S42: ='3.2Cost by Packages'!O44+'3.2Cost by Packages'!S44+'3.2Cost by Packages'!W44+'3.2Cost by Packages'!AA44+'3.2Cost by Packages'!AE44+'3.2Cost by Packages'!AI44+'3.2Cost by Packages'!AM44+'3.2Cost by Packages'!AQ44+'3.2Cost by Packages'!AU44+'3.2Cost by Packages'!AY44+'3.2Cost by Packages'!BC44+'3.2Cost by Packages'!BG44+'3.2Cost by Packages'!BK44+'3.2Cost by Packages'!BO44+'3.2Cost by Packages'!BS44+'3.2Cost by Packages'!BW44+'3.2Cost by Packages'!CA44+'3.2Cost by Packages'!CE44+'3.2Cost by Packages'!CI44+'3.2Cost by Packages'!CM44+'3.2Cost by Packages'!CQ44+'3.2Cost by Packages'!CU44+'3.2Cost by Packages'!CY44+'3.2Cost by Packages'!DC44+'3.2Cost by Packages'!DG44+'3.2Cost by Packages'!DK44+'3.2Cost by Packages'!DO44+'3.2Cost by Packages'!DS44+'3.2Cost by Packages'!DW44 -> 58392.687
A43: 10 | C43: Building (BL) | M43: =Q43+U43+Y43+AC43+AG43+AK43+AO43+AS43 -> 0 | O43: =S43+W43+AA43+AE43+AI43+AM43+AQ43+AU43 -> 3587.8656 | Q43: ='3.2Cost by Packages'!Q45+'3.2Cost by Packages'!U45+'3.2Cost by Packages'!Y45+'3.2Cost by Packages'!AC45+'3.2Cost by Packages'!AG45+'3.2Cost by Packages'!AK45+'3.2Cost by Packages'!AO45+'3.2Cost by Packages'!AS45+'3.2Cost by Packages'!AW45+'3.2Cost by Packages'!BA45+'3.2Cost by Packages'!BE45+'3.2Cost by Packages'!BI45+'3.2Cost by Packages'!BM45+'3.2Cost by Packages'!BQ45+'3.2Cost by Packages'!BU45+'3.2Cost by Packages'!BY45+'3.2Cost by Packages'!CC45+'3.2Cost by Packages'!CG45+'3.2Cost by Packages'!CK45+'3.2Cost by Packages'!CO45+'3.2Cost by Packages'!CS45+'3.2Cost by Packages'!CW45+'3.2Cost by Packages'!DA45+'3.2Cost by Packages'!DE45+'3.2Cost by Packages'!DI45+'3.2Cost by Packages'!DM45+'3.2Cost by Packages'!DQ45+'3.2Cost by Packages'!DU45 -> 0 | S43: ='3.2Cost by Packages'!O45+'3.2Cost by Packages'!S45+'3.2Cost by Packages'!W45+'3.2Cost by Packages'!AA45+'3.2Cost by Packages'!AE45+'3.2Cost by Packages'!AI45+'3.2Cost by Packages'!AM45+'3.2Cost by Packages'!AQ45+'3.2Cost by Packages'!AU45+'3.2Cost by Packages'!AY45+'3.2Cost by Packages'!BC45+'3.2Cost by Packages'!BG45+'3.2Cost by Packages'!BK45+'3.2Cost by Packages'!BO45+'3.2Cost by Packages'!BS45+'3.2Cost by Packages'!BW45+'3.2Cost by Packages'!CA45+'3.2Cost by Packages'!CE45+'3.2Cost by Packages'!CI45+'3.2Cost by Packages'!CM45+'3.2Cost by Packages'!CQ45+'3.2Cost by Packages'!CU45+'3.2Cost by Packages'!CY45+'3.2Cost by Packages'!DC45+'3.2Cost by Packages'!DG45+'3.2Cost by Packages'!DK45+'3.2Cost by Packages'!DO45+'3.2Cost by Packages'!DS45+'3.2Cost by Packages'!DW45 -> 3587.8656
A44: 10.1 | C44: Planimetric | H44: 1/500 | J44: (ha) | K44: =ROUND(4052850/F73*(1-D74),2) -> 175.36 | M44: =Q44+U44+Y44+AC44+AG44+AK44+AO44+AS44 -> 20.46 | O44: =S44+W44+AA44+AE44+AI44+AM44+AQ44+AU44 -> 3587.8656 | Q44: ='3.2Cost by Packages'!Q46+'3.2Cost by Packages'!U46+'3.2Cost by Packages'!Y46+'3.2Cost by Packages'!AC46+'3.2Cost by Packages'!AG46+'3.2Cost by Packages'!AK46+'3.2Cost by Packages'!AO46+'3.2Cost by Packages'!AS46+'3.2Cost by Packages'!AW46+'3.2Cost by Packages'!BA46+'3.2Cost by Packages'!BE46+'3.2Cost by Packages'!BI46+'3.2Cost by Packages'!BM46+'3.2Cost by Packages'!BQ46+'3.2Cost by Packages'!BU46+'3.2Cost by Packages'!BY46+'3.2Cost by Packages'!CC46+'3.2Cost by Packages'!CG46+'3.2Cost by Packages'!CK46+'3.2Cost by Packages'!CO46+'3.2Cost by Packages'!CS46+'3.2Cost by Packages'!CW46+'3.2Cost by Packages'!DA46+'3.2Cost by Packages'!DE46+'3.2Cost by Packages'!DI46+'3.2Cost by Packages'!DM46+'3.2Cost by Packages'!DQ46+'3.2Cost by Packages'!DU46 -> 20.46 | S44: ='3.2Cost by Packages'!O46+'3.2Cost by Packages'!S46+'3.2Cost by Packages'!W46+'3.2Cost by Packages'!AA46+'3.2Cost by Packages'!AE46+'3.2Cost by Packages'!AI46+'3.2Cost by Packages'!AM46+'3.2Cost by Packages'!AQ46+'3.2Cost by Packages'!AU46+'3.2Cost by Packages'!AY46+'3.2Cost by Packages'!BC46+'3.2Cost by Packages'!BG46+'3.2Cost by Packages'!BK46+'3.2Cost by Packages'!BO46+'3.2Cost by Packages'!BS46+'3.2Cost by Packages'!BW46+'3.2Cost by Packages'!CA46+'3.2Cost by Packages'!CE46+'3.2Cost by Packages'!CI46+'3.2Cost by Packages'!CM46+'3.2Cost by Packages'!CQ46+'3.2Cost by Packages'!CU46+'3.2Cost by Packages'!CY46+'3.2Cost by Packages'!DC46+'3.2Cost by Packages'!DG46+'3.2Cost by Packages'!DK46+'3.2Cost by Packages'!DO46+'3.2Cost by Packages'!DS46+'3.2Cost by Packages'!DW46 -> 3587.8656
A45: C | C45: Linking Road | M45: =Q45+U45+Y45+AC45+AG45+AK45+AO45+AS45 -> 0 | O45: =S45+W45+AA45+AE45+AI45+AM45+AQ45+AU45 -> 42222.866 | Q45: ='3.2Cost by Packages'!Q47+'3.2Cost by Packages'!U47+'3.2Cost by Packages'!Y47+'3.2Cost by Packages'!AC47+'3.2Cost by Packages'!AG47+'3.2Cost by Packages'!AK47+'3.2Cost by Packages'!AO47+'3.2Cost by Packages'!AS47+'3.2Cost by Packages'!AW47+'3.2Cost by Packages'!BA47+'3.2Cost by Packages'!BE47+'3.2Cost by Packages'!BI47+'3.2Cost by Packages'!BM47+'3.2Cost by Packages'!BQ47+'3.2Cost by Packages'!BU47+'3.2Cost by Packages'!BY47+'3.2Cost by Packages'!CC47+'3.2Cost by Packages'!CG47+'3.2Cost by Packages'!CK47+'3.2Cost by Packages'!CO47+'3.2Cost by Packages'!CS47+'3.2Cost by Packages'!CW47+'3.2Cost by Packages'!DA47+'3.2Cost by Packages'!DE47+'3.2Cost by Packages'!DI47+'3.2Cost by Packages'!DM47+'3.2Cost by Packages'!DQ47+'3.2Cost by Packages'!DU47 -> 0 | S45: ='3.2Cost by Packages'!O47+'3.2Cost by Packages'!S47+'3.2Cost by Packages'!W47+'3.2Cost by Packages'!AA47+'3.2Cost by Packages'!AE47+'3.2Cost by Packages'!AI47+'3.2Cost by Packages'!AM47+'3.2Cost by Packages'!AQ47+'3.2Cost by Packages'!AU47+'3.2Cost by Packages'!AY47+'3.2Cost by Packages'!BC47+'3.2Cost by Packages'!BG47+'3.2Cost by Packages'!BK47+'3.2Cost by Packages'!BO47+'3.2Cost by Packages'!BS47+'3.2Cost by Packages'!BW47+'3.2Cost by Packages'!CA47+'3.2Cost by Packages'!CE47+'3.2Cost by Packages'!CI47+'3.2Cost by Packages'!CM47+'3.2Cost by Packages'!CQ47+'3.2Cost by Packages'!CU47+'3.2Cost by Packages'!CY47+'3.2Cost by Packages'!DC47+'3.2Cost by Packages'!DG47+'3.2Cost by Packages'!DK47+'3.2Cost by Packages'!DO47+'3.2Cost by Packages'!DS47+'3.2Cost by Packages'!DW47 -> 42222.866
A46: 11 | C46: Main Line (ML, Road Section) | M46: =Q46+U46+Y46+AC46+AG46+AK46+AO46+AS46 -> 0 | O46: =S46+W46+AA46+AE46+AI46+AM46+AQ46+AU46 -> 22547.143 | Q46: ='3.2Cost by Packages'!Q48+'3.2Cost by Packages'!U48+'3.2Cost by Packages'!Y48+'3.2Cost by Packages'!AC48+'3.2Cost by Packages'!AG48+'3.2Cost by Packages'!AK48+'3.2Cost by Packages'!AO48+'3.2Cost by Packages'!AS48+'3.2Cost by Packages'!AW48+'3.2Cost by Packages'!BA48+'3.2Cost by Packages'!BE48+'3.2Cost by Packages'!BI48+'3.2Cost by Packages'!BM48+'3.2Cost by Packages'!BQ48+'3.2Cost by Packages'!BU48+'3.2Cost by Packages'!BY48+'3.2Cost by Packages'!CC48+'3.2Cost by Packages'!CG48+'3.2Cost by Packages'!CK48+'3.2Cost by Packages'!CO48+'3.2Cost by Packages'!CS48+'3.2Cost by Packages'!CW48+'3.2Cost by Packages'!DA48+'3.2Cost by Packages'!DE48+'3.2Cost by Packages'!DI48+'3.2Cost by Packages'!DM48+'3.2Cost by Packages'!DQ48+'3.2Cost by Packages'!DU48 -> 0 | S46: ='3.2Cost by Packages'!O48+'3.2Cost by Packages'!S48+'3.2Cost by Packages'!W48+'3.2Cost by Packages'!AA48+'3.2Cost by Packages'!AE48+'3.2Cost by Packages'!AI48+'3.2Cost by Packages'!AM48+'3.2Cost by Packages'!AQ48+'3.2Cost by Packages'!AU48+'3.2Cost by Packages'!AY48+'3.2Cost by Packages'!BC48+'3.2Cost by Packages'!BG48+'3.2Cost by Packages'!BK48+'3.2Cost by Packages'!BO48+'3.2Cost by Packages'!BS48+'3.2Cost by Packages'!BW48+'3.2Cost by Packages'!CA48+'3.2Cost by Packages'!CE48+'3.2Cost by Packages'!CI48+'3.2Cost by Packages'!CM48+'3.2Cost by Packages'!CQ48+'3.2Cost by Packages'!CU48+'3.2Cost by Packages'!CY48+'3.2Cost by Packages'!DC48+'3.2Cost by Packages'!DG48+'3.2Cost by Packages'!DK48+'3.2Cost by Packages'!DO48+'3.2Cost by Packages'!DS48+'3.2Cost by Packages'!DW48 -> 22547.143
A47: 11.1 | C47: Planimetric | H47: 1/1,000 | J47: (ha) | K47: =ROUND(1416438/F73*(1-D74),2) -> 61.29 | M47: =Q47+U47+Y47+AC47+AG47+AK47+AO47+AS47 -> 79.25 | O47: =S47+W47+AA47+AE47+AI47+AM47+AQ47+AU47 -> 4857.2325 | Q47: ='3.2Cost by Packages'!Q49+'3.2Cost by Packages'!U49+'3.2Cost by Packages'!Y49+'3.2Cost by Packages'!AC49+'3.2Cost by Packages'!AG49+'3.2Cost by Packages'!AK49+'3.2Cost by Packages'!AO49+'3.2Cost by Packages'!AS49+'3.2Cost by Packages'!AW49+'3.2Cost by Packages'!BA49+'3.2Cost by Packages'!BE49+'3.2Cost by Packages'!BI49+'3.2Cost by Packages'!BM49+'3.2Cost by Packages'!BQ49+'3.2Cost by Packages'!BU49+'3.2Cost by Packages'!BY49+'3.2Cost by Packages'!CC49+'3.2Cost by Packages'!CG49+'3.2Cost by Packages'!CK49+'3.2Cost by Packages'!CO49+'3.2Cost by Packages'!CS49+'3.2Cost by Packages'!CW49+'3.2Cost by Packages'!DA49+'3.2Cost by Packages'!DE49+'3.2Cost by Packages'!DI49+'3.2Cost by Packages'!DM49+'3.2Cost by Packages'!DQ49+'3.2Cost by Packages'!DU49 -> 79.25 | S47: ='3.2Cost by Packages'!O49+'3.2Cost by Packages'!S49+'3.2Cost by Packages'!W49+'3.2Cost by Packages'!AA49+'3.2Cost by Packages'!AE49+'3.2Cost by Packages'!AI49+'3.2Cost by Packages'!AM49+'3.2Cost by Packages'!AQ49+'3.2Cost by Packages'!AU49+'3.2Cost by Packages'!AY49+'3.2Cost by Packages'!BC49+'3.2Cost by Packages'!BG49+'3.2Cost by Packages'!BK49+'3.2Cost by Packages'!BO49+'3.2Cost by Packages'!BS49+'3.2Cost by Packages'!BW49+'3.2Cost by Packages'!CA49+'3.2Cost by Packages'!CE49+'3.2Cost by Packages'!CI49+'3.2Cost by Packages'!CM49+'3.2Cost by Packages'!CQ49+'3.2Cost by Packages'!CU49+'3.2Cost by Packages'!CY49+'3.2Cost by Packages'!DC49+'3.2Cost by Packages'!DG49+'3.2Cost by Packages'!DK49+'3.2Cost by Packages'!DO49+'3.2Cost by Packages'!DS49+'3.2Cost by Packages'!DW49 -> 4857.2325
A48: 11.2 | C48: Profile | H48: 1/1,000; 1/100 | J48: (km) | K48: =ROUND(10129834/F73*(1-D74),2) -> 438.31 | M48: =Q48+U48+Y48+AC48+AG48+AK48+AO48+AS48 -> 7.925 | O48: =S48+W48+AA48+AE48+AI48+AM48+AQ48+AU48 -> 3473.6067 | Q48: ='3.2Cost by Packages'!Q50+'3.2Cost by Packages'!U50+'3.2Cost by Packages'!Y50+'3.2Cost by Packages'!AC50+'3.2Cost by Packages'!AG50+'3.2Cost by Packages'!AK50+'3.2Cost by Packages'!AO50+'3.2Cost by Packages'!AS50+'3.2Cost by Packages'!AW50+'3.2Cost by Packages'!BA50+'3.2Cost by Packages'!BE50+'3.2Cost by Packages'!BI50+'3.2Cost by Packages'!BM50+'3.2Cost by Packages'!BQ50+'3.2Cost by Packages'!BU50+'3.2Cost by Packages'!BY50+'3.2Cost by Packages'!CC50+'3.2Cost by Packages'!CG50+'3.2Cost by Packages'!CK50+'3.2Cost by Packages'!CO50+'3.2Cost by Packages'!CS50+'3.2Cost by Packages'!CW50+'3.2Cost by Packages'!DA50+'3.2Cost by Packages'!DE50+'3.2Cost by Packages'!DI50+'3.2Cost by Packages'!DM50+'3.2Cost by Packages'!DQ50+'3.2Cost by Packages'!DU50 -> 7.925 | S48: ='3.2Cost by Packages'!O50+'3.2Cost by Packages'!S50+'3.2Cost by Packages'!W50+'3.2Cost by Packages'!AA50+'3.2Cost by Packages'!AE50+'3.2Cost by Packages'!AI50+'3.2Cost by Packages'!AM50+'3.2Cost by Packages'!AQ50+'3.2Cost by Packages'!AU50+'3.2Cost by Packages'!AY50+'3.2Cost by Packages'!BC50+'3.2Cost by Packages'!BG50+'3.2Cost by Packages'!BK50+'3.2Cost by Packages'!BO50+'3.2Cost by Packages'!BS50+'3.2Cost by Packages'!BW50+'3.2Cost by Packages'!CA50+'3.2Cost by Packages'!CE50+'3.2Cost by Packages'!CI50+'3.2Cost by Packages'!CM50+'3.2Cost by Packages'!CQ50+'3.2Cost by Packages'!CU50+'3.2Cost by Packages'!CY50+'3.2Cost by Packages'!DC50+'3.2Cost by Packages'!DG50+'3.2Cost by Packages'!DK50+'3.2Cost by Packages'!DO50+'3.2Cost by Packages'!DS50+'3.2Cost by Packages'!DW50 -> 3473.6067
A49: 11.3 | C49: Cross-section | H49: 1/200 | J49: (km) | K49: =ROUND(13236433/F73*(1-D74),2) -> 572.73 | M49: =Q49+U49+Y49+AC49+AG49+AK49+AO49+AS49 -> 24.822 | O49: =S49+W49+AA49+AE49+AI49+AM49+AQ49+AU49 -> 14216.304 | Q49: ='3.2Cost by Packages'!Q51+'3.2Cost by Packages'!U51+'3.2Cost by Packages'!Y51+'3.2Cost by Packages'!AC51+'3.2Cost by Packages'!AG51+'3.2Cost by Packages'!AK51+'3.2Cost by Packages'!AO51+'3.2Cost by Packages'!AS51+'3.2Cost by Packages'!AW51+'3.2Cost by Packages'!BA51+'3.2Cost by Packages'!BE51+'3.2Cost by Packages'!BI51+'3.2Cost by Packages'!BM51+'3.2Cost by Packages'!BQ51+'3.2Cost by Packages'!BU51+'3.2Cost by Packages'!BY51+'3.2Cost by Packages'!CC51+'3.2Cost by Packages'!CG51+'3.2Cost by Packages'!CK51+'3.2Cost by Packages'!CO51+'3.2Cost by Packages'!CS51+'3.2Cost by Packages'!CW51+'3.2Cost by Packages'!DA51+'3.2Cost by Packages'!DE51+'3.2Cost by Packages'!DI51+'3.2Cost by Packages'!DM51+'3.2Cost by Packages'!DQ51+'3.2Cost by Packages'!DU51 -> 24.822 | S49: ='3.2Cost by Packages'!O51+'3.2Cost by Packages'!S51+'3.2Cost by Packages'!W51+'3.2Cost by Packages'!AA51+'3.2Cost by Packages'!AE51+'3.2Cost by Packages'!AI51+'3.2Cost by Packages'!AM51+'3.2Cost by Packages'!AQ51+'3.2Cost by Packages'!AU51+'3.2Cost by Packages'!AY51+'3.2Cost by Packages'!BC51+'3.2Cost by Packages'!BG51+'3.2Cost by Packages'!BK51+'3.2Cost by Packages'!BO51+'3.2Cost by Packages'!BS51+'3.2Cost by Packages'!BW51+'3.2Cost by Packages'!CA51+'3.2Cost by Packages'!CE51+'3.2Cost by Packages'!CI51+'3.2Cost by Packages'!CM51+'3.2Cost by Packages'!CQ51+'3.2Cost by Packages'!CU51+'3.2Cost by Packages'!CY51+'3.2Cost by Packages'!DC51+'3.2Cost by Packages'!DG51+'3.2Cost by Packages'!DK51+'3.2Cost by Packages'!DO51+'3.2Cost by Packages'!DS51+'3.2Cost by Packages'!DW51 -> 14216.304
A50: 12 | C50: Bridge (BR) | M50: =Q50+U50+Y50+AC50+AG50+AK50+AO50+AS50 -> 0 | O50: =S50+W50+AA50+AE50+AI50+AM50+AQ50+AU50 -> 2113.6972 | Q50: ='3.2Cost by Packages'!Q52+'3.2Cost by Packages'!U52+'3.2Cost by Packages'!Y52+'3.2Cost by Packages'!AC52+'3.2Cost by Packages'!AG52+'3.2Cost by Packages'!AK52+'3.2Cost by Packages'!AO52+'3.2Cost by Packages'!AS52+'3.2Cost by Packages'!AW52+'3.2Cost by Packages'!BA52+'3.2Cost by Packages'!BE52+'3.2Cost by Packages'!BI52+'3.2Cost by Packages'!BM52+'3.2Cost by Packages'!BQ52+'3.2Cost by Packages'!BU52+'3.2Cost by Packages'!BY52+'3.2Cost by Packages'!CC52+'3.2Cost by Packages'!CG52+'3.2Cost by Packages'!CK52+'3.2Cost by Packages'!CO52+'3.2Cost by Packages'!CS52+'3.2Cost by Packages'!CW52+'3.2Cost by Packages'!DA52+'3.2Cost by Packages'!DE52+'3.2Cost by Packages'!DI52+'3.2Cost by Packages'!DM52+'3.2Cost by Packages'!DQ52+'3.2Cost by Packages'!DU52 -> 0 | S50: ='3.2Cost by Packages'!O52+'3.2Cost by Packages'!S52+'3.2Cost by Packages'!W52+'3.2Cost by Packages'!AA52+'3.2Cost by Packages'!AE52+'3.2Cost by Packages'!AI52+'3.2Cost by Packages'!AM52+'3.2Cost by Packages'!AQ52+'3.2Cost by Packages'!AU52+'3.2Cost by Packages'!AY52+'3.2Cost by Packages'!BC52+'3.2Cost by Packages'!BG52+'3.2Cost by Packages'!BK52+'3.2Cost by Packages'!BO52+'3.2Cost by Packages'!BS52+'3.2Cost by Packages'!BW52+'3.2Cost by Packages'!CA52+'3.2Cost by Packages'!CE52+'3.2Cost by Packages'!CI52+'3.2Cost by Packages'!CM52+'3.2Cost by Packages'!CQ52+'3.2Cost by Packages'!CU52+'3.2Cost by Packages'!CY52+'3.2Cost by Packages'!DC52+'3.2Cost by Packages'!DG52+'3.2Cost by Packages'!DK52+'3.2Cost by Packages'!DO52+'3.2Cost by Packages'!DS52+'3.2Cost by Packages'!DW52 -> 2113.6972
A51: 12.1 | C51: Secondary Control Point | H51: Class II | J51: (nos.) | K51: =ROUND(3481284/F73*(1-D74),2) -> 150.63 | M51: =Q51+U51+Y51+AC51+AG51+AK51+AO51+AS51 -> 6 | O51: =S51+W51+AA51+AE51+AI51+AM51+AQ51+AU51 -> 903.78 | Q51: ='3.2Cost by Packages'!Q53+'3.2Cost by Packages'!U53+'3.2Cost by Packages'!Y53+'3.2Cost by Packages'!AC53+'3.2Cost by Packages'!AG53+'3.2Cost by Packages'!AK53+'3.2Cost by Packages'!AO53+'3.2Cost by Packages'!AS53+'3.2Cost by Packages'!AW53+'3.2Cost by Packages'!BA53+'3.2Cost by Packages'!BE53+'3.2Cost by Packages'!BI53+'3.2Cost by Packages'!BM53+'3.2Cost by Packages'!BQ53+'3.2Cost by Packages'!BU53+'3.2Cost by Packages'!BY53+'3.2Cost by Packages'!CC53+'3.2Cost by Packages'!CG53+'3.2Cost by Packages'!CK53+'3.2Cost by Packages'!CO53+'3.2Cost by Packages'!CS53+'3.2Cost by Packages'!CW53+'3.2Cost by Packages'!DA53+'3.2Cost by Packages'!DE53+'3.2Cost by Packages'!DI53+'3.2Cost by Packages'!DM53+'3.2Cost by Packages'!DQ53+'3.2Cost by Packages'!DU53 -> 6 | S51: ='3.2Cost by Packages'!O53+'3.2Cost by Packages'!S53+'3.2Cost by Packages'!W53+'3.2Cost by Packages'!AA53+'3.2Cost by Packages'!AE53+'3.2Cost by Packages'!AI53+'3.2Cost by Packages'!AM53+'3.2Cost by Packages'!AQ53+'3.2Cost by Packages'!AU53+'3.2Cost by Packages'!AY53+'3.2Cost by Packages'!BC53+'3.2Cost by Packages'!BG53+'3.2Cost by Packages'!BK53+'3.2Cost by Packages'!BO53+'3.2Cost by Packages'!BS53+'3.2Cost by Packages'!BW53+'3.2Cost by Packages'!CA53+'3.2Cost by Packages'!CE53+'3.2Cost by Packages'!CI53+'3.2Cost by Packages'!CM53+'3.2Cost by Packages'!CQ53+'3.2Cost by Packages'!CU53+'3.2Cost by Packages'!CY53+'3.2Cost by Packages'!DC53+'3.2Cost by Packages'!DG53+'3.2Cost by Packages'!DK53+'3.2Cost by Packages'!DO53+'3.2Cost by Packages'!DS53+'3.2Cost by Packages'!DW53 -> 903.78
A52: 12.2 | C52: Planimetric (On Shore) | H52: 1/500 | J52: (ha) | K52: =ROUND(4052850/F73*(1-D74),2) -> 175.36 | M52: =Q52+U52+Y52+AC52+AG52+AK52+AO52+AS52 -> 2.22 | O52: =S52+W52+AA52+AE52+AI52+AM52+AQ52+AU52 -> 389.2992 | Q52: ='3.2Cost by Packages'!Q54+'3.2Cost by Packages'!U54+'3.2Cost by Packages'!Y54+'3.2Cost by Packages'!AC54+'3.2Cost by Packages'!AG54+'3.2Cost by Packages'!AK54+'3.2Cost by Packages'!AO54+'3.2Cost by Packages'!AS54+'3.2Cost by Packages'!AW54+'3.2Cost by Packages'!BA54+'3.2Cost by Packages'!BE54+'3.2Cost by Packages'!BI54+'3.2Cost by Packages'!BM54+'3.2Cost by Packages'!BQ54+'3.2Cost by Packages'!BU54+'3.2Cost by Packages'!BY54+'3.2Cost by Packages'!CC54+'3.2Cost by Packages'!CG54+'3.2Cost by Packages'!CK54+'3.2Cost by Packages'!CO54+'3.2Cost by Packages'!CS54+'3.2Cost by Packages'!CW54+'3.2Cost by Packages'!DA54+'3.2Cost by Packages'!DE54+'3.2Cost by Packages'!DI54+'3.2Cost by Packages'!DM54+'3.2Cost by Packages'!DQ54+'3.2Cost by Packages'!DU54 -> 2.22 | S52: ='3.2Cost by Packages'!O54+'3.2Cost by Packages'!S54+'3.2Cost by Packages'!W54+'3.2Cost by Packages'!AA54+'3.2Cost by Packages'!AE54+'3.2Cost by Packages'!AI54+'3.2Cost by Packages'!AM54+'3.2Cost by Packages'!AQ54+'3.2Cost by Packages'!AU54+'3.2Cost by Packages'!AY54+'3.2Cost by Packages'!BC54+'3.2Cost by Packages'!BG54+'3.2Cost by Packages'!BK54+'3.2Cost by Packages'!BO54+'3.2Cost by Packages'!BS54+'3.2Cost by Packages'!BW54+'3.2Cost by Packages'!CA54+'3.2Cost by Packages'!CE54+'3.2Cost by Packages'!CI54+'3.2Cost by Packages'!CM54+'3.2Cost by Packages'!CQ54+'3.2Cost by Packages'!CU54+'3.2Cost by Packages'!CY54+'3.2Cost by Packages'!DC54+'3.2Cost by Packages'!DG54+'3.2Cost by Packages'!DK54+'3.2Cost by Packages'!DO54+'3.2Cost by Packages'!DS54+'3.2Cost by Packages'!DW54 -> 389.2992
A53: 12.3 | C53: Planimetric (Off Shore) | H53: 1/500 | J53: (ha) | K53: =ROUND(5227161/F73*(1-D74),2) -> 226.18 | M53: =Q53+U53+Y53+AC53+AG53+AK53+AO53+AS53 -> 0.75 | O53: =S53+W53+AA53+AE53+AI53+AM53+AQ53+AU53 -> 169.635 | Q53: ='3.2Cost by Packages'!Q55+'3.2Cost by Packages'!U55+'3.2Cost by Packages'!Y55+'3.2Cost by Packages'!AC55+'3.2Cost by Packages'!AG55+'3.2Cost by Packages'!AK55+'3.2Cost by Packages'!AO55+'3.2Cost by Packages'!AS55+'3.2Cost by Packages'!AW55+'3.2Cost by Packages'!BA55+'3.2Cost by Packages'!BE55+'3.2Cost by Packages'!BI55+'3.2Cost by Packages'!BM55+'3.2Cost by Packages'!BQ55+'3.2Cost by Packages'!BU55+'3.2Cost by Packages'!BY55+'3.2Cost by Packages'!CC55+'3.2Cost by Packages'!CG55+'3.2Cost by Packages'!CK55+'3.2Cost by Packages'!CO55+'3.2Cost by Packages'!CS55+'3.2Cost by Packages'!CW55+'3.2Cost by Packages'!DA55+'3.2Cost by Packages'!DE55+'3.2Cost by Packages'!DI55+'3.2Cost by Packages'!DM55+'3.2Cost by Packages'!DQ55+'3.2Cost by Packages'!DU55 -> 0.75 | S53: ='3.2Cost by Packages'!O55+'3.2Cost by Packages'!S55+'3.2Cost by Packages'!W55+'3.2Cost by Packages'!AA55+'3.2Cost by Packages'!AE55+'3.2Cost by Packages'!AI55+'3.2Cost by Packages'!AM55+'3.2Cost by Packages'!AQ55+'3.2Cost by Packages'!AU55+'3.2Cost by Packages'!AY55+'3.2Cost by Packages'!BC55+'3.2Cost by Packages'!BG55+'3.2Cost by Packages'!BK55+'3.2Cost by Packages'!BO55+'3.2Cost by Packages'!BS55+'3.2Cost by Packages'!BW55+'3.2Cost by Packages'!CA55+'3.2Cost by Packages'!CE55+'3.2Cost by Packages'!CI55+'3.2Cost by Packages'!CM55+'3.2Cost by Packages'!CQ55+'3.2Cost by Packages'!CU55+'3.2Cost by Packages'!CY55+'3.2Cost by Packages'!DC55+'3.2Cost by Packages'!DG55+'3.2Cost by Packages'!DK55+'3.2Cost by Packages'!DO55+'3.2Cost by Packages'!DS55+'3.2Cost by Packages'!DW55 -> 169.635
A54: 12.4 | C54: Profile (On Shore) | H54: 1/500 | J54: (km) | K54: =ROUND(10129834/F73*(1-D74),2) -> 438.31 | M54: =Q54+U54+Y54+AC54+AG54+AK54+AO54+AS54 -> 0.222 | O54: =S54+W54+AA54+AE54+AI54+AM54+AQ54+AU54 -> 97.30482 | Q54: ='3.2Cost by Packages'!Q56+'3.2Cost by Packages'!U56+'3.2Cost by Packages'!Y56+'3.2Cost by Packages'!AC56+'3.2Cost by Packages'!AG56+'3.2Cost by Packages'!AK56+'3.2Cost by Packages'!AO56+'3.2Cost by Packages'!AS56+'3.2Cost by Packages'!AW56+'3.2Cost by Packages'!BA56+'3.2Cost by Packages'!BE56+'3.2Cost by Packages'!BI56+'3.2Cost by Packages'!BM56+'3.2Cost by Packages'!BQ56+'3.2Cost by Packages'!BU56+'3.2Cost by Packages'!BY56+'3.2Cost by Packages'!CC56+'3.2Cost by Packages'!CG56+'3.2Cost by Packages'!CK56+'3.2Cost by Packages'!CO56+'3.2Cost by Packages'!CS56+'3.2Cost by Packages'!CW56+'3.2Cost by Packages'!DA56+'3.2Cost by Packages'!DE56+'3.2Cost by Packages'!DI56+'3.2Cost by Packages'!DM56+'3.2Cost by Packages'!DQ56+'3.2Cost by Packages'!DU56 -> 0.222 | S54: ='3.2Cost by Packages'!O56+'3.2Cost by Packages'!S56+'3.2Cost by Packages'!W56+'3.2Cost by Packages'!AA56+'3.2Cost by Packages'!AE56+'3.2Cost by Packages'!AI56+'3.2Cost by Packages'!AM56+'3.2Cost by Packages'!AQ56+'3.2Cost by Packages'!AU56+'3.2Cost by Packages'!AY56+'3.2Cost by Packages'!BC56+'3.2Cost by Packages'!BG56+'3.2Cost by Packages'!BK56+'3.2Cost by Packages'!BO56+'3.2Cost by Packages'!BS56+'3.2Cost by Packages'!BW56+'3.2Cost by Packages'!CA56+'3.2Cost by Packages'!CE56+'3.2Cost by Packages'!CI56+'3.2Cost by Packages'!CM56+'3.2Cost by Packages'!CQ56+'3.2Cost by Packages'!CU56+'3.2Cost by Packages'!CY56+'3.2Cost by Packages'!DC56+'3.2Cost by Packages'!DG56+'3.2Cost by Packages'!DK56+'3.2Cost by Packages'!DO56+'3.2Cost by Packages'!DS56+'3.2Cost by Packages'!DW56 -> 97.30482
A55: 12.5 | C55: Profile (Off Shore) | H55: 1/500 | J55: (km) | K55: =ROUND(10977122/F73*(1-D74),2) -> 474.97 | M55: =Q55+U55+Y55+AC55+AG55+AK55+AO55+AS55 -> 0.075 | O55: =S55+W55+AA55+AE55+AI55+AM55+AQ55+AU55 -> 35.62275 | Q55: ='3.2Cost by Packages'!Q57+'3.2Cost by Packages'!U57+'3.2Cost by Packages'!Y57+'3.2Cost by Packages'!AC57+'3.2Cost by Packages'!AG57+'3.2Cost by Packages'!AK57+'3.2Cost by Packages'!AO57+'3.2Cost by Packages'!AS57+'3.2Cost by Packages'!AW57+'3.2Cost by Packages'!BA57+'3.2Cost by Packages'!BE57+'3.2Cost by Packages'!BI57+'3.2Cost by Packages'!BM57+'3.2Cost by Packages'!BQ57+'3.2Cost by Packages'!BU57+'3.2Cost by Packages'!BY57+'3.2Cost by Packages'!CC57+'3.2Cost by Packages'!CG57+'3.2Cost by Packages'!CK57+'3.2Cost by Packages'!CO57+'3.2Cost by Packages'!CS57+'3.2Cost by Packages'!CW57+'3.2Cost by Packages'!DA57+'3.2Cost by Packages'!DE57+'3.2Cost by Packages'!DI57+'3.2Cost by Packages'!DM57+'3.2Cost by Packages'!DQ57+'3.2Cost by Packages'!DU57 -> 0.075 | S55: ='3.2Cost by Packages'!O57+'3.2Cost by Packages'!S57+'3.2Cost by Packages'!W57+'3.2Cost by Packages'!AA57+'3.2Cost by Packages'!AE57+'3.2Cost by Packages'!AI57+'3.2Cost by Packages'!AM57+'3.2Cost by Packages'!AQ57+'3.2Cost by Packages'!AU57+'3.2Cost by Packages'!AY57+'3.2Cost by Packages'!BC57+'3.2Cost by Packages'!BG57+'3.2Cost by Packages'!BK57+'3.2Cost by Packages'!BO57+'3.2Cost by Packages'!BS57+'3.2Cost by Packages'!BW57+'3.2Cost by Packages'!CA57+'3.2Cost by Packages'!CE57+'3.2Cost by Packages'!CI57+'3.2Cost by Packages'!CM57+'3.2Cost by Packages'!CQ57+'3.2Cost by Packages'!CU57+'3.2Cost by Packages'!CY57+'3.2Cost by Packages'!DC57+'3.2Cost by Packages'!DG57+'3.2Cost by Packages'!DK57+'3.2Cost by Packages'!DO57+'3.2Cost by Packages'!DS57+'3.2Cost by Packages'!DW57 -> 35.62275
A56: 12.6 | C56: Cross-section (Approach Road) | H56: 1/200 | J56: (km) | K56: =ROUND(13236433/F73*(1-D74),2) -> 572.73 | M56: =Q56+U56+Y56+AC56+AG56+AK56+AO56+AS56 -> 0.567 | O56: =S56+W56+AA56+AE56+AI56+AM56+AQ56+AU56 -> 324.73791 | Q56: ='3.2Cost by Packages'!Q58+'3.2Cost by Packages'!U58+'3.2Cost by Packages'!Y58+'3.2Cost by Packages'!AC58+'3.2Cost by Packages'!AG58+'3.2Cost by Packages'!AK58+'3.2Cost by Packages'!AO58+'3.2Cost by Packages'!AS58+'3.2Cost by Packages'!AW58+'3.2Cost by Packages'!BA58+'3.2Cost by Packages'!BE58+'3.2Cost by Packages'!BI58+'3.2Cost by Packages'!BM58+'3.2Cost by Packages'!BQ58+'3.2Cost by Packages'!BU58+'3.2Cost by Packages'!BY58+'3.2Cost by Packages'!CC58+'3.2Cost by Packages'!CG58+'3.2Cost by Packages'!CK58+'3.2Cost by Packages'!CO58+'3.2Cost by Packages'!CS58+'3.2Cost by Packages'!CW58+'3.2Cost by Packages'!DA58+'3.2Cost by Packages'!DE58+'3.2Cost by Packages'!DI58+'3.2Cost by Packages'!DM58+'3.2Cost by Packages'!DQ58+'3.2Cost by Packages'!DU58 -> 0.567 | S56: ='3.2Cost by Packages'!O58+'3.2Cost by Packages'!S58+'3.2Cost by Packages'!W58+'3.2Cost by Packages'!AA58+'3.2Cost by Packages'!AE58+'3.2Cost by Packages'!AI58+'3.2Cost by Packages'!AM58+'3.2Cost by Packages'!AQ58+'3.2Cost by Packages'!AU58+'3.2Cost by Packages'!AY58+'3.2Cost by Packages'!BC58+'3.2Cost by Packages'!BG58+'3.2Cost by Packages'!BK58+'3.2Cost by Packages'!BO58+'3.2Cost by Packages'!BS58+'3.2Cost by Packages'!BW58+'3.2Cost by Packages'!CA58+'3.2Cost by Packages'!CE58+'3.2Cost by Packages'!CI58+'3.2Cost by Packages'!CM58+'3.2Cost by Packages'!CQ58+'3.2Cost by Packages'!CU58+'3.2Cost by Packages'!CY58+'3.2Cost by Packages'!DC58+'3.2Cost by Packages'!DG58+'3.2Cost by Packages'!DK58+'3.2Cost by Packages'!DO58+'3.2Cost by Packages'!DS58+'3.2Cost by Packages'!DW58 -> 324.73791
A57: 12.7 | C57: River Profile | H57: 1/1,000; 1/100 | J57: (km) | K57: =ROUND(10977122/F73*(1-D74),2) -> 474.97 | M57: =Q57+U57+Y57+AC57+AG57+AK57+AO57+AS57 -> 0.2 | O57: =S57+W57+AA57+AE57+AI57+AM57+AQ57+AU57 -> 94.994 | Q57: ='3.2Cost by Packages'!Q59+'3.2Cost by Packages'!U59+'3.2Cost by Packages'!Y59+'3.2Cost by Packages'!AC59+'3.2Cost by Packages'!AG59+'3.2Cost by Packages'!AK59+'3.2Cost by Packages'!AO59+'3.2Cost by Packages'!AS59+'3.2Cost by Packages'!AW59+'3.2Cost by Packages'!BA59+'3.2Cost by Packages'!BE59+'3.2Cost by Packages'!BI59+'3.2Cost by Packages'!BM59+'3.2Cost by Packages'!BQ59+'3.2Cost by Packages'!BU59+'3.2Cost by Packages'!BY59+'3.2Cost by Packages'!CC59+'3.2Cost by Packages'!CG59+'3.2Cost by Packages'!CK59+'3.2Cost by Packages'!CO59+'3.2Cost by Packages'!CS59+'3.2Cost by Packages'!CW59+'3.2Cost by Packages'!DA59+'3.2Cost by Packages'!DE59+'3.2Cost by Packages'!DI59+'3.2Cost by Packages'!DM59+'3.2Cost by Packages'!DQ59+'3.2Cost by Packages'!DU59 -> 0.2 | S57: ='3.2Cost by Packages'!O59+'3.2Cost by Packages'!S59+'3.2Cost by Packages'!W59+'3.2Cost by Packages'!AA59+'3.2Cost by Packages'!AE59+'3.2Cost by Packages'!AI59+'3.2Cost by Packages'!AM59+'3.2Cost by Packages'!AQ59+'3.2Cost by Packages'!AU59+'3.2Cost by Packages'!AY59+'3.2Cost by Packages'!BC59+'3.2Cost by Packages'!BG59+'3.2Cost by Packages'!BK59+'3.2Cost by Packages'!BO59+'3.2Cost by Packages'!BS59+'3.2Cost by Packages'!BW59+'3.2Cost by Packages'!CA59+'3.2Cost by Packages'!CE59+'3.2Cost by Packages'!CI59+'3.2Cost by Packages'!CM59+'3.2Cost by Packages'!CQ59+'3.2Cost by Packages'!CU59+'3.2Cost by Packages'!CY59+'3.2Cost by Packages'!DC59+'3.2Cost by Packages'!DG59+'3.2Cost by Packages'!DK59+'3.2Cost by Packages'!DO59+'3.2Cost by Packages'!DS59+'3.2Cost by Packages'!DW59 -> 94.994
A58: 12.8 | C58: River Cross-section | H58: 1/200 | J58: (km) | K58: =ROUND(15149034/F73*(1-D74),2) -> 655.49 | M58: =Q58+U58+Y58+AC58+AG58+AK58+AO58+AS58 -> 0.15 | O58: =S58+W58+AA58+AE58+AI58+AM58+AQ58+AU58 -> 98.3235 | Q58: ='3.2Cost by Packages'!Q60+'3.2Cost by Packages'!U60+'3.2Cost by Packages'!Y60+'3.2Cost by Packages'!AC60+'3.2Cost by Packages'!AG60+'3.2Cost by Packages'!AK60+'3.2Cost by Packages'!AO60+'3.2Cost by Packages'!AS60+'3.2Cost by Packages'!AW60+'3.2Cost by Packages'!BA60+'3.2Cost by Packages'!BE60+'3.2Cost by Packages'!BI60+'3.2Cost by Packages'!BM60+'3.2Cost by Packages'!BQ60+'3.2Cost by Packages'!BU60+'3.2Cost by Packages'!BY60+'3.2Cost by Packages'!CC60+'3.2Cost by Packages'!CG60+'3.2Cost by Packages'!CK60+'3.2Cost by Packages'!CO60+'3.2Cost by Packages'!CS60+'3.2Cost by Packages'!CW60+'3.2Cost by Packages'!DA60+'3.2Cost by Packages'!DE60+'3.2Cost by Packages'!DI60+'3.2Cost by Packages'!DM60+'3.2Cost by Packages'!DQ60+'3.2Cost by Packages'!DU60 -> 0.15 | S58: ='3.2Cost by Packages'!O60+'3.2Cost by Packages'!S60+'3.2Cost by Packages'!W60+'3.2Cost by Packages'!AA60+'3.2Cost by Packages'!AE60+'3.2Cost by Packages'!AI60+'3.2Cost by Packages'!AM60+'3.2Cost by Packages'!AQ60+'3.2Cost by Packages'!AU60+'3.2Cost by Packages'!AY60+'3.2Cost by Packages'!BC60+'3.2Cost by Packages'!BG60+'3.2Cost by Packages'!BK60+'3.2Cost by Packages'!BO60+'3.2Cost by Packages'!BS60+'3.2Cost by Packages'!BW60+'3.2Cost by Packages'!CA60+'3.2Cost by Packages'!CE60+'3.2Cost by Packages'!CI60+'3.2Cost by Packages'!CM60+'3.2Cost by Packages'!CQ60+'3.2Cost by Packages'!CU60+'3.2Cost by Packages'!CY60+'3.2Cost by Packages'!DC60+'3.2Cost by Packages'!DG60+'3.2Cost by Packages'!DK60+'3.2Cost by Packages'!DO60+'3.2Cost by Packages'!DS60+'3.2Cost by Packages'!DW60 -> 98.3235
A59: 13 | C59: Culvert Box (CB) | M59: =Q59+U59+Y59+AC59+AG59+AK59+AO59+AS59 -> 0 | O59: =S59+W59+AA59+AE59+AI59+AM59+AQ59+AU59 -> 1051.944 | Q59: ='3.2Cost by Packages'!Q61+'3.2Cost by Packages'!U61+'3.2Cost by Packages'!Y61+'3.2Cost by Packages'!AC61+'3.2Cost by Packages'!AG61+'3.2Cost by Packages'!AK61+'3.2Cost by Packages'!AO61+'3.2Cost by Packages'!AS61+'3.2Cost by Packages'!AW61+'3.2Cost by Packages'!BA61+'3.2Cost by Packages'!BE61+'3.2Cost by Packages'!BI61+'3.2Cost by Packages'!BM61+'3.2Cost by Packages'!BQ61+'3.2Cost by Packages'!BU61+'3.2Cost by Packages'!BY61+'3.2Cost by Packages'!CC61+'3.2Cost by Packages'!CG61+'3.2Cost by Packages'!CK61+'3.2Cost by Packages'!CO61+'3.2Cost by Packages'!CS61+'3.2Cost by Packages'!CW61+'3.2Cost by Packages'!DA61+'3.2Cost by Packages'!DE61+'3.2Cost by Packages'!DI61+'3.2Cost by Packages'!DM61+'3.2Cost by Packages'!DQ61+'3.2Cost by Packages'!DU61 -> 0 | S59: ='3.2Cost by Packages'!O61+'3.2Cost by Packages'!S61+'3.2Cost by Packages'!W61+'3.2Cost by Packages'!AA61+'3.2Cost by Packages'!AE61+'3.2Cost by Packages'!AI61+'3.2Cost by Packages'!AM61+'3.2Cost by Packages'!AQ61+'3.2Cost by Packages'!AU61+'3.2Cost by Packages'!AY61+'3.2Cost by Packages'!BC61+'3.2Cost by Packages'!BG61+'3.2Cost by Packages'!BK61+'3.2Cost by Packages'!BO61+'3.2Cost by Packages'!BS61+'3.2Cost by Packages'!BW61+'3.2Cost by Packages'!CA61+'3.2Cost by Packages'!CE61+'3.2Cost by Packages'!CI61+'3.2Cost by Packages'!CM61+'3.2Cost by Packages'!CQ61+'3.2Cost by Packages'!CU61+'3.2Cost by Packages'!CY61+'3.2Cost by Packages'!DC61+'3.2Cost by Packages'!DG61+'3.2Cost by Packages'!DK61+'3.2Cost by Packages'!DO61+'3.2Cost by Packages'!DS61+'3.2Cost by Packages'!DW61 -> 1051.944
A60: 13.1 | C60: Profile | H60: 1/500 | J60: (km) | K60: =ROUND(10129834/F73*(1-D74),2) -> 438.31 | M60: =Q60+U60+Y60+AC60+AG60+AK60+AO60+AS60 -> 0 | O60: =S60+W60+AA60+AE60+AI60+AM60+AQ60+AU60 -> 0 | Q60: ='3.2Cost by Packages'!Q62+'3.2Cost by Packages'!U62+'3.2Cost by Packages'!Y62+'3.2Cost by Packages'!AC62+'3.2Cost by Packages'!AG62+'3.2Cost by Packages'!AK62+'3.2Cost by Packages'!AO62+'3.2Cost by Packages'!AS62+'3.2Cost by Packages'!AW62+'3.2Cost by Packages'!BA62+'3.2Cost by Packages'!BE62+'3.2Cost by Packages'!BI62+'3.2Cost by Packages'!BM62+'3.2Cost by Packages'!BQ62+'3.2Cost by Packages'!BU62+'3.2Cost by Packages'!BY62+'3.2Cost by Packages'!CC62+'3.2Cost by Packages'!CG62+'3.2Cost by Packages'!CK62+'3.2Cost by Packages'!CO62+'3.2Cost by Packages'!CS62+'3.2Cost by Packages'!CW62+'3.2Cost by Packages'!DA62+'3.2Cost by Packages'!DE62+'3.2Cost by Packages'!DI62+'3.2Cost by Packages'!DM62+'3.2Cost by Packages'!DQ62+'3.2Cost by Packages'!DU62 -> 0 | S60: ='3.2Cost by Packages'!O62+'3.2Cost by Packages'!S62+'3.2Cost by Packages'!W62+'3.2Cost by Packages'!AA62+'3.2Cost by Packages'!AE62+'3.2Cost by Packages'!AI62+'3.2Cost by Packages'!AM62+'3.2Cost by Packages'!AQ62+'3.2Cost by Packages'!AU62+'3.2Cost by Packages'!AY62+'3.2Cost by Packages'!BC62+'3.2Cost by Packages'!BG62+'3.2Cost by Packages'!BK62+'3.2Cost by Packages'!BO62+'3.2Cost by Packages'!BS62+'3.2Cost by Packages'!BW62+'3.2Cost by Packages'!CA62+'3.2Cost by Packages'!CE62+'3.2Cost by Packages'!CI62+'3.2Cost by Packages'!CM62+'3.2Cost by Packages'!CQ62+'3.2Cost by Packages'!CU62+'3.2Cost by Packages'!CY62+'3.2Cost by Packages'!DC62+'3.2Cost by Packages'!DG62+'3.2Cost by Packages'!DK62+'3.2Cost by Packages'!DO62+'3.2Cost by Packages'!DS62+'3.2Cost by Packages'!DW62 -> 0
A61: 13.2 | C61: Profile | H61: 1/200 | J61: (km) | K61: =ROUND(10129834/F73*(1-D74),2) -> 438.31 | M61: =Q61+U61+Y61+AC61+AG61+AK61+AO61+AS61 -> 2.4 | O61: =S61+W61+AA61+AE61+AI61+AM61+AQ61+AU61 -> 1051.944 | Q61: ='3.2Cost by Packages'!Q63+'3.2Cost by Packages'!U63+'3.2Cost by Packages'!Y63+'3.2Cost by Packages'!AC63+'3.2Cost by Packages'!AG63+'3.2Cost by Packages'!AK63+'3.2Cost by Packages'!AO63+'3.2Cost by Packages'!AS63+'3.2Cost by Packages'!AW63+'3.2Cost by Packages'!BA63+'3.2Cost by Packages'!BE63+'3.2Cost by Packages'!BI63+'3.2Cost by Packages'!BM63+'3.2Cost by Packages'!BQ63+'3.2Cost by Packages'!BU63+'3.2Cost by Packages'!BY63+'3.2Cost by Packages'!CC63+'3.2Cost by Packages'!CG63+'3.2Cost by Packages'!CK63+'3.2Cost by Packages'!CO63+'3.2Cost by Packages'!CS63+'3.2Cost by Packages'!CW63+'3.2Cost by Packages'!DA63+'3.2Cost by Packages'!DE63+'3.2Cost by Packages'!DI63+'3.2Cost by Packages'!DM63+'3.2Cost by Packages'!DQ63+'3.2Cost by Packages'!DU63 -> 2.4 | S61: ='3.2Cost by Packages'!O63+'3.2Cost by Packages'!S63+'3.2Cost by Packages'!W63+'3.2Cost by Packages'!AA63+'3.2Cost by Packages'!AE63+'3.2Cost by Packages'!AI63+'3.2Cost by Packages'!AM63+'3.2Cost by Packages'!AQ63+'3.2Cost by Packages'!AU63+'3.2Cost by Packages'!AY63+'3.2Cost by Packages'!BC63+'3.2Cost by Packages'!BG63+'3.2Cost by Packages'!BK63+'3.2Cost by Packages'!BO63+'3.2Cost by Packages'!BS63+'3.2Cost by Packages'!BW63+'3.2Cost by Packages'!CA63+'3.2Cost by Packages'!CE63+'3.2Cost by Packages'!CI63+'3.2Cost by Packages'!CM63+'3.2Cost by Packages'!CQ63+'3.2Cost by Packages'!CU63+'3.2Cost by Packages'!CY63+'3.2Cost by Packages'!DC63+'3.2Cost by Packages'!DG63+'3.2Cost by Packages'!DK63+'3.2Cost by Packages'!DO63+'3.2Cost by Packages'!DS63+'3.2Cost by Packages'!DW63 -> 1051.944
A62: 13.3 | C62: Cross-section | H62: 1/200 | J62: (km) | K62: =ROUND(13236433/F73*(1-D74),2) -> 572.73 | M62: =Q62+U62+Y62+AC62+AG62+AK62+AO62+AS62 -> 0 | O62: =S62+W62+AA62+AE62+AI62+AM62+AQ62+AU62 -> 0 | Q62: ='3.2Cost by Packages'!Q64+'3.2Cost by Packages'!U64+'3.2Cost by Packages'!Y64+'3.2Cost by Packages'!AC64+'3.2Cost by Packages'!AG64+'3.2Cost by Packages'!AK64+'3.2Cost by Packages'!AO64+'3.2Cost by Packages'!AS64+'3.2Cost by Packages'!AW64+'3.2Cost by Packages'!BA64+'3.2Cost by Packages'!BE64+'3.2Cost by Packages'!BI64+'3.2Cost by Packages'!BM64+'3.2Cost by Packages'!BQ64+'3.2Cost by Packages'!BU64+'3.2Cost by Packages'!BY64+'3.2Cost by Packages'!CC64+'3.2Cost by Packages'!CG64+'3.2Cost by Packages'!CK64+'3.2Cost by Packages'!CO64+'3.2Cost by Packages'!CS64+'3.2Cost by Packages'!CW64+'3.2Cost by Packages'!DA64+'3.2Cost by Packages'!DE64+'3.2Cost by Packages'!DI64+'3.2Cost by Packages'!DM64+'3.2Cost by Packages'!DQ64+'3.2Cost by Packages'!DU64 -> 0 | S62: ='3.2Cost by Packages'!O64+'3.2Cost by Packages'!S64+'3.2Cost by Packages'!W64+'3.2Cost by Packages'!AA64+'3.2Cost by Packages'!AE64+'3.2Cost by Packages'!AI64+'3.2Cost by Packages'!AM64+'3.2Cost by Packages'!AQ64+'3.2Cost by Packages'!AU64+'3.2Cost by Packages'!AY64+'3.2Cost by Packages'!BC64+'3.2Cost by Packages'!BG64+'3.2Cost by Packages'!BK64+'3.2Cost by Packages'!BO64+'3.2Cost by Packages'!BS64+'3.2Cost by Packages'!BW64+'3.2Cost by Packages'!CA64+'3.2Cost by Packages'!CE64+'3.2Cost by Packages'!CI64+'3.2Cost by Packages'!CM64+'3.2Cost by Packages'!CQ64+'3.2Cost by Packages'!CU64+'3.2Cost by Packages'!CY64+'3.2Cost by Packages'!DC64+'3.2Cost by Packages'!DG64+'3.2Cost by Packages'!DK64+'3.2Cost by Packages'!DO64+'3.2Cost by Packages'!DS64+'3.2Cost by Packages'!DW64 -> 0
A63: 14 | C63: Culvert Pipe (CP) | M63: =Q63+U63+Y63+AC63+AG63+AK63+AO63+AS63 -> 0 | O63: =S63+W63+AA63+AE63+AI63+AM63+AQ63+AU63 -> 0 | Q63: ='3.2Cost by Packages'!Q65+'3.2Cost by Packages'!U65+'3.2Cost by Packages'!Y65+'3.2Cost by Packages'!AC65+'3.2Cost by Packages'!AG65+'3.2Cost by Packages'!AK65+'3.2Cost by Packages'!AO65+'3.2Cost by Packages'!AS65+'3.2Cost by Packages'!AW65+'3.2Cost by Packages'!BA65+'3.2Cost by Packages'!BE65+'3.2Cost by Packages'!BI65+'3.2Cost by Packages'!BM65+'3.2Cost by Packages'!BQ65+'3.2Cost by Packages'!BU65+'3.2Cost by Packages'!BY65+'3.2Cost by Packages'!CC65+'3.2Cost by Packages'!CG65+'3.2Cost by Packages'!CK65+'3.2Cost by Packages'!CO65+'3.2Cost by Packages'!CS65+'3.2Cost by Packages'!CW65+'3.2Cost by Packages'!DA65+'3.2Cost by Packages'!DE65+'3.2Cost by Packages'!DI65+'3.2Cost by Packages'!DM65+'3.2Cost by Packages'!DQ65+'3.2Cost by Packages'!DU65 -> 0 | S63: ='3.2Cost by Packages'!O65+'3.2Cost by Packages'!S65+'3.2Cost by Packages'!W65+'3.2Cost by Packages'!AA65+'3.2Cost by Packages'!AE65+'3.2Cost by Packages'!AI65+'3.2Cost by Packages'!AM65+'3.2Cost by Packages'!AQ65+'3.2Cost by Packages'!AU65+'3.2Cost by Packages'!AY65+'3.2Cost by Packages'!BC65+'3.2Cost by Packages'!BG65+'3.2Cost by Packages'!BK65+'3.2Cost by Packages'!BO65+'3.2Cost by Packages'!BS65+'3.2Cost by Packages'!BW65+'3.2Cost by Packages'!CA65+'3.2Cost by Packages'!CE65+'3.2Cost by Packages'!CI65+'3.2Cost by Packages'!CM65+'3.2Cost by Packages'!CQ65+'3.2Cost by Packages'!CU65+'3.2Cost by Packages'!CY65+'3.2Cost by Packages'!DC65+'3.2Cost by Packages'!DG65+'3.2Cost by Packages'!DK65+'3.2Cost by Packages'!DO65+'3.2Cost by Packages'!DS65+'3.2Cost by Packages'!DW65 -> 0
A64: 14.1 | C64: Profile | H64: 1/200 | J64: (km) | K64: =ROUND(10129834/F73*(1-D74),2) -> 438.31 | M64: =Q64+U64+Y64+AC64+AG64+AK64+AO64+AS64 -> 0 | O64: =S64+W64+AA64+AE64+AI64+AM64+AQ64+AU64 -> 0 | Q64: ='3.2Cost by Packages'!Q66+'3.2Cost by Packages'!U66+'3.2Cost by Packages'!Y66+'3.2Cost by Packages'!AC66+'3.2Cost by Packages'!AG66+'3.2Cost by Packages'!AK66+'3.2Cost by Packages'!AO66+'3.2Cost by Packages'!AS66+'3.2Cost by Packages'!AW66+'3.2Cost by Packages'!BA66+'3.2Cost by Packages'!BE66+'3.2Cost by Packages'!BI66+'3.2Cost by Packages'!BM66+'3.2Cost by Packages'!BQ66+'3.2Cost by Packages'!BU66+'3.2Cost by Packages'!BY66+'3.2Cost by Packages'!CC66+'3.2Cost by Packages'!CG66+'3.2Cost by Packages'!CK66+'3.2Cost by Packages'!CO66+'3.2Cost by Packages'!CS66+'3.2Cost by Packages'!CW66+'3.2Cost by Packages'!DA66+'3.2Cost by Packages'!DE66+'3.2Cost by Packages'!DI66+'3.2Cost by Packages'!DM66+'3.2Cost by Packages'!DQ66+'3.2Cost by Packages'!DU66 -> 0 | S64: ='3.2Cost by Packages'!O66+'3.2Cost by Packages'!S66+'3.2Cost by Packages'!W66+'3.2Cost by Packages'!AA66+'3.2Cost by Packages'!AE66+'3.2Cost by Packages'!AI66+'3.2Cost by Packages'!AM66+'3.2Cost by Packages'!AQ66+'3.2Cost by Packages'!AU66+'3.2Cost by Packages'!AY66+'3.2Cost by Packages'!BC66+'3.2Cost by Packages'!BG66+'3.2Cost by Packages'!BK66+'3.2Cost by Packages'!BO66+'3.2Cost by Packages'!BS66+'3.2Cost by Packages'!BW66+'3.2Cost by Packages'!CA66+'3.2Cost by Packages'!CE66+'3.2Cost by Packages'!CI66+'3.2Cost by Packages'!CM66+'3.2Cost by Packages'!CQ66+'3.2Cost by Packages'!CU66+'3.2Cost by Packages'!CY66+'3.2Cost by Packages'!DC66+'3.2Cost by Packages'!DG66+'3.2Cost by Packages'!DK66+'3.2Cost by Packages'!DO66+'3.2Cost by Packages'!DS66+'3.2Cost by Packages'!DW66 -> 0
A65: 15 | C65: Intersection (IS, NH1A) | M65: =Q65+U65+Y65+AC65+AG65+AK65+AO65+AS65 -> 0 | O65: =S65+W65+AA65+AE65+AI65+AM65+AQ65+AU65 -> 16510.082 | Q65: ='3.2Cost by Packages'!Q67+'3.2Cost by Packages'!U67+'3.2Cost by Packages'!Y67+'3.2Cost by Packages'!AC67+'3.2Cost by Packages'!AG67+'3.2Cost by Packages'!AK67+'3.2Cost by Packages'!AO67+'3.2Cost by Packages'!AS67+'3.2Cost by Packages'!AW67+'3.2Cost by Packages'!BA67+'3.2Cost by Packages'!BE67+'3.2Cost by Packages'!BI67+'3.2Cost by Packages'!BM67+'3.2Cost by Packages'!BQ67+'3.2Cost by Packages'!BU67+'3.2Cost by Packages'!BY67+'3.2Cost by Packages'!CC67+'3.2Cost by Packages'!CG67+'3.2Cost by Packages'!CK67+'3.2Cost by Packages'!CO67+'3.2Cost by Packages'!CS67+'3.2Cost by Packages'!CW67+'3.2Cost by Packages'!DA67+'3.2Cost by Packages'!DE67+'3.2Cost by Packages'!DI67+'3.2Cost by Packages'!DM67+'3.2Cost by Packages'!DQ67+'3.2Cost by Packages'!DU67 -> 0 | S65: ='3.2Cost by Packages'!O67+'3.2Cost by Packages'!S67+'3.2Cost by Packages'!W67+'3.2Cost by Packages'!AA67+'3.2Cost by Packages'!AE67+'3.2Cost by Packages'!AI67+'3.2Cost by Packages'!AM67+'3.2Cost by Packages'!AQ67+'3.2Cost by Packages'!AU67+'3.2Cost by Packages'!AY67+'3.2Cost by Packages'!BC67+'3.2Cost by Packages'!BG67+'3.2Cost by Packages'!BK67+'3.2Cost by Packages'!BO67+'3.2Cost by Packages'!BS67+'3.2Cost by Packages'!BW67+'3.2Cost by Packages'!CA67+'3.2Cost by Packages'!CE67+'3.2Cost by Packages'!CI67+'3.2Cost by Packages'!CM67+'3.2Cost by Packages'!CQ67+'3.2Cost by Packages'!CU67+'3.2Cost by Packages'!CY67+'3.2Cost by Packages'!DC67+'3.2Cost by Packages'!DG67+'3.2Cost by Packages'!DK67+'3.2Cost by Packages'!DO67+'3.2Cost by Packages'!DS67+'3.2Cost by Packages'!DW67 -> 16510.082
A66: 15.1 | C66: Planimetric | H66: 1/500 | J66: (ha) | K66: =ROUND(4052850/F73*(1-D74),2) -> 175.36 | M66: =Q66+U66+Y66+AC66+AG66+AK66+AO66+AS66 -> 42 | O66: =S66+W66+AA66+AE66+AI66+AM66+AQ66+AU66 -> 7365.12 | Q66: ='3.2Cost by Packages'!Q68+'3.2Cost by Packages'!U68+'3.2Cost by Packages'!Y68+'3.2Cost by Packages'!AC68+'3.2Cost by Packages'!AG68+'3.2Cost by Packages'!AK68+'3.2Cost by Packages'!AO68+'3.2Cost by Packages'!AS68+'3.2Cost by Packages'!AW68+'3.2Cost by Packages'!BA68+'3.2Cost by Packages'!BE68+'3.2Cost by Packages'!BI68+'3.2Cost by Packages'!BM68+'3.2Cost by Packages'!BQ68+'3.2Cost by Packages'!BU68+'3.2Cost by Packages'!BY68+'3.2Cost by Packages'!CC68+'3.2Cost by Packages'!CG68+'3.2Cost by Packages'!CK68+'3.2Cost by Packages'!CO68+'3.2Cost by Packages'!CS68+'3.2Cost by Packages'!CW68+'3.2Cost by Packages'!DA68+'3.2Cost by Packages'!DE68+'3.2Cost by Packages'!DI68+'3.2Cost by Packages'!DM68+'3.2Cost by Packages'!DQ68+'3.2Cost by Packages'!DU68 -> 42 | S66: ='3.2Cost by Packages'!O68+'3.2Cost by Packages'!S68+'3.2Cost by Packages'!W68+'3.2Cost by Packages'!AA68+'3.2Cost by Packages'!AE68+'3.2Cost by Packages'!AI68+'3.2Cost by Packages'!AM68+'3.2Cost by Packages'!AQ68+'3.2Cost by Packages'!AU68+'3.2Cost by Packages'!AY68+'3.2Cost by Packages'!BC68+'3.2Cost by Packages'!BG68+'3.2Cost by Packages'!BK68+'3.2Cost by Packages'!BO68+'3.2Cost by Packages'!BS68+'3.2Cost by Packages'!BW68+'3.2Cost by Packages'!CA68+'3.2Cost by Packages'!CE68+'3.2Cost by Packages'!CI68+'3.2Cost by Packages'!CM68+'3.2Cost by Packages'!CQ68+'3.2Cost by Packages'!CU68+'3.2Cost by Packages'!CY68+'3.2Cost by Packages'!DC68+'3.2Cost by Packages'!DG68+'3.2Cost by Packages'!DK68+'3.2Cost by Packages'!DO68+'3.2Cost by Packages'!DS68+'3.2Cost by Packages'!DW68 -> 7365.12
A67: 15.2 | C67: Profile | H67: 1/1,000; 1/100 | J67: (km) | K67: =ROUND(10129834/F73*(1-D74),2) -> 438.31 | M67: =Q67+U67+Y67+AC67+AG67+AK67+AO67+AS67 -> 4.4 | O67: =S67+W67+AA67+AE67+AI67+AM67+AQ67+AU67 -> 1928.564 | Q67: ='3.2Cost by Packages'!Q69+'3.2Cost by Packages'!U69+'3.2Cost by Packages'!Y69+'3.2Cost by Packages'!AC69+'3.2Cost by Packages'!AG69+'3.2Cost by Packages'!AK69+'3.2Cost by Packages'!AO69+'3.2Cost by Packages'!AS69+'3.2Cost by Packages'!AW69+'3.2Cost by Packages'!BA69+'3.2Cost by Packages'!BE69+'3.2Cost by Packages'!BI69+'3.2Cost by Packages'!BM69+'3.2Cost by Packages'!BQ69+'3.2Cost by Packages'!BU69+'3.2Cost by Packages'!BY69+'3.2Cost by Packages'!CC69+'3.2Cost by Packages'!CG69+'3.2Cost by Packages'!CK69+'3.2Cost by Packages'!CO69+'3.2Cost by Packages'!CS69+'3.2Cost by Packages'!CW69+'3.2Cost by Packages'!DA69+'3.2Cost by Packages'!DE69+'3.2Cost by Packages'!DI69+'3.2Cost by Packages'!DM69+'3.2Cost by Packages'!DQ69+'3.2Cost by Packages'!DU69 -> 4.4 | S67: ='3.2Cost by Packages'!O69+'3.2Cost by Packages'!S69+'3.2Cost by Packages'!W69+'3.2Cost by Packages'!AA69+'3.2Cost by Packages'!AE69+'3.2Cost by Packages'!AI69+'3.2Cost by Packages'!AM69+'3.2Cost by Packages'!AQ69+'3.2Cost by Packages'!AU69+'3.2Cost by Packages'!AY69+'3.2Cost by Packages'!BC69+'3.2Cost by Packages'!BG69+'3.2Cost by Packages'!BK69+'3.2Cost by Packages'!BO69+'3.2Cost by Packages'!BS69+'3.2Cost by Packages'!BW69+'3.2Cost by Packages'!CA69+'3.2Cost by Packages'!CE69+'3.2Cost by Packages'!CI69+'3.2Cost by Packages'!CM69+'3.2Cost by Packages'!CQ69+'3.2Cost by Packages'!CU69+'3.2Cost by Packages'!CY69+'3.2Cost by Packages'!DC69+'3.2Cost by Packages'!DG69+'3.2Cost by Packages'!DK69+'3.2Cost by Packages'!DO69+'3.2Cost by Packages'!DS69+'3.2Cost by Packages'!DW69 -> 1928.564
A68: 15.3 | C68: Cross-section | H68: 1/200 | J68: (km) | K68: =ROUND(13236433/F73*(1-D74),2) -> 572.73 | M68: =Q68+U68+Y68+AC68+AG68+AK68+AO68+AS68 -> 12.6 | O68: =S68+W68+AA68+AE68+AI68+AM68+AQ68+AU68 -> 7216.398 | Q68: ='3.2Cost by Packages'!Q70+'3.2Cost by Packages'!U70+'3.2Cost by Packages'!Y70+'3.2Cost by Packages'!AC70+'3.2Cost by Packages'!AG70+'3.2Cost by Packages'!AK70+'3.2Cost by Packages'!AO70+'3.2Cost by Packages'!AS70+'3.2Cost by Packages'!AW70+'3.2Cost by Packages'!BA70+'3.2Cost by Packages'!BE70+'3.2Cost by Packages'!BI70+'3.2Cost by Packages'!BM70+'3.2Cost by Packages'!BQ70+'3.2Cost by Packages'!BU70+'3.2Cost by Packages'!BY70+'3.2Cost by Packages'!CC70+'3.2Cost by Packages'!CG70+'3.2Cost by Packages'!CK70+'3.2Cost by Packages'!CO70+'3.2Cost by Packages'!CS70+'3.2Cost by Packages'!CW70+'3.2Cost by Packages'!DA70+'3.2Cost by Packages'!DE70+'3.2Cost by Packages'!DI70+'3.2Cost by Packages'!DM70+'3.2Cost by Packages'!DQ70+'3.2Cost by Packages'!DU70 -> 12.6 | S68: ='3.2Cost by Packages'!O70+'3.2Cost by Packages'!S70+'3.2Cost by Packages'!W70+'3.2Cost by Packages'!AA70+'3.2Cost by Packages'!AE70+'3.2Cost by Packages'!AI70+'3.2Cost by Packages'!AM70+'3.2Cost by Packages'!AQ70+'3.2Cost by Packages'!AU70+'3.2Cost by Packages'!AY70+'3.2Cost by Packages'!BC70+'3.2Cost by Packages'!BG70+'3.2Cost by Packages'!BK70+'3.2Cost by Packages'!BO70+'3.2Cost by Packages'!BS70+'3.2Cost by Packages'!BW70+'3.2Cost by Packages'!CA70+'3.2Cost by Packages'!CE70+'3.2Cost by Packages'!CI70+'3.2Cost by Packages'!CM70+'3.2Cost by Packages'!CQ70+'3.2Cost by Packages'!CU70+'3.2Cost by Packages'!CY70+'3.2Cost by Packages'!DC70+'3.2Cost by Packages'!DG70+'3.2Cost by Packages'!DK70+'3.2Cost by Packages'!DO70+'3.2Cost by Packages'!DS70+'3.2Cost by Packages'!DW70 -> 7216.398
A69: D | C69: Mobilization and Temporary Camp Yard | H69: 0.02 | I69: of A+B+C | O69: =S69+W69+AA69+AE69+AI69+AM69+AQ69+AU69 -> 25686.899 | S69: ='3.2Cost by Packages'!O71+'3.2Cost by Packages'!S71+'3.2Cost by Packages'!W71+'3.2Cost by Packages'!AA71+'3.2Cost by Packages'!AE71+'3.2Cost by Packages'!AI71+'3.2Cost by Packages'!AM71+'3.2Cost by Packages'!AQ71+'3.2Cost by Packages'!AU71+'3.2Cost by Packages'!AY71+'3.2Cost by Packages'!BC71+'3.2Cost by Packages'!BG71+'3.2Cost by Packages'!BK71+'3.2Cost by Packages'!BO71+'3.2Cost by Packages'!BS71+'3.2Cost by Packages'!BW71+'3.2Cost by Packages'!CA71+'3.2Cost by Packages'!CE71+'3.2Cost by Packages'!CI71+'3.2Cost by Packages'!CM71+'3.2Cost by Packages'!CQ71+'3.2Cost by Packages'!CU71+'3.2Cost by Packages'!CY71+'3.2Cost by Packages'!DC71+'3.2Cost by Packages'!DG71+'3.2Cost by Packages'!DK71+'3.2Cost by Packages'!DO71+'3.2Cost by Packages'!DS71+'3.2Cost by Packages'!DW71 -> 25686.899
A70: E | C70: Reporting | H70: 0.02 | I70: of A+B+C | O70: =S70+W70+AA70+AE70+AI70+AM70+AQ70+AU70 -> 25686.899 | S70: ='3.2Cost by Packages'!O72+'3.2Cost by Packages'!S72+'3.2Cost by Packages'!W72+'3.2Cost by Packages'!AA72+'3.2Cost by Packages'!AE72+'3.2Cost by Packages'!AI72+'3.2Cost by Packages'!AM72+'3.2Cost by Packages'!AQ72+'3.2Cost by Packages'!AU72+'3.2Cost by Packages'!AY72+'3.2Cost by Packages'!BC72+'3.2Cost by Packages'!BG72+'3.2Cost by Packages'!BK72+'3.2Cost by Packages'!BO72+'3.2Cost by Packages'!BS72+'3.2Cost by Packages'!BW72+'3.2Cost by Packages'!CA72+'3.2Cost by Packages'!CE72+'3.2Cost by Packages'!CI72+'3.2Cost by Packages'!CM72+'3.2Cost by Packages'!CQ72+'3.2Cost by Packages'!CU72+'3.2Cost by Packages'!CY72+'3.2Cost by Packages'!DC72+'3.2Cost by Packages'!DG72+'3.2Cost by Packages'!DK72+'3.2Cost by Packages'!DO72+'3.2Cost by Packages'!DS72+'3.2Cost by Packages'!DW72 -> 25686.899
A71: Total | O71: =S71+W71+AA71+AE71+AI71+AM71+AQ71+AU71 -> 1335718.7 | S71: ='3.2Cost by Packages'!O73+'3.2Cost by Packages'!S73+'3.2Cost by Packages'!W73+'3.2Cost by Packages'!AA73+'3.2Cost by Packages'!AE73+'3.2Cost by Packages'!AI73+'3.2Cost by Packages'!AM73+'3.2Cost by Packages'!AQ73+'3.2Cost by Packages'!AU73+'3.2Cost by Packages'!AY73+'3.2Cost by Packages'!BC73+'3.2Cost by Packages'!BG73+'3.2Cost by Packages'!BK73+'3.2Cost by Packages'!BO73+'3.2Cost by Packages'!BS73+'3.2Cost by Packages'!BW73+'3.2Cost by Packages'!CA73+'3.2Cost by Packages'!CE73+'3.2Cost by Packages'!CI73+'3.2Cost by Packages'!CM73+'3.2Cost by Packages'!CQ73+'3.2Cost by Packages'!CU73+'3.2Cost by Packages'!CY73+'3.2Cost by Packages'!DC73+'3.2Cost by Packages'!DG73+'3.2Cost by Packages'!DK73+'3.2Cost by Packages'!DO73+'3.2Cost by Packages'!DS73+'3.2Cost by Packages'!DW73 -> 1335718.7
O72: =S72+W72+AA72+AE72+AI72+AM72+AQ72+AU72 -> 1 | S72: ='3.2Cost by Packages'!O74+'3.2Cost by Packages'!S74+'3.2Cost by Packages'!W74+'3.2Cost by Packages'!AA74+'3.2Cost by Packages'!AE74+'3.2Cost by Packages'!AI74+'3.2Cost by Packages'!AM74+'3.2Cost by Packages'!AQ74+'3.2Cost by Packages'!AU74+'3.2Cost by Packages'!AY74+'3.2Cost by Packages'!BC74+'3.2Cost by Packages'!BG74+'3.2Cost by Packages'!BK74+'3.2Cost by Packages'!BO74+'3.2Cost by Packages'!BS74+'3.2Cost by Packages'!BW74+'3.2Cost by Packages'!CA74+'3.2Cost by Packages'!CE74+'3.2Cost by Packages'!CI74+'3.2Cost by Packages'!CM74+'3.2Cost by Packages'!CQ74+'3.2Cost by Packages'!CU74+'3.2Cost by Packages'!CY74+'3.2Cost by Packages'!DC74+'3.2Cost by Packages'!DG74+'3.2Cost by Packages'!DK74+'3.2Cost by Packages'!DO74+'3.2Cost by Packages'!DS74+'3.2Cost by Packages'!DW74 -> 1
A73: Exchange Rate | D73: 1 USD | E73: = | F73: 20800 | G73: (exchange selling rate, 20 May 2011, Vietcombank)
A74: Unit Price | D74: 0.1 | E74: Discount from Standard Unit Price (Quang Nam Province, 2011)
O75: =O71*80 -> 1.068575e+08
O76: 1321673.1
O77: =O76-O71 -> -14045.692
O78: =O77*80 -> -1123655.3

Sheet 3.2Cost by Packages
A1: No. | B1: Item | H1: Specifications | J1: Unit | K1: Unit Price | M1: By Survey Packages | BI1: By Survey Packages | CS1: By Survey Packages
K2: (USD) | Q2: ='4.1Plan'!C6 -> PKG01 | Y2: ='4.1Plan'!C53 -> PKG02 | AG2: ='4.1Plan'!C120 -> PKG03 | AK2: ='4.1Plan'!C149 -> PKG04 | AS2: ='4.1Plan'!C203 -> PKG05 | BA2: ='4.1Plan'!C252 -> PKG06 | BI2: ='4.1Plan'!C309 -> PKG07 | BU2: ='4.1Plan'!C377 -> PKGA1 | CG2: ='4.1Plan'!C444 -> PKGA2 | CS2: ='4.1Plan'!C514 -> PKGA3 | DA2: ='4.1Plan'!C554 -> PKGA4 | DM2: ='4.1Plan'!C618 -> PKGA5
M3: CP | Q3: ='4.1Plan'!D6 -> ML01-1 | U3: ='4.1Plan'!D33 -> ML01-2 | Y3: ='4.1Plan'!D53 -> ML02-1 | AC3: ='4.1Plan'!D89 -> ML02-2 | AG3: ='4.1Plan'!D120 -> ML03-1 | AK3: ='4.1Plan'!D149 -> ML04-1 | AO3: ='4.1Plan'!D173 -> ML04-2 | AS3: ='4.1Plan'!D203 -> ML05-1 | AW3: ='4.1Plan'!D216 -> ML05-2 | BA3: ='4.1Plan'!D252 -> ML06-1 | BE3: ='4.1Plan'!D279 -> ML06-2 | BI3: ='4.1Plan'!D309 -> ML07-1 | BM3: ='4.1Plan'!D331 -> ML07-2 | BQ3: ='4.1Plan'!D355 -> ML07-3 | BU3: ='4.1Plan'!D377 -> MLA1-1 | BY3: ='4.1Plan'!D404 -> MLA1-2 | CC3: ='4.1Plan'!D430 -> MLA1-3 | CG3: ='4.1Plan'!D444 -> MLA2-1 | CK3: ='4.1Plan'!D467 -> MLA2-2 | CO3: ='4.1Plan'!D489 -> MLA2-3 | CS3: ='4.1Plan'!D514 -> MLA3-1 | CW3: ='4.1Plan'!D538 -> MLA3-2 | DA3: ='4.1Plan'!D554 -> MLA4-1 | DE3: ='4.1Plan'!D575 -> MLA4-2 | DI3: ='4.1Plan'!D594 -> MLA4-3 | DM3: ='4.1Plan'!D618 -> MLA5-1 | DQ3: ='4.1Plan'!V644 -> MLA5-2 | DU3: ='4.1Plan'!V673 -> MLA5-3
M4: ='2.PKG'!T3 -> TEDI
M5: Qty | O5: Amount | Q5: Qty | S5: Amount | U5: Qty | W5: Amount | Y5: Qty | AA5: Amount | AC5: Qty | AE5: Amount | AG5: Qty | AI5: Amount | AK5: Qty | AM5: Amount | AO5: Qty | AQ5: Amount | AS5: Qty | AU5: Amount | AW5: Qty | AY5: Amount | BA5: Qty | BC5: Amount | BE5: Qty | BG5: Amount | BI5: Qty | BK5: Amount | BM5: Qty | BO5: Amount | BQ5: Qty | BS5: Amount | BU5: Qty | BW5: Amount | BY5: Qty | CA5: Amount | CC5: Qty | CE5: Amount | CG5: Qty | CI5: Amount | CK5: Qty | CM5: Amount | CO5: Qty | CQ5: Amount | CS5: Qty | CU5: Amount | CW5: Qty | CY5: Amount | DA5: Qty | DC5: Amount | DE5: Qty | DG5: Amount | DI5: Qty | DK5: Amount | DM5: Qty | DO5: Amount | DQ5: Qty | DS5: Amount | DU5: Qty | DW5: Amount
O6: (USD) | S6: (USD) | W6: (USD) | AA6: (USD) | AE6: (USD) | AI6: (USD) | AM6: (USD) | AQ6: (USD) | AU6: (USD) | AY6: (USD) | BC6: (USD) | BG6: (USD) | BK6: (USD) | BO6: (USD) | BS6: (USD) | BW6: (USD) | CA6: (USD) | CE6: (USD) | CI6: (USD) | CM6: (USD) | CQ6: (USD) | CU6: (USD) | CY6: (USD) | DC6: (USD) | DG6: (USD) | DK6: (USD) | DO6: (USD) | DS6: (USD) | DW6: (USD)
A7: ='3.1Cost by Sub-contractors'!A5 -> A | C7: ='3.1Cost by Sub-contractors'!C5:G5 -> Control Point and Leveling Network | H7: ='3.1Cost by Sub-contractors'!H5:I5 -> 0 | J7: ='3.1Cost by Sub-contractors'!J5 -> 0 | K7: ='3.1Cost by Sub-contractors'!K5 -> 0 | O7: =O8+O11 -> 159149.91
A8: ='3.1Cost by Sub-contractors'!A6 -> 1 | C8: ='3.1Cost by Sub-contractors'!C6:G6 -> Primary Control Point (GPS) | H8: ='3.1Cost by Sub-contractors'!H6:I6 -> 0 | J8: ='3.1Cost by Sub-contractors'!J6 -> 0 | K8: ='3.1Cost by Sub-contractors'!K6 -> 0 | O8: =SUM(O9:O10) -> 72395.61
A9: ='3.1Cost by Sub-contractors'!A7 -> 1.1 | C9: ='3.1Cost by Sub-contractors'!C7:G7 -> Primary Control Point (GPS) | H9: ='3.1Cost by Sub-contractors'!H7:I7 -> Class IV, VN2000 | J9: ='3.1Cost by Sub-contractors'!J7 -> (nos.) | K9: ='3.1Cost by Sub-contractors'!K7 -> 918.09 | M9: =41+8 -> 49 | O9: =K9*M9 -> 44986.41
A10: ='3.1Cost by Sub-contractors'!A8 -> 1.2 | C10: ='3.1Cost by Sub-contractors'!C8:G8 -> Primary Leveling Network (GPS Network) | H10: ='3.1Cost by Sub-contractors'!H8:I8 -> 0 | J10: ='3.1Cost by Sub-contractors'!J8 -> (km) | K10: ='3.1Cost by Sub-contractors'!K8 -> 130.52 | M10: =128+82 -> 210 | O10: =K10*M10 -> 27409.2
A11: ='3.1Cost by Sub-contractors'!A9 -> 2 | C11: ='3.1Cost by Sub-contractors'!C9:G9 -> Secondary Control Point | H11: ='3.1Cost by Sub-contractors'!H9:I9 -> 0 | J11: ='3.1Cost by Sub-contractors'!J9 -> 0 | K11: ='3.1Cost by Sub-contractors'!K9 -> 0 | O11: =SUM(O12:O13) -> 86754.3
A12: ='3.1Cost by Sub-contractors'!A10 -> 2.1 | C12: ='3.1Cost by Sub-contractors'!C10:G10 -> Secondary Control Point | H12: ='3.1Cost by Sub-contractors'!H10:I10 -> Class II | J12: ='3.1Cost by Sub-contractors'!J10 -> (nos.) | K12: ='3.1Cost by Sub-contractors'!K10 -> 150.63 | M12: =420+80 -> 500 | O12: =K12*M12 -> 75315
A13: ='3.1Cost by Sub-contractors'!A11 -> 2.2 | C13: ='3.1Cost by Sub-contractors'!C11:G11 -> Secondary Leveling Network | H13: ='3.1Cost by Sub-contractors'!H11:I11 -> 0 | J13: ='3.1Cost by Sub-contractors'!J11 -> (km) | K13: ='3.1Cost by Sub-contractors'!K11 -> 67.29 | M13: =98+72 -> 170 | O13: =K13*M13 -> 11439.3
A14: ='3.1Cost by Sub-contractors'!A12 -> B | C14: ='3.1Cost by Sub-contractors'!C12:G12 -> Expressway | H14: ='3.1Cost by Sub-contractors'!H12:I12 -> 0 | J14: ='3.1Cost by Sub-contractors'!J12 -> 0 | K14: ='3.1Cost by Sub-contractors'!K12 -> 0 | S14: =S15+S19+S21+S30+S34+S36+S39+S45 -> 65766.352 | W14: =W15+W19+W21+W30+W34+W36+W39+W45 -> 32480.653 | AA14: =AA15+AA19+AA21+AA30+AA34+AA36+AA39+AA45 -> 42897.719 | AE14: =AE15+AE19+AE21+AE30+AE34+AE36+AE39+AE45 -> 33696.674 | AI14: =AI15+AI19+AI21+AI30+AI34+AI36+AI39+AI45 -> 59810.451 | AM14: =AM15+AM19+AM21+AM30+AM34+AM36+AM39+AM45 -> 31890.246 | AQ14: =AQ15+AQ19+AQ21+AQ30+AQ34+AQ36+AQ39+AQ45 -> 36983.184 | AU14: =AU15+AU19+AU21+AU30+AU34+AU36+AU39+AU45 -> 17662.66 | AY14: =AY15+AY19+AY21+AY30+AY34+AY36+AY39+AY45 -> 63792.712 | BC14: =BC15+BC19+BC21+BC30+BC34+BC36+BC39+BC45 -> 32582.67 | BG14: =BG15+BG19+BG21+BG30+BG34+BG36+BG39+BG45 -> 38682.95 | BK14: =BK15+BK19+BK21+BK30+BK34+BK36+BK39+BK45 -> 30744.444 | BO14: =BO15+BO19+BO21+BO30+BO34+BO36+BO39+BO45 -> 29128.705 | BS14: =BS15+BS19+BS21+BS30+BS34+BS36+BS39+BS45 -> 50272.076 | BW14: =BW15+BW19+BW21+BW30+BW34+BW36+BW39+BW45 -> 50296.738 | CA14: =CA15+CA19+CA21+CA30+CA34+CA36+CA39+CA45 -> 37710.7 | CE14: =CE15+CE19+CE21+CE30+CE34+CE36+CE39+CE45 -> 36254.814 | CI14: =CI15+CI19+CI21+CI30+CI34+CI36+CI39+CI45 -> 47391.432 | CM14: =CM15+CM19+CM21+CM30+CM34+CM36+CM39+CM45 -> 40452.913 | CQ14: =CQ15+CQ19+CQ21+CQ30+CQ34+CQ36+CQ39+CQ45 -> 43367.213 | CU14: =CU15+CU19+CU21+CU30+CU34+CU36+CU39+CU45 -> 42983.129 | CY14: =CY15+CY19+CY21+CY30+CY34+CY36+CY39+CY45 -> 35001.988 | DC14: =DC15+DC19+DC21+DC30+DC34+DC36+DC39+DC45 -> 45800.77 | DG14: =DG15+DG19+DG21+DG30+DG34+DG36+DG39+DG45 -> 39523.42 | DK14: =DK15+DK19+DK21+DK30+DK34+DK36+DK39+DK45 -> 45846.531 | DO14: =DO15+DO19+DO21+DO30+DO34+DO36+DO39+DO45 -> 51951.023 | DS14: =DS15+DS19+DS21+DS30+DS34+DS36+DS39+DS45 -> 0 | DW14: =DW15+DW19+DW21+DW30+DW34+DW36+DW39+DW45 -> 0
A15: ='3.1Cost by Sub-contractors'!A13 -> 3 | C15: ='3.1Cost by Sub-contractors'!C13:G13 -> Main Line (ML, Road Section) | H15: ='3.1Cost by Sub-contractors'!H13:I13 -> 0 | J15: ='3.1Cost by Sub-contractors'!J13 -> 0 | K15: ='3.1Cost by Sub-contractors'!K13 -> 0 | S15: =SUM(S16:S18) -> 17556.128 | W15: =SUM(W16:W18) -> 20190.939 | AA15: =SUM(AA16:AA18) -> 19915.808 | AE15: =SUM(AE16:AE18) -> 12974.635 | AI15: =SUM(AI16:AI18) -> 11212.768 | AM15: =SUM(AM16:AM18) -> 20439.243 | AQ15: =SUM(AQ16:AQ18) -> 25968.578 | AU15: =SUM(AU16:AU18) -> 15557.527 | AY15: =SUM(AY16:AY18) -> 31324.345 | BC15: =SUM(BC16:BC18) -> 19173.044 | BG15: =SUM(BG16:BG18) -> 26830.147 | BK15: =SUM(BK16:BK18) -> 19450.897 | BO15: =SUM(BO16:BO18) -> 18122.342 | BS15: =SUM(BS16:BS18) -> 27098.277 | BW15: =SUM(BW16:BW18) -> 28115.921 | CA15: =SUM(CA16:CA18) -> 28773.652 | CE15: =SUM(CE16:CE18) -> 30207.529 | CI15: =SUM(CI16:CI18) -> 28581.675 | CM15: =SUM(CM16:CM18) -> 29333.061 | CQ15: =SUM(CQ16:CQ18) -> 36349.545 | CU15: =SUM(CU16:CU18) -> 27460.031 | CY15: =SUM(CY16:CY18) -> 22164.974 | DC15: =SUM(DC16:DC18) -> 22162.381 | DG15: =SUM(DG16:DG18) -> 26898.782 | DK15: =SUM(DK16:DK18) -> 23575.775 | DO15: =SUM(DO16:DO18) -> 20851.327 | DS15: =SUM(DS16:DS18) -> 0 | DW15: =SUM(DW16:DW18) -> 0
A16: ='3.1Cost by Sub-contractors'!A14 -> 3.1 | C16: ='3.1Cost by Sub-contractors'!C14:G14 -> Planimetric | H16: ='3.1Cost by Sub-contractors'!H14:I14 -> 1/1,000 | J16: ='3.1Cost by Sub-contractors'!J14 -> (ha) | K16: ='3.1Cost by Sub-contractors'!K14 -> 61.29 | Q16: ='4.2.1RD'!O16 -> 45.0303 | S16: ='4.2.1RD'!S16 -> 2759.9071 | U16: ='4.2.1RD'!O20 -> 51.6635 | W16: ='4.2.1RD'!S20 -> 3166.4559 | Y16: ='4.2.1RD'!O27 -> 51.4199 | AA16: ='4.2.1RD'!S27 -> 3151.5257 | AC16: ='4.2.1RD'!O34 -> 33.74 | AE16: ='4.2.1RD'!S34 -> 2067.9246 | AG16: ='4.2.1RD'!O40 -> 29.26035 | AI16: ='4.2.1RD'!S40 -> 1793.3669 | AK16: ='4.2.1RD'!O48 -> 52.5266 | AM16: ='4.2.1RD'!S48 -> 3219.3553 | AO16: ='4.2.1RD'!O55 -> 66.7793 | AQ16: ='4.2.1RD'!S55 -> 4092.9033 | AS16: ='4.2.1RD'!O59 -> 39.8125 | AU16: ='4.2.1RD'!S59 -> 2440.1081 | AW16: ='4.2.1RD'!O69 -> 80.976 | AY16: ='4.2.1RD'!S69 -> 4963.019 | BA16: ='4.2.1RD'!O77 -> 49.763 | BC16: ='4.2.1RD'!S77 -> 3049.9743 | BE16: ='4.2.1RD'!O83 -> 68.81 | BG16: ='4.2.1RD'!S83 -> 4217.3649 | BI16: ='4.2.1RD'!O88 -> 50.036 | BK16: ='4.2.1RD'!S88 -> 3066.7064 | BM16: ='4.2.1RD'!O95 -> 46.599 | BO16: ='4.2.1RD'!S95 -> 2856.0527 | BQ16: ='4.2.1RD'!O98 -> 68.978 | BS16: ='4.2.1RD'!S98 -> 4227.6616 | BU16: ='4.2.1RD'!O102 -> 71.785 | BW16: ='4.2.1RD'!S102 -> 4399.7027 | BY16: ='4.2.1RD'!O106 -> 73.4328 | CA16: ='4.2.1RD'!S106 -> 4500.6963 | CC16: ='4.2.1RD'!O109 -> 77.098 | CE16: ='4.2.1RD'!S109 -> 4725.3364 | CG16: ='4.2.1RD'!O114 -> 73.178 | CI16: ='4.2.1RD'!S114 -> 4485.0796 | CK16: ='4.2.1RD'!O120 -> 74.928 | CM16: ='4.2.1RD'!S120 -> 4592.3371 | CO16: ='4.2.1RD'!O124 -> 92.512 | CQ16: ='4.2.1RD'!S124 -> 5670.0605 | CS16: ='4.2.1RD'!O128 -> 70.15708 | CU16: ='4.2.1RD'!S128 -> 4299.9274 | CW16: ='4.2.1RD'!O133 -> 56.616 | CY16: ='4.2.1RD'!S133 -> 3469.9946 | DA16: ='4.2.1RD'!O137 -> 56.588 | DC16: ='4.2.1RD'!S137 -> 3468.2785 | DE16: ='4.2.1RD'!O141 -> 68.642 | DG16: ='4.2.1RD'!S141 -> 4207.0682 | DI16: ='4.2.1RD'!O144 -> 60.032 | DK16: ='4.2.1RD'!S144 -> 3679.3613 | DM16: ='4.2.1RD'!O149 -> 53.34 | DO16: ='4.2.1RD'!S149 -> 3269.2086
A17: ='3.1Cost by Sub-contractors'!A15 -> 3.2 | C17: ='3.1Cost by Sub-contractors'!C15:G15 -> Profile | H17: ='3.1Cost by Sub-contractors'!H15:I15 -> 1/1,000; 1/100 | J17: ='3.1Cost by Sub-contractors'!J15 -> (km) | K17: ='3.1Cost by Sub-contractors'!K15 -> 438.31 | Q17: ='4.2.1RD'!U16 -> 3.21645 | S17: ='4.2.1RD'!Y16 -> 1409.8022 | U17: ='4.2.1RD'!U20 -> 3.69025 | W17: ='4.2.1RD'!Y20 -> 1617.4735 | Y17: ='4.2.1RD'!U27 -> 3.67285 | AA17: ='4.2.1RD'!Y27 -> 1609.8469 | AC17: ='4.2.1RD'!U34 -> 2.41 | AE17: ='4.2.1RD'!Y34 -> 1056.3271 | AG17: ='4.2.1RD'!U40 -> 2.090025 | AI17: ='4.2.1RD'!Y40 -> 916.07886 | AK17: ='4.2.1RD'!U48 -> 3.7519 | AM17: ='4.2.1RD'!Y48 -> 1644.4953 | AO17: ='4.2.1RD'!U55 -> 4.76995 | AQ17: ='4.2.1RD'!Y55 -> 2090.7168 | AS17: ='4.2.1RD'!U59 -> 2.84375 | AU17: ='4.2.1RD'!Y59 -> 1246.4441 | AW17: ='4.2.1RD'!U69 -> 5.784 | AY17: ='4.2.1RD'!Y69 -> 2535.185 | BA17: ='4.2.1RD'!U77 -> 3.5545 | BC17: ='4.2.1RD'!Y77 -> 1557.9729 | BE17: ='4.2.1RD'!U83 -> 4.915 | BG17: ='4.2.1RD'!Y83 -> 2154.2937 | BI17: ='4.2.1RD'!U88 -> 3.574 | BK17: ='4.2.1RD'!Y88 -> 1566.5199 | BM17: ='4.2.1RD'!U95 -> 3.3285 | BO17: ='4.2.1RD'!Y95 -> 1458.9148 | BQ17: ='4.2.1RD'!U98 -> 4.927 | BS17: ='4.2.1RD'!Y98 -> 2159.5534 | BU17: ='4.2.1RD'!U102 -> 5.1275 | BW17: ='4.2.1RD'!Y102 -> 2247.4345 | BY17: ='4.2.1RD'!U106 -> 5.2452 | CA17: ='4.2.1RD'!Y106 -> 2299.0236 | CC17: ='4.2.1RD'!U109 -> 5.507 | CE17: ='4.2.1RD'!Y109 -> 2413.7732 | CG17: ='4.2.1RD'!U114 -> 5.227 | CI17: ='4.2.1RD'!Y114 -> 2291.0464 | CK17: ='4.2.1RD'!U120 -> 5.352 | CM17: ='4.2.1RD'!Y120 -> 2345.8351 | CO17: ='4.2.1RD'!U124 -> 6.608 | CQ17: ='4.2.1RD'!Y124 -> 2896.3525 | CS17: ='4.2.1RD'!U128 -> 5.01122 | CU17: ='4.2.1RD'!Y128 -> 2196.4678 | CW17: ='4.2.1RD'!U133 -> 4.044 | CY17: ='4.2.1RD'!Y133 -> 1772.5256 | DA17: ='4.2.1RD'!U137 -> 4.042 | DC17: ='4.2.1RD'!Y137 -> 1771.649 | DE17: ='4.2.1RD'!U141 -> 4.903 | DG17: ='4.2.1RD'!Y141 -> 2149.0339 | DI17: ='4.2.1RD'!U144 -> 4.288 | DK17: ='4.2.1RD'!Y144 -> 1879.4733 | DM17: ='4.2.1RD'!U149 -> 3.81 | DO17: ='4.2.1RD'!Y149 -> 1669.9611
A18: ='3.1Cost by Sub-contractors'!A16 -> 3.3 | C18: ='3.1Cost by Sub-contractors'!C16:G16 -> Cross-section | H18: ='3.1Cost by Sub-contractors'!H16:I16 -> 1/200 | J18: ='3.1Cost by Sub-contractors'!J16 -> (km) | K18: ='3.1Cost by Sub-contractors'!K16 -> 572.73 | Q18: ='4.2.1RD'!AA16 -> 23.373 | S18: ='4.2.1RD'!AE16 -> 13386.418 | U18: ='4.2.1RD'!AA20 -> 26.901 | W18: ='4.2.1RD'!AE20 -> 15407.01 | Y18: ='4.2.1RD'!AA27 -> 26.46 | AA18: ='4.2.1RD'!AE27 -> 15154.436 | AC18: ='4.2.1RD'!AA34 -> 17.199 | AE18: ='4.2.1RD'!AE34 -> 9850.3833 | AG18: ='4.2.1RD'!AA40 -> 14.847 | AI18: ='4.2.1RD'!AE40 -> 8503.3223 | AK18: ='4.2.1RD'!AA48 -> 27.195 | AM18: ='4.2.1RD'!AE48 -> 15575.392 | AO18: ='4.2.1RD'!AA55 -> 34.545 | AQ18: ='4.2.1RD'!AE55 -> 19784.958 | AS18: ='4.2.1RD'!AA59 -> 20.727 | AU18: ='4.2.1RD'!AE59 -> 11870.975 | AW18: ='4.2.1RD'!AA69 -> 41.601 | AY18: ='4.2.1RD'!AE69 -> 23826.141 | BA18: ='4.2.1RD'!AA77 -> 25.431 | BC18: ='4.2.1RD'!AE77 -> 14565.097 | BE18: ='4.2.1RD'!AA83 -> 35.721 | BG18: ='4.2.1RD'!AE83 -> 20458.488 | BI18: ='4.2.1RD'!AA88 -> 25.872 | BK18: ='4.2.1RD'!AE88 -> 14817.671 | BM18: ='4.2.1RD'!AA95 -> 24.108 | BO18: ='4.2.1RD'!AE95 -> 13807.375 | BQ18: ='4.2.1RD'!AA98 -> 36.162 | BS18: ='4.2.1RD'!AE98 -> 20711.062 | BU18: ='4.2.1RD'!AA102 -> 37.485 | BW18: ='4.2.1RD'!AE102 -> 21468.784 | BY18: ='4.2.1RD'!AA106 -> 38.367 | CA18: ='4.2.1RD'!AE106 -> 21973.932 | CC18: ='4.2.1RD'!AA109 -> 40.278 | CE18: ='4.2.1RD'!AE109 -> 23068.419 | CG18: ='4.2.1RD'!AA114 -> 38.073 | CI18: ='4.2.1RD'!AE114 -> 21805.549 | CK18: ='4.2.1RD'!AA120 -> 39.102 | CM18: ='4.2.1RD'!AE120 -> 22394.888 | CO18: ='4.2.1RD'!AA124 -> 48.51 | CQ18: ='4.2.1RD'!AE124 -> 27783.132 | CS18: ='4.2.1RD'!AA128 -> 36.603 | CU18: ='4.2.1RD'!AE128 -> 20963.636 | CW18: ='4.2.1RD'!AA133 -> 29.547 | CY18: ='4.2.1RD'!AE133 -> 16922.453 | DA18: ='4.2.1RD'!AA137 -> 29.547 | DC18: ='4.2.1RD'!AE137 -> 16922.453 | DE18: ='4.2.1RD'!AA141 -> 35.868 | DG18: ='4.2.1RD'!AE141 -> 20542.68 | DI18: ='4.2.1RD'!AA144 -> 31.458 | DK18: ='4.2.1RD'!AE144 -> 18016.94 | DM18: ='4.2.1RD'!AA149 -> 27.783 | DO18: ='4.2.1RD'!AE149 -> 15912.158
A19: ='3.1Cost by Sub-contractors'!A17 -> 4 | C19: ='3.1Cost by Sub-contractors'!C17:G17 -> Tunnel (TN) | H19: ='3.1Cost by Sub-contractors'!H17:I17 -> 0 | J19: ='3.1Cost by Sub-contractors'!J17 -> 0 | K19: ='3.1Cost by Sub-contractors'!K17 -> 0 | S19: =S20 -> 0 | W19: =W20 -> 0 | AA19: =AA20 -> 0 | AE19: =AE20 -> 0 | AI19: =AI20 -> 0 | AM19: =AM20 -> 178.8672 | AQ19: =AQ20 -> 0 | AU19: =AU20 -> 0 | AY19: =AY20 -> 0 | BC19: =BC20 -> 0 | BG19: =BG20 -> 0 | BK19: =BK20 -> 0 | BO19: =BO20 -> 0 | BS19: =BS20 -> 0 | BW19: =BW20 -> 0 | CA19: =CA20 -> 0 | CE19: =CE20 -> 0 | CI19: =CI20 -> 0 | CM19: =CM20 -> 0 | CQ19: =CQ20 -> 0 | CU19: =CU20 -> 0 | CY19: =CY20 -> 0 | DC19: =DC20 -> 0 | DG19: =DG20 -> 0 | DK19: =DK20 -> 0 | DO19: =DO20 -> 0 | DS19: =DS20 -> 0 | DW19: =DW20 -> 0
A20: ='3.1Cost by Sub-contractors'!A18 -> 4.1 | C20: ='3.1Cost by Sub-contractors'!C18:G18 -> Planimetric | H20: ='3.1Cost by Sub-contractors'!H18:I18 -> 1/500 | J20: ='3.1Cost by Sub-contractors'!J18 -> (ha) | K20: ='3.1Cost by Sub-contractors'!K18 -> 175.36 | AK20: ='4.2.2TN'!V7 -> 1.02 | AM20: ='4.2.2TN'!Z7 -> 178.8672
A21: ='3.1Cost by Sub-contractors'!A19 -> 5 | C21: ='3.1Cost by Sub-contractors'!C19:G19 -> Bridge (BR) | H21: ='3.1Cost by Sub-contractors'!H19:I19 -> 0 | J21: ='3.1Cost by Sub-contractors'!J19 -> 0 | K21: ='3.1Cost by Sub-contractors'!K19 -> 0 | S21: =SUM(S22:S29) -> 19752.792 | W21: =SUM(W22:W29) -> 4162.3572 | AA21: =SUM(AA22:AA29) -> 14092.925 | AE21: =SUM(AE22:AE29) -> 14215.664 | AI21: =SUM(AI22:AI29) -> 26103.256 | AM21: =SUM(AM22:AM29) -> 5146.2734 | AQ21: =SUM(AQ22:AQ29) -> 4529.2655 | AU21: =SUM(AU22:AU29) -> 2017.4714 | AY21: =SUM(AY22:AY29) -> 12509.985 | BC21: =SUM(BC22:BC29) -> 10440.406 | BG21: =SUM(BG22:BG29) -> 5770.7723 | BK21: =SUM(BK22:BK29) -> 5167.6847 | BO21: =SUM(BO22:BO29) -> 7555.963 | BS21: =SUM(BS22:BS29) -> 1420.5789 | BW21: =SUM(BW22:BW29) -> 11040.485 | CA21: =SUM(CA22:CA29) -> 4214.8406 | CE21: =SUM(CE22:CE29) -> 5915.7923 | CI21: =SUM(CI22:CI29) -> 5638.566 | CM21: =SUM(CM22:CM29) -> 8488.2215 | CQ21: =SUM(CQ22:CQ29) -> 3719.7407 | CU21: =SUM(CU22:CU29) -> 2061.0412 | CY21: =SUM(CY22:CY29) -> 11930.583 | DC21: =SUM(DC22:DC29) -> 10534.172 | DG21: =SUM(DG22:DG29) -> 11718.207 | DK21: =SUM(DK22:DK29) -> 9550.5009 | DO21: =SUM(DO22:DO29) -> 22211.32 | DS21: =SUM(DS22:DS29) -> 0 | DW21: =SUM(DW22:DW29) -> 0
A22: ='3.1Cost by Sub-contractors'!A20 -> 5.1 | C22: ='3.1Cost by Sub-contractors'!C20:G20 -> Secondary Control Point | H22: ='3.1Cost by Sub-contractors'!H20:I20 -> Class II | J22: ='3.1Cost by Sub-contractors'!J20 -> (nos.) | K22: ='3.1Cost by Sub-contractors'!K20 -> 150.63 | Q22: ='4.2.3BR'!AJ26+'4.2.3BR'!AJ148 -> 16 | S22: ='4.2.3BR'!AN26+'4.2.3BR'!AN148 -> 2410.08 | U22: ='4.2.3BR'!AJ30 -> 8 | W22: ='4.2.3BR'!AN30 -> 1205.04 | Y22: ='4.2.3BR'!AJ36+'4.2.3BR'!AJ150 -> 18 | AA22: ='4.2.3BR'!AN36+'4.2.3BR'!AN150 -> 2711.34 | AC22: ='4.2.3BR'!AJ43 -> 22 | AE22: ='4.2.3BR'!AN43 -> 3313.86 | AG22: ='4.2.3BR'!AJ52 -> 20 | AI22: ='4.2.3BR'!AN52 -> 3012.6 | AK22: ='4.2.3BR'!AJ58 -> 10 | AM22: ='4.2.3BR'!AN58 -> 1506.3 | AO22: ='4.2.3BR'!AJ64 -> 10 | AQ22: ='4.2.3BR'!AN64 -> 1506.3 | AS22: ='4.2.3BR'!AJ67 -> 4 | AU22: ='4.2.3BR'!AN67 -> 602.52 | AW22: ='4.2.3BR'!AJ76 -> 20 | AY22: ='4.2.3BR'!AN76 -> 3012.6 | BA22: ='4.2.3BR'!AJ85 -> 18 | BC22: ='4.2.3BR'!AN85 -> 2711.34 | BE22: ='4.2.3BR'!AJ90 -> 10 | BG22: ='4.2.3BR'!AN90 -> 1506.3 | BI22: ='4.2.3BR'!AJ94 -> 8 | BK22: ='4.2.3BR'!AN94 -> 1205.04 | BM22: ='4.2.3BR'!AJ101 -> 14 | BO22: ='4.2.3BR'!AN101 -> 2108.82 | BQ22: ='4.2.3BR'!AJ103 -> 2 | BS22: ='4.2.3BR'!AN103 -> 301.26 | BU22: ='4.2.3BR'!AJ107+'4.2.3BR'!AJ152 -> 12 | BW22: ='4.2.3BR'!AN107+'4.2.3BR'!AN152 -> 1807.56 | BY22: ='4.2.3BR'!AJ110 -> 6 | CA22: ='4.2.3BR'!AN110 -> 903.78 | CC22: ='4.2.3BR'!AJ112+'4.2.3BR'!AJ155 -> 10 | CE22: ='4.2.3BR'!AN112+'4.2.3BR'!AN155 -> 1506.3 | CG22: ='4.2.3BR'!AJ116+'4.2.3BR'!AJ157 -> 10 | CI22: ='4.2.3BR'!AN116+'4.2.3BR'!AN157 -> 1506.3 | CK22: ='4.2.3BR'!AJ121+'4.2.3BR'!AJ159 -> 12 | CM22: ='4.2.3BR'!AN121+'4.2.3BR'!AN159 -> 1807.56 | CO22: ='4.2.3BR'!AJ124+'4.2.3BR'!AJ161 -> 6 | CQ22: ='4.2.3BR'!AN124+'4.2.3BR'!AN161 -> 903.78 | CS22: ='4.2.3BR'!AJ127 -> 4 | CU22: ='4.2.3BR'!AN127 -> 602.52 | CW22: ='4.2.3BR'!AJ132+'4.2.3BR'!AJ163 -> 14 | CY22: ='4.2.3BR'!AN132+'4.2.3BR'!AN163 -> 2108.82 | DA22: ='4.2.3BR'!AJ135+'4.2.3BR'!AJ166 -> 12 | DC22: ='4.2.3BR'!AN135+'4.2.3BR'!AN166 -> 1807.56 | DE22: ='4.2.3BR'!AJ138+'4.2.3BR'!AJ171 -> 20 | DG22: ='4.2.3BR'!AN138+'4.2.3BR'!AN171 -> 3012.6 | DI22: ='4.2.3BR'!AJ140+'4.2.3BR'!AJ174 -> 12 | DK22: ='4.2.3BR'!AN140+'4.2.3BR'!AN174 -> 1807.56 | DM22: ='4.2.3BR'!AJ144+'4.2.3BR'!AJ176 -> 16 | DO22: ='4.2.3BR'!AN144+'4.2.3BR'!AN176 -> 2410.08
A23: ='3.1Cost by Sub-contractors'!A21 -> 5.2 | C23: ='3.1Cost by Sub-contractors'!C21:G21 -> Planimetric (On Shore) | H23: ='3.1Cost by Sub-contractors'!H21:I21 -> 1/500 | J23: ='3.1Cost by Sub-contractors'!J21 -> (ha) | K23: ='3.1Cost by Sub-contractors'!K21 -> 175.36 | Q23: ='4.2.3BR'!AP26+'4.2.3BR'!AP148 -> 20.5774 | S23: ='4.2.3BR'!AT26+'4.2.3BR'!AT148 -> 3608.4529 | U23: ='4.2.3BR'!AP30 -> 4.1517 | W23: ='4.2.3BR'!AT30 -> 728.04211 | Y23: ='4.2.3BR'!AP36+'4.2.3BR'!AP150 -> 19.0163 | AA23: ='4.2.3BR'!AT36+'4.2.3BR'!AT150 -> 3334.6984 | AC23: ='4.2.3BR'!AP43 -> 20.3784 | AE23: ='4.2.3BR'!AT43 -> 3573.5562 | AG23: ='4.2.3BR'!AP52 -> 22.93165 | AI23: ='4.2.3BR'!AT52 -> 4021.2941 | AK23: ='4.2.3BR'!AP58 -> 6.0508 | AM23: ='4.2.3BR'!AT58 -> 1061.0683 | AO23: ='4.2.3BR'!AP64 -> 6.3336 | AQ23: ='4.2.3BR'!AT64 -> 1110.6601 | AS23: ='4.2.3BR'!AP67 -> 3.5875 | AU23: ='4.2.3BR'!AT67 -> 629.104 | AW23: ='4.2.3BR'!AP76 -> 12.488 | AY23: ='4.2.3BR'!AT76 -> 2189.8957 | BA23: ='4.2.3BR'!AP85 -> 11.459 | BC23: ='4.2.3BR'!AT85 -> 2009.4502 | BE23: ='4.2.3BR'!AP90 -> 5.852 | BG23: ='4.2.3BR'!AT90 -> 1026.2067 | BI23: ='4.2.3BR'!AP94 -> 4.746 | BK23: ='4.2.3BR'!AT94 -> 832.25856 | BM23: ='4.2.3BR'!AP101 -> 7.875 | BO23: ='4.2.3BR'!AT101 -> 1380.96 | BQ23: ='4.2.3BR'!AP103 -> 1.4 | BS23: ='4.2.3BR'!AT103 -> 245.504 | BU23: ='4.2.3BR'!AP107+'4.2.3BR'!AP152 -> 13.795 | BW23: ='4.2.3BR'!AT107+'4.2.3BR'!AT152 -> 2419.0912 | BY23: ='4.2.3BR'!AP110 -> 3.64 | CA23: ='4.2.3BR'!AT110 -> 638.3104 | CC23: ='4.2.3BR'!AP112+'4.2.3BR'!AP155 -> 11.88 | CE23: ='4.2.3BR'!AT112+'4.2.3BR'!AT155 -> 2083.2768 | CG23: ='4.2.3BR'!AP116+'4.2.3BR'!AP157 -> 8.25 | CI23: ='4.2.3BR'!AT116+'4.2.3BR'!AT157 -> 1446.72 | CK23: ='4.2.3BR'!AP121+'4.2.3BR'!AP159 -> 10.91 | CM23: ='4.2.3BR'!AT121+'4.2.3BR'!AT159 -> 1913.1776 | CO23: ='4.2.3BR'!AP124+'4.2.3BR'!AP161 -> 6.15 | CQ23: ='4.2.3BR'!AT124+'4.2.3BR'!AT161 -> 1078.464 | CS23: ='4.2.3BR'!AP127 -> 3.164 | CU23: ='4.2.3BR'!AT127 -> 554.83904 | CW23: ='4.2.3BR'!AP132+'4.2.3BR'!AP163 -> 13.122 | CY23: ='4.2.3BR'!AT132+'4.2.3BR'!AT163 -> 2301.0739 | DA23: ='4.2.3BR'!AP135+'4.2.3BR'!AP166 -> 24.472 | DC23: ='4.2.3BR'!AT135+'4.2.3BR'!AT166 -> 4291.4099 | DE23: ='4.2.3BR'!AP138+'4.2.3BR'!AP171 -> 23.06 | DG23: ='4.2.3BR'!AT138+'4.2.3BR'!AT171 -> 4043.8016 | DI23: ='4.2.3BR'!AP140+'4.2.3BR'!AP174 -> 21.708 | DK23: ='4.2.3BR'!AT140+'4.2.3BR'!AT174 -> 3806.7149 | DM23: ='4.2.3BR'!AP144+'4.2.3BR'!AP176 -> 33.086 | DO23: ='4.2.3BR'!AT144+'4.2.3BR'!AT176 -> 5801.961
A24: ='3.1Cost by Sub-contractors'!A22 -> 5.3 | C24: ='3.1Cost by Sub-contractors'!C22:G22 -> Planimetric (Off Shore) | H24: ='3.1Cost by Sub-contractors'!H22:I22 -> 1/500 | J24: ='3.1Cost by Sub-contractors'!J22 -> (ha) | K24: ='3.1Cost by Sub-contractors'!K22 -> 226.18 | Q24: ='4.2.3BR'!AV26+'4.2.3BR'!AV148 -> 12.9423 | S24: ='4.2.3BR'!AZ26+'4.2.3BR'!AZ148 -> 2927.2894 | U24: ='4.2.3BR'!AV30 -> 1.5848 | W24: ='4.2.3BR'!AZ30 -> 358.45006 | Y24: ='4.2.3BR'!AV36+'4.2.3BR'!AV150 -> 5.4138 | AA24: ='4.2.3BR'!AZ36+'4.2.3BR'!AZ150 -> 1224.4933 | AC24: ='4.2.3BR'!AV43 -> 3.2816 | AE24: ='4.2.3BR'!AZ43 -> 742.23229 | AG24: ='4.2.3BR'!AV52 -> 19.208 | AI24: ='4.2.3BR'!AZ52 -> 4344.4654 | AK24: ='4.2.3BR'!AV58 -> 2.4626 | AM24: ='4.2.3BR'!AZ58 -> 556.99087 | AO24: ='4.2.3BR'!AV64 -> 1.0871 | AQ24: ='4.2.3BR'!AZ64 -> 245.88028 | AS24: ='4.2.3BR'!AV67 -> 0 | AU24: ='4.2.3BR'!AZ67 -> 0 | AW24: ='4.2.3BR'!AV76 -> 5.936 | AY24: ='4.2.3BR'!AZ76 -> 1342.6045 | BA24: ='4.2.3BR'!AV85 -> 4.578 | BC24: ='4.2.3BR'!AZ85 -> 1035.452 | BE24: ='4.2.3BR'!AV90 -> 2.338 | BG24: ='4.2.3BR'!AZ90 -> 528.80884 | BI24: ='4.2.3BR'!AV94 -> 2.618 | BK24: ='4.2.3BR'!AZ94 -> 592.13924 | BM24: ='4.2.3BR'!AV101 -> 2.926 | BO24: ='4.2.3BR'!AZ101 -> 661.80268 | BQ24: ='4.2.3BR'!AV103 -> 1.022 | BS24: ='4.2.3BR'!AZ103 -> 231.15596 | BU24: ='4.2.3BR'!AV107+'4.2.3BR'!AV152 -> 5.67 | BW24: ='4.2.3BR'!AZ107+'4.2.3BR'!AZ152 -> 1282.4406 | BY24: ='4.2.3BR'!AV110 -> 2.352 | CA24: ='4.2.3BR'!AZ110 -> 531.97536 | CC24: ='4.2.3BR'!AV112+'4.2.3BR'!AV155 -> 0.462 | CE24: ='4.2.3BR'!AZ112+'4.2.3BR'!AZ155 -> 104.49516 | CG24: ='4.2.3BR'!AV116+'4.2.3BR'!AV157 -> 2.142 | CI24: ='4.2.3BR'!AZ116+'4.2.3BR'!AZ157 -> 484.47756 | CK24: ='4.2.3BR'!AV121+'4.2.3BR'!AV159 -> 4.032 | CM24: ='4.2.3BR'!AZ121+'4.2.3BR'!AZ159 -> 911.95776 | CO24: ='4.2.3BR'!AV124+'4.2.3BR'!AV161 -> 1.008 | CQ24: ='4.2.3BR'!AZ124+'4.2.3BR'!AZ161 -> 227.98944 | CS24: ='4.2.3BR'!AV127 -> 0.504 | CU24: ='4.2.3BR'!AZ127 -> 113.99472 | CW24: ='4.2.3BR'!AV132+'4.2.3BR'!AV163 -> 6.832 | CY24: ='4.2.3BR'!AZ132+'4.2.3BR'!AZ163 -> 1545.2618 | DA24: ='4.2.3BR'!AV135+'4.2.3BR'!AV166 -> 0 | DC24: ='4.2.3BR'!AZ135+'4.2.3BR'!AZ166 -> 0 | DE24: ='4.2.3BR'!AV138+'4.2.3BR'!AV171 -> 1.078 | DG24: ='4.2.3BR'!AZ138+'4.2.3BR'!AZ171 -> 243.82204 | DI24: ='4.2.3BR'!AV140+'4.2.3BR'!AV174 -> 0 | DK24: ='4.2.3BR'!AZ140+'4.2.3BR'!AZ174 -> 0 | DM24: ='4.2.3BR'!AV144+'4.2.3BR'!AV176 -> 11.844 | DO24: ='4.2.3BR'!AZ144+'4.2.3BR'!AZ176 -> 2678.8759
A25: ='3.1Cost by Sub-contractors'!A23 -> 5.4 | C25: ='3.1Cost by Sub-contractors'!C23:G23 -> Profile (On Shore) | H25: ='3.1Cost by Sub-contractors'!H23:I23 -> 1/500 | J25: ='3.1Cost by Sub-contractors'!J23 -> (km) | K25: ='3.1Cost by Sub-contractors'!K23 -> 438.31 | Q25: ='4.2.3BR'!BB26+'4.2.3BR'!BB148 -> 1.7741 | S25: ='4.2.3BR'!BF26+'4.2.3BR'!BF148 -> 777.60577 | U25: ='4.2.3BR'!BB30 -> 0.29655 | W25: ='4.2.3BR'!BF30 -> 129.98083 | Y25: ='4.2.3BR'!BB36+'4.2.3BR'!BB150 -> 1.48545 | AA25: ='4.2.3BR'!BF36+'4.2.3BR'!BF150 -> 651.08759 | AC25: ='4.2.3BR'!BB43 -> 1.4556 | AE25: ='4.2.3BR'!BF43 -> 638.00404 | AG25: ='4.2.3BR'!BB52 -> 1.637975 | AI25: ='4.2.3BR'!BF52 -> 717.94082 | AK25: ='4.2.3BR'!BB58 -> 0.4322 | AM25: ='4.2.3BR'!BF58 -> 189.43758 | AO25: ='4.2.3BR'!BB64 -> 0.4524 | AQ25: ='4.2.3BR'!BF64 -> 198.29144 | AS25: ='4.2.3BR'!BB67 -> 0.25625 | AU25: ='4.2.3BR'!BF67 -> 112.31694 | AW25: ='4.2.3BR'!BB76 -> 0.892 | AY25: ='4.2.3BR'!BF76 -> 390.97252 | BA25: ='4.2.3BR'!BB85 -> 0.8185 | BC25: ='4.2.3BR'!BF85 -> 358.75673 | BE25: ='4.2.3BR'!BB90 -> 0.418 | BG25: ='4.2.3BR'!BF90 -> 183.21358 | BI25: ='4.2.3BR'!BB94 -> 0.339 | BK25: ='4.2.3BR'!BF94 -> 148.58709 | BM25: ='4.2.3BR'!BB101 -> 0.5625 | BO25: ='4.2.3BR'!BF101 -> 246.54937 | BQ25: ='4.2.3BR'!BB103 -> 0.1 | BS25: ='4.2.3BR'!BF103 -> 43.831 | BU25: ='4.2.3BR'!BB107+'4.2.3BR'!BB152 -> 1.1525 | BW25: ='4.2.3BR'!BF107+'4.2.3BR'!BF152 -> 505.15227 | BY25: ='4.2.3BR'!BB110 -> 0.26 | CA25: ='4.2.3BR'!BF110 -> 113.9606 | CC25: ='4.2.3BR'!BB112+'4.2.3BR'!BB155 -> 1.164 | CE25: ='4.2.3BR'!BF112+'4.2.3BR'!BF155 -> 510.19284 | CG25: ='4.2.3BR'!BB116+'4.2.3BR'!BB157 -> 0.737 | CI25: ='4.2.3BR'!BF116+'4.2.3BR'!BF157 -> 323.03447 | CK25: ='4.2.3BR'!BB121+'4.2.3BR'!BB159 -> 0.907 | CM25: ='4.2.3BR'!BF121+'4.2.3BR'!BF159 -> 397.54717 | CO25: ='4.2.3BR'!BB124+'4.2.3BR'!BB161 -> 0.567 | CQ25: ='4.2.3BR'!BF124+'4.2.3BR'!BF161 -> 248.52177 | CS25: ='4.2.3BR'!BB127 -> 0.226 | CU25: ='4.2.3BR'!BF127 -> 99.05806 | CW25: ='4.2.3BR'!BB132+'4.2.3BR'!BB163 -> 1.085 | CY25: ='4.2.3BR'!BF132+'4.2.3BR'!BF163 -> 475.56635 | DA25: ='4.2.3BR'!BB135+'4.2.3BR'!BB166 -> 2.024 | DC25: ='4.2.3BR'!BF135+'4.2.3BR'!BF166 -> 887.13944 | DE25: ='4.2.3BR'!BB138+'4.2.3BR'!BB171 -> 2.258 | DG25: ='4.2.3BR'!BF138+'4.2.3BR'!BF171 -> 989.70398 | DI25: ='4.2.3BR'!BB140+'4.2.3BR'!BB174 -> 1.846 | DK25: ='4.2.3BR'!BF140+'4.2.3BR'!BF174 -> 809.12026 | DM25: ='4.2.3BR'!BB144+'4.2.3BR'!BB176 -> 2.531 | DO25: ='4.2.3BR'!BF144+'4.2.3BR'!BF176 -> 1109.3626
A26: ='3.1Cost by Sub-contractors'!A24 -> 5.5 | C26: ='3.1Cost by Sub-contractors'!C24:G24 -> Profile (Off Shore) | H26: ='3.1Cost by Sub-contractors'!H24:I24 -> 1/500 | J26: ='3.1Cost by Sub-contractors'!J24 -> (km) | K26: ='3.1Cost by Sub-contractors'!K24 -> 474.97 | Q26: ='4.2.3BR'!BH26+'4.2.3BR'!BH148 -> 0.92445 | S26: ='4.2.3BR'!BL26+'4.2.3BR'!BL148 -> 439.08602 | U26: ='4.2.3BR'!BH30 -> 0.1132 | W26: ='4.2.3BR'!BL30 -> 53.766604 | Y26: ='4.2.3BR'!BH36+'4.2.3BR'!BH150 -> 0.3867 | AA26: ='4.2.3BR'!BL36+'4.2.3BR'!BL150 -> 183.6709 | AC26: ='4.2.3BR'!BH43 -> 0.2344 | AE26: ='4.2.3BR'!BL43 -> 111.33297 | AG26: ='4.2.3BR'!BH52 -> 1.372 | AI26: ='4.2.3BR'!BL52 -> 651.65884 | AK26: ='4.2.3BR'!BH58 -> 0.1759 | AM26: ='4.2.3BR'!BL58 -> 83.547223 | AO26: ='4.2.3BR'!BH64 -> 0.07765 | AQ26: ='4.2.3BR'!BL64 -> 36.881421 | AS26: ='4.2.3BR'!BH67 -> 0 | AU26: ='4.2.3BR'!BL67 -> 0 | AW26: ='4.2.3BR'!BH76 -> 0.424 | AY26: ='4.2.3BR'!BL76 -> 201.38728 | BA26: ='4.2.3BR'!BH85 -> 0.327 | BC26: ='4.2.3BR'!BL85 -> 155.31519 | BE26: ='4.2.3BR'!BH90 -> 0.167 | BG26: ='4.2.3BR'!BL90 -> 79.31999 | BI26: ='4.2.3BR'!BH94 -> 0.187 | BK26: ='4.2.3BR'!BL94 -> 88.81939 | BM26: ='4.2.3BR'!BH101 -> 0.209 | BO26: ='4.2.3BR'!BL101 -> 99.26873 | BQ26: ='4.2.3BR'!BH103 -> 0.073 | BS26: ='4.2.3BR'!BL103 -> 34.67281 | BU26: ='4.2.3BR'!BH107+'4.2.3BR'!BH152 -> 0.405 | BW26: ='4.2.3BR'!BL107+'4.2.3BR'!BL152 -> 192.36285 | BY26: ='4.2.3BR'!BH110 -> 0.168 | CA26: ='4.2.3BR'!BL110 -> 79.79496 | CC26: ='4.2.3BR'!BH112+'4.2.3BR'!BH155 -> 0.033 | CE26: ='4.2.3BR'!BL112+'4.2.3BR'!BL155 -> 15.67401 | CG26: ='4.2.3BR'!BH116+'4.2.3BR'!BH157 -> 0.153 | CI26: ='4.2.3BR'!BL116+'4.2.3BR'!BL157 -> 72.67041 | CK26: ='4.2.3BR'!BH121+'4.2.3BR'!BH159 -> 0.288 | CM26: ='4.2.3BR'!BL121+'4.2.3BR'!BL159 -> 136.79136 | CO26: ='4.2.3BR'!BH124+'4.2.3BR'!BH161 -> 0.072 | CQ26: ='4.2.3BR'!BL124+'4.2.3BR'!BL161 -> 34.19784 | CS26: ='4.2.3BR'!BH127 -> 0.036 | CU26: ='4.2.3BR'!BL127 -> 17.09892 | CW26: ='4.2.3BR'!BH132+'4.2.3BR'!BH163 -> 0.488 | CY26: ='4.2.3BR'!BL132+'4.2.3BR'!BL163 -> 231.78536 | DA26: ='4.2.3BR'!BH135+'4.2.3BR'!BH166 -> 0 | DC26: ='4.2.3BR'!BL135+'4.2.3BR'!BL166 -> 0 | DE26: ='4.2.3BR'!BH138+'4.2.3BR'!BH171 -> 0.077 | DG26: ='4.2.3BR'!BL138+'4.2.3BR'!BL171 -> 36.57269 | DI26: ='4.2.3BR'!BH140+'4.2.3BR'!BH174 -> 0 | DK26: ='4.2.3BR'!BL140+'4.2.3BR'!BL174 -> 0 | DM26: ='4.2.3BR'!BH144+'4.2.3BR'!BH176 -> 0.846 | DO26: ='4.2.3BR'!BL144+'4.2.3BR'!BL176 -> 401.82462
A27: ='3.1Cost by Sub-contractors'!A25 -> 5.6 | C27: ='3.1Cost by Sub-contractors'!C25:G25 -> Cross-section (Approach Road) | H27: ='3.1Cost by Sub-contractors'!H25:I25 -> 1/200 | J27: ='3.1Cost by Sub-contractors'!J25 -> (km) | K27: ='3.1Cost by Sub-contractors'!K25 -> 572.73 | Q27: ='4.2.3BR'!BN26+'4.2.3BR'!BN148 -> 7.371 | S27: ='4.2.3BR'!BR26+'4.2.3BR'!BR148 -> 4221.5928 | U27: ='4.2.3BR'!BN30 -> 1.764 | W27: ='4.2.3BR'!BR30 -> 1010.2957 | Y27: ='4.2.3BR'!BN36+'4.2.3BR'!BN150 -> 7.14 | AA27: ='4.2.3BR'!BR36+'4.2.3BR'!BR150 -> 4089.2922 | AC27: ='4.2.3BR'!BN43 -> 7.791 | AE27: ='4.2.3BR'!BR43 -> 4462.1394 | AG27: ='4.2.3BR'!BN52 -> 9.408 | AI27: ='4.2.3BR'!BR52 -> 5388.2438 | AK27: ='4.2.3BR'!BN58 -> 2.793 | AM27: ='4.2.3BR'!BR58 -> 1599.6349 | AO27: ='4.2.3BR'!BN64 -> 2.499 | AQ27: ='4.2.3BR'!BR64 -> 1431.2523 | AS27: ='4.2.3BR'!BN67 -> 1.176 | AU27: ='4.2.3BR'!BR67 -> 673.53048 | AW27: ='4.2.3BR'!BN76 -> 5.88 | AY27: ='4.2.3BR'!BR76 -> 3367.6524 | BA27: ='4.2.3BR'!BN85 -> 5.586 | BC27: ='4.2.3BR'!BR85 -> 3199.2698 | BE27: ='4.2.3BR'!BN90 -> 2.793 | BG27: ='4.2.3BR'!BR90 -> 1599.6349 | BI27: ='4.2.3BR'!BN94 -> 2.352 | BK27: ='4.2.3BR'!BR94 -> 1347.061 | BM27: ='4.2.3BR'!BN101 -> 3.675 | BO27: ='4.2.3BR'!BR101 -> 2104.7827 | BQ27: ='4.2.3BR'!BN103 -> 0.735 | BS27: ='4.2.3BR'!BR103 -> 420.95655 | BU27: ='4.2.3BR'!BN107+'4.2.3BR'!BN152 -> 5.376 | BW27: ='4.2.3BR'!BR107+'4.2.3BR'!BR152 -> 3078.9965 | BY27: ='4.2.3BR'!BN110 -> 1.911 | CA27: ='4.2.3BR'!BR110 -> 1094.487 | CC27: ='4.2.3BR'!BN112+'4.2.3BR'!BN155 -> 2.961 | CE27: ='4.2.3BR'!BR112+'4.2.3BR'!BR155 -> 1695.8535 | CG27: ='4.2.3BR'!BN116+'4.2.3BR'!BN157 -> 2.877 | CI27: ='4.2.3BR'!BR116+'4.2.3BR'!BR157 -> 1647.7442 | CK27: ='4.2.3BR'!BN121+'4.2.3BR'!BN159 -> 4.641 | CM27: ='4.2.3BR'!BR121+'4.2.3BR'!BR159 -> 2658.0399 | CO27: ='4.2.3BR'!BN124+'4.2.3BR'!BN161 -> 2.142 | CQ27: ='4.2.3BR'!BR124+'4.2.3BR'!BR161 -> 1226.7877 | CS27: ='4.2.3BR'!BN127 -> 1.176 | CU27: ='4.2.3BR'!BR127 -> 673.53048 | CW27: ='4.2.3BR'!BN132+'4.2.3BR'!BN163 -> 4.641 | CY27: ='4.2.3BR'!BR132+'4.2.3BR'!BR163 -> 2658.0399 | DA27: ='4.2.3BR'!BN135+'4.2.3BR'!BN166 -> 6.195 | DC27: ='4.2.3BR'!BR135+'4.2.3BR'!BR166 -> 3548.0624 | DE27: ='4.2.3BR'!BN138+'4.2.3BR'!BN171 -> 5.922 | DG27: ='4.2.3BR'!BR138+'4.2.3BR'!BR171 -> 3391.7071 | DI27: ='4.2.3BR'!BN140+'4.2.3BR'!BN174 -> 5.46 | DK27: ='4.2.3BR'!BR140+'4.2.3BR'!BR174 -> 3127.1058 | DM27: ='4.2.3BR'!BN144+'4.2.3BR'!BN176 -> 8.61 | DO27: ='4.2.3BR'!BR144+'4.2.3BR'!BR176 -> 4931.2053
A28: ='3.1Cost by Sub-contractors'!A26 -> 5.7 | C28: ='3.1Cost by Sub-contractors'!C26:G26 -> River Profile | H28: ='3.1Cost by Sub-contractors'!H26:I26 -> 1/1,000; 1/100 | J28: ='3.1Cost by Sub-contractors'!J26 -> (km) | K28: ='3.1Cost by Sub-contractors'!K26 -> 474.97 | Q28: ='4.2.3BR'!BT26+'4.2.3BR'!BT148 -> 6.2 | S28: ='4.2.3BR'!BX26+'4.2.3BR'!BX148 -> 2944.814 | U28: ='4.2.3BR'!BT30 -> 0.8 | W28: ='4.2.3BR'!BX30 -> 379.976 | Y28: ='4.2.3BR'!BT36+'4.2.3BR'!BT150 -> 2.1 | AA28: ='4.2.3BR'!BX36+'4.2.3BR'!BX150 -> 997.437 | AC28: ='4.2.3BR'!BT43 -> 1.6 | AE28: ='4.2.3BR'!BX43 -> 759.952 | AG28: ='4.2.3BR'!BT52 -> 9.2 | AI28: ='4.2.3BR'!BX52 -> 4369.724 | AK28: ='4.2.3BR'!BT58 -> 0.1 | AM28: ='4.2.3BR'!BX58 -> 47.497 | AO28: ='4.2.3BR'!BT64 -> 0 | AQ28: ='4.2.3BR'!BX64 -> 0 | AS28: ='4.2.3BR'!BT67 -> 0 | AU28: ='4.2.3BR'!BX67 -> 0 | AW28: ='4.2.3BR'!BT76 -> 2.3 | AY28: ='4.2.3BR'!BX76 -> 1092.431 | BA28: ='4.2.3BR'!BT85 -> 1.1 | BC28: ='4.2.3BR'!BX85 -> 522.467 | BE28: ='4.2.3BR'!BT90 -> 1 | BG28: ='4.2.3BR'!BX90 -> 474.97 | BI28: ='4.2.3BR'!BT94 -> 1.1 | BK28: ='4.2.3BR'!BX94 -> 522.467 | BM28: ='4.2.3BR'!BT101 -> 1.1 | BO28: ='4.2.3BR'!BX101 -> 522.467 | BQ28: ='4.2.3BR'!BT103 -> 0.1 | BS28: ='4.2.3BR'!BX103 -> 47.497 | BU28: ='4.2.3BR'!BT107+'4.2.3BR'!BT152 -> 2 | BW28: ='4.2.3BR'!BX107+'4.2.3BR'!BX152 -> 949.94 | BY28: ='4.2.3BR'!BT110 -> 1 | CA28: ='4.2.3BR'!BX110 -> 474.97 | CG28: ='4.2.3BR'!BT116+'4.2.3BR'!BT157 -> 0.1 | CI28: ='4.2.3BR'!BX116+'4.2.3BR'!BX157 -> 47.497 | CK28: ='4.2.3BR'!BT121+'4.2.3BR'!BT159 -> 0.8 | CM28: ='4.2.3BR'!BX121+'4.2.3BR'!BX159 -> 379.976 | CO28: ='4.2.3BR'!BT124+'4.2.3BR'!BT161 -> 0 | CQ28: ='4.2.3BR'!BX124+'4.2.3BR'!BX161 -> 0 | CS28: ='4.2.3BR'!BT127 -> 0 | CU28: ='4.2.3BR'!BX127 -> 0 | CW28: ='4.2.3BR'!BT132+'4.2.3BR'!BT163 -> 3 | CY28: ='4.2.3BR'!BX132+'4.2.3BR'!BX163 -> 1424.91 | DA28: ='4.2.3BR'!BT135+'4.2.3BR'!BT166 -> 0 | DC28: ='4.2.3BR'!BX135+'4.2.3BR'!BX166 -> 0 | DE28: ='4.2.3BR'!BT138+'4.2.3BR'!BT171 -> 0 | DG28: ='4.2.3BR'!BX138+'4.2.3BR'!BX171 -> 0 | DI28: ='4.2.3BR'!BT140+'4.2.3BR'!BT174 -> 0 | DK28: ='4.2.3BR'!BX140+'4.2.3BR'!BX174 -> 0 | DM28: ='4.2.3BR'!BT144+'4.2.3BR'!BT176 -> 5.6 | DO28: ='4.2.3BR'!BX144+'4.2.3BR'!BX176 -> 2659.832
A29: ='3.1Cost by Sub-contractors'!A27 -> 5.8 | C29: ='3.1Cost by Sub-contractors'!C27:G27 -> River Cross-section | H29: ='3.1Cost by Sub-contractors'!H27:I27 -> 1/200 | J29: ='3.1Cost by Sub-contractors'!J27 -> (km) | K29: ='3.1Cost by Sub-contractors'!K27 -> 655.49 | Q29: ='4.2.3BR'!BZ26+'4.2.3BR'!BZ148 -> 3.6978 | S29: ='4.2.3BR'!CD26+'4.2.3BR'!CD148 -> 2423.8709 | U29: ='4.2.3BR'!BZ30 -> 0.4528 | W29: ='4.2.3BR'!CD30 -> 296.80587 | Y29: ='4.2.3BR'!BZ36+'4.2.3BR'!BZ150 -> 1.3744 | AA29: ='4.2.3BR'!CD36+'4.2.3BR'!CD150 -> 900.90546 | AC29: ='4.2.3BR'!BZ43 -> 0.9376 | AE29: ='4.2.3BR'!CD43 -> 614.58742 | AG29: ='4.2.3BR'!BZ52 -> 5.488 | AI29: ='4.2.3BR'!CD52 -> 3597.3291 | AK29: ='4.2.3BR'!BZ58 -> 0.1553 | AM29: ='4.2.3BR'!CD58 -> 101.7976 | AO29: ='4.2.3BR'!BZ64 -> 0 | AQ29: ='4.2.3BR'!CD64 -> 0 | AS29: ='4.2.3BR'!BZ67 -> 0 | AU29: ='4.2.3BR'!CD67 -> 0 | AW29: ='4.2.3BR'!BZ76 -> 1.392 | AY29: ='4.2.3BR'!CD76 -> 912.44208 | BA29: ='4.2.3BR'!BZ85 -> 0.684 | BC29: ='4.2.3BR'!CD85 -> 448.35516 | BE29: ='4.2.3BR'!BZ90 -> 0.568 | BG29: ='4.2.3BR'!CD90 -> 372.31832 | BI29: ='4.2.3BR'!BZ94 -> 0.658 | BK29: ='4.2.3BR'!CD94 -> 431.31242 | BM29: ='4.2.3BR'!BZ101 -> 0.658 | BO29: ='4.2.3BR'!CD101 -> 431.31242 | BQ29: ='4.2.3BR'!BZ103 -> 0.146 | BS29: ='4.2.3BR'!CD103 -> 95.70154 | BU29: ='4.2.3BR'!BZ107+'4.2.3BR'!BZ152 -> 1.228 | BW29: ='4.2.3BR'!CD107+'4.2.3BR'!CD152 -> 804.94172 | BY29: ='4.2.3BR'!BZ110 -> 0.576 | CA29: ='4.2.3BR'!CD110 -> 377.56224 | CG29: ='4.2.3BR'!BZ116+'4.2.3BR'!BZ157 -> 0.168 | CI29: ='4.2.3BR'!CD116+'4.2.3BR'!CD157 -> 110.12232 | CK29: ='4.2.3BR'!BZ121+'4.2.3BR'!BZ159 -> 0.432 | CM29: ='4.2.3BR'!CD121+'4.2.3BR'!CD159 -> 283.17168 | CO29: ='4.2.3BR'!BZ124+'4.2.3BR'!BZ161 -> 0 | CQ29: ='4.2.3BR'!CD124+'4.2.3BR'!CD161 -> 0 | CS29: ='4.2.3BR'!BZ127 -> 0 | CU29: ='4.2.3BR'!CD127 -> 0 | CW29: ='4.2.3BR'!BZ132+'4.2.3BR'!BZ163 -> 1.808 | CY29: ='4.2.3BR'!CD132+'4.2.3BR'!CD163 -> 1185.1259 | DA29: ='4.2.3BR'!BZ135+'4.2.3BR'!BZ166 -> 0 | DC29: ='4.2.3BR'!CD135+'4.2.3BR'!CD166 -> 0 | DE29: ='4.2.3BR'!BZ138+'4.2.3BR'!BZ171 -> 0 | DG29: ='4.2.3BR'!CD138+'4.2.3BR'!CD171 -> 0 | DI29: ='4.2.3BR'!BZ140+'4.2.3BR'!BZ174 -> 0 | DK29: ='4.2.3BR'!CD140+'4.2.3BR'!CD174 -> 0 | DM29: ='4.2.3BR'!BZ144+'4.2.3BR'!BZ176 -> 3.384 | DO29: ='4.2.3BR'!CD144+'4.2.3BR'!CD176 -> 2218.1782
A30: ='3.1Cost by Sub-contractors'!A28 -> 6 | C30: ='3.1Cost by Sub-contractors'!C28:G28 -> Culvert Box (CB) | H30: ='3.1Cost by Sub-contractors'!H28:I28 -> 0 | J30: ='3.1Cost by Sub-contractors'!J28 -> 0 | K30: ='3.1Cost by Sub-contractors'!K28 -> 0 | S30: =SUM(S31:S33) -> 2675.462 | W30: =SUM(W31:W33) -> 6900.8 | AA30: =SUM(AA31:AA33) -> 7217.554 | AE30: =SUM(AE31:AE33) -> 5580.016 | AI30: =SUM(AI31:AI33) -> 7807.231 | AM30: =SUM(AM31:AM33) -> 6125.862 | AQ30: =SUM(AQ31:AQ33) -> 6082.031 | AU30: =SUM(AU31:AU33) -> 43.831 | AY30: =SUM(AY31:AY33) -> 4356.831 | BC30: =SUM(BC31:BC33) -> 2746.177 | BG30: =SUM(BG31:BG33) -> 6038.2 | BK30: =SUM(BK31:BK33) -> 6038.2 | BO30: =SUM(BO31:BO33) -> 3450.4 | BS30: =SUM(BS31:BS33) -> 6284.239 | BW30: =SUM(BW31:BW33) -> 7807.231 | CA30: =SUM(CA31:CA33) -> 4488.324 | CE30: =SUM(CE31:CE33) -> 87.662 | CI30: =SUM(CI31:CI33) -> 219.155 | CM30: =SUM(CM31:CM33) -> 2631.631 | CQ30: =SUM(CQ31:CQ33) -> 2982.279 | CU30: =SUM(CU31:CU33) -> 1769.031 | CY30: =SUM(CY31:CY33) -> 906.431 | DC30: =SUM(DC31:DC33) -> 175.324 | DG30: =SUM(DG31:DG33) -> 906.431 | DK30: =SUM(DK31:DK33) -> 131.493 | DO30: =SUM(DO31:DO33) -> 1213.248 | DS30: =SUM(DS31:DS33) -> 0 | DW30: =SUM(DW31:DW33) -> 0
A31: ='3.1Cost by Sub-contractors'!A29 -> 6.1 | C31: ='3.1Cost by Sub-contractors'!C29:G29 -> Profile | H31: ='3.1Cost by Sub-contractors'!H29:I29 -> 1/500 | J31: ='3.1Cost by Sub-contractors'!J29 -> (km) | K31: ='3.1Cost by Sub-contractors'!K29 -> 438.31 | Q31: ='4.2.4CB'!L18 -> 1.2 | S31: ='4.2.4CB'!Q18 -> 525.972 | U31: ='4.2.4CB'!L27 -> 3.2 | W31: ='4.2.4CB'!Q27 -> 1402.592 | Y31: ='4.2.4CB'!L38 -> 3.2 | AA31: ='4.2.4CB'!Q38 -> 1402.592 | AC31: ='4.2.4CB'!L49 -> 2.4 | AE31: ='4.2.4CB'!Q49 -> 1051.944 | AG31: ='4.2.4CB'!L60 -> 3.6 | AI31: ='4.2.4CB'!Q60 -> 1577.916 | AK31: ='4.2.4CB'!L70 -> 2.8 | AM31: ='4.2.4CB'!Q70 -> 1227.268 | AO31: ='4.2.4CB'!L79 -> 2.8 | AQ31: ='4.2.4CB'!Q79 -> 1227.268 | AS31: ='4.2.4CB'!L81 -> 0 | AU31: ='4.2.4CB'!Q81 -> 0 | AW31: ='4.2.4CB'!L88 -> 2 | AY31: ='4.2.4CB'!Q88 -> 876.62 | BA31: ='4.2.4CB'!L93 -> 1.2 | BC31: ='4.2.4CB'!Q93 -> 525.972 | BE31: ='4.2.4CB'!L101 -> 2.8 | BG31: ='4.2.4CB'!Q101 -> 1227.268 | BI31: ='4.2.4CB'!L109 -> 2.8 | BK31: ='4.2.4CB'!Q109 -> 1227.268 | BM31: ='4.2.4CB'!L114 -> 1.6 | BO31: ='4.2.4CB'!Q114 -> 701.296 | BQ31: ='4.2.4CB'!L125 -> 2.8 | BS31: ='4.2.4CB'!Q125 -> 1227.268 | BU31: ='4.2.4CB'!L136 -> 3.6 | BW31: ='4.2.4CB'!Q136 -> 1577.916 | BY31: ='4.2.4CB'!L146 -> 2 | CA31: ='4.2.4CB'!Q146 -> 876.62 | CC31: ='4.2.4CB'!L149 -> 0 | CE31: ='4.2.4CB'!Q149 -> 0 | CG31: ='4.2.4CB'!L155 -> 0 | CI31: ='4.2.4CB'!Q155 -> 0 | CK31: ='4.2.4CB'!L160 -> 1.2 | CM31: ='4.2.4CB'!Q160 -> 525.972 | CO31: ='4.2.4CB'!L173 -> 1.2 | CQ31: ='4.2.4CB'!Q173 -> 525.972 | CS31: ='4.2.4CB'!L177 -> 0.8 | CU31: ='4.2.4CB'!Q177 -> 350.648 | CW31: ='4.2.4CB'!L180 -> 0.4 | CY31: ='4.2.4CB'!Q180 -> 175.324 | DA31: ='4.2.4CB'!L185 -> 0 | DC31: ='4.2.4CB'!Q185 -> 0 | DE31: ='4.2.4CB'!L188 -> 0.4 | DG31: ='4.2.4CB'!Q188 -> 175.324 | DI31: ='4.2.4CB'!L191+'4.2.4CB'!L203 -> 0 | DK31: ='4.2.4CB'!Q191+'4.2.4CB'!Q203 -> 0 | DM31: ='4.2.4CB'!L200+'4.2.4CB'!L205 -> 0.4 | DO31: ='4.2.4CB'!Q200+'4.2.4CB'!Q205 -> 175.324
A32: ='3.1Cost by Sub-contractors'!A30 -> 6.2 | C32: ='3.1Cost by Sub-contractors'!C30:G30 -> Profile | H32: ='3.1Cost by Sub-contractors'!H30:I30 -> 1/200 | J32: ='3.1Cost by Sub-contractors'!J30 -> (km) | K32: ='3.1Cost by Sub-contractors'!K30 -> 438.31 | Q32: ='4.2.4CB'!S18 -> 0.2 | S32: ='4.2.4CB'!W18 -> 87.662 | U32: ='4.2.4CB'!S27 -> 0 | W32: ='4.2.4CB'!W27 -> 0 | Y32: ='4.2.4CB'!S38 -> 0.2 | AA32: ='4.2.4CB'!W38 -> 87.662 | AC32: ='4.2.4CB'!S49 -> 0.4 | AE32: ='4.2.4CB'!W49 -> 175.324 | AG32: ='4.2.4CB'!S60 -> 0.1 | AI32: ='4.2.4CB'!W60 -> 43.831 | AK32: ='4.2.4CB'!S70 -> 0.2 | AM32: ='4.2.4CB'!W70 -> 87.662 | AO32: ='4.2.4CB'!S79 -> 0.1 | AQ32: ='4.2.4CB'!W79 -> 43.831 | AS32: ='4.2.4CB'!S81 -> 0.1 | AU32: ='4.2.4CB'!W81 -> 43.831 | AW32: ='4.2.4CB'!S88 -> 0.1 | AY32: ='4.2.4CB'!W88 -> 43.831 | BA32: ='4.2.4CB'!S93 -> 0.1 | BC32: ='4.2.4CB'!W93 -> 43.831 | BE32: ='4.2.4CB'!S101 -> 0 | BG32: ='4.2.4CB'!W101 -> 0 | BI32: ='4.2.4CB'!S109 -> 0 | BK32: ='4.2.4CB'!W109 -> 0 | BM32: ='4.2.4CB'!S114 -> 0 | BO32: ='4.2.4CB'!W114 -> 0 | BQ32: ='4.2.4CB'!S125 -> 0.3 | BS32: ='4.2.4CB'!W125 -> 131.493 | BU32: ='4.2.4CB'!S136 -> 0.1 | BW32: ='4.2.4CB'!W136 -> 43.831 | BY32: ='4.2.4CB'!S146 -> 0.4 | CA32: ='4.2.4CB'!W146 -> 175.324 | CC32: ='4.2.4CB'!S149 -> 0.2 | CE32: ='4.2.4CB'!W149 -> 87.662 | CG32: ='4.2.4CB'!S155 -> 0.5 | CI32: ='4.2.4CB'!W155 -> 219.155 | CK32: ='4.2.4CB'!S160 -> 0.1 | CM32: ='4.2.4CB'!W160 -> 43.831 | CO32: ='4.2.4CB'!S173 -> 0.9 | CQ32: ='4.2.4CB'!W173 -> 394.479 | CS32: ='4.2.4CB'!S177 -> 0.1 | CU32: ='4.2.4CB'!W177 -> 43.831 | CW32: ='4.2.4CB'!S180 -> 0.1 | CY32: ='4.2.4CB'!W180 -> 43.831 | DA32: ='4.2.4CB'!S185 -> 0.4 | DC32: ='4.2.4CB'!W185 -> 175.324 | DE32: ='4.2.4CB'!S188 -> 0.1 | DG32: ='4.2.4CB'!W188 -> 43.831 | DI32: ='4.2.4CB'!S191+'4.2.4CB'!S203 -> 0.3 | DK32: ='4.2.4CB'!W191+'4.2.4CB'!W203 -> 131.493 | DM32: ='4.2.4CB'!S200+'4.2.4CB'!S205 -> 0.8 | DO32: ='4.2.4CB'!W200+'4.2.4CB'!W205 -> 350.648
A33: ='3.1Cost by Sub-contractors'!A31 -> 6.3 | C33: ='3.1Cost by Sub-contractors'!C31:G31 -> Cross-section | H33: ='3.1Cost by Sub-contractors'!H31:I31 -> 1/200 | J33: ='3.1Cost by Sub-contractors'!J31 -> (km) | K33: ='3.1Cost by Sub-contractors'!K31 -> 572.73 | Q33: ='4.2.4CB'!Y18 -> 3.6 | S33: ='4.2.4CB'!AC18 -> 2061.828 | U33: ='4.2.4CB'!Y27 -> 9.6 | W33: ='4.2.4CB'!AC27 -> 5498.208 | Y33: ='4.2.4CB'!Y38 -> 10 | AA33: ='4.2.4CB'!AC38 -> 5727.3 | AC33: ='4.2.4CB'!Y49 -> 7.6 | AE33: ='4.2.4CB'!AC49 -> 4352.748 | AG33: ='4.2.4CB'!Y60 -> 10.8 | AI33: ='4.2.4CB'!AC60 -> 6185.484 | AK33: ='4.2.4CB'!Y70 -> 8.4 | AM33: ='4.2.4CB'!AC70 -> 4810.932 | AO33: ='4.2.4CB'!Y79 -> 8.4 | AQ33: ='4.2.4CB'!AC79 -> 4810.932 | AS33: ='4.2.4CB'!Y81 -> 0 | AU33: ='4.2.4CB'!AC81 -> 0 | AW33: ='4.2.4CB'!Y88 -> 6 | AY33: ='4.2.4CB'!AC88 -> 3436.38 | BA33: ='4.2.4CB'!Y93 -> 3.8 | BC33: ='4.2.4CB'!AC93 -> 2176.374 | BE33: ='4.2.4CB'!Y101 -> 8.4 | BG33: ='4.2.4CB'!AC101 -> 4810.932 | BI33: ='4.2.4CB'!Y109 -> 8.4 | BK33: ='4.2.4CB'!AC109 -> 4810.932 | BM33: ='4.2.4CB'!Y114 -> 4.8 | BO33: ='4.2.4CB'!AC114 -> 2749.104 | BQ33: ='4.2.4CB'!Y125 -> 8.6 | BS33: ='4.2.4CB'!AC125 -> 4925.478 | BU33: ='4.2.4CB'!Y136 -> 10.8 | BW33: ='4.2.4CB'!AC136 -> 6185.484 | BY33: ='4.2.4CB'!Y146 -> 6 | CA33: ='4.2.4CB'!AC146 -> 3436.38 | CG33: ='4.2.4CB'!Y149 -> 0 | CI33: ='4.2.4CB'!AC149 -> 0 | CK33: ='4.2.4CB'!Y160 -> 3.6 | CM33: ='4.2.4CB'!AC160 -> 2061.828 | CO33: ='4.2.4CB'!Y173 -> 3.6 | CQ33: ='4.2.4CB'!AC173 -> 2061.828 | CS33: ='4.2.4CB'!Y177 -> 2.4 | CU33: ='4.2.4CB'!AC177 -> 1374.552 | CW33: ='4.2.4CB'!Y180 -> 1.2 | CY33: ='4.2.4CB'!AC180 -> 687.276 | DA33: ='4.2.4CB'!Y185 -> 0 | DC33: ='4.2.4CB'!AC185 -> 0 | DE33: ='4.2.4CB'!Y188 -> 1.2 | DG33: ='4.2.4CB'!AC188 -> 687.276 | DI33: ='4.2.4CB'!Y191+'4.2.4CB'!Y203 -> 0 | DK33: ='4.2.4CB'!AC191+'4.2.4CB'!AC203 -> 0 | DM33: ='4.2.4CB'!Y200+'4.2.4CB'!Y205 -> 1.2 | DO33: ='4.2.4CB'!AC200+'4.2.4CB'!AC205 -> 687.276
A34: ='3.1Cost by Sub-contractors'!A32 -> 7 | C34: ='3.1Cost by Sub-contractors'!C32:G32 -> Culvert Pipe (CP) | H34: ='3.1Cost by Sub-contractors'!H32:I32 -> 0 | J34: ='3.1Cost by Sub-contractors'!J32 -> 0 | K34: ='3.1Cost by Sub-contractors'!K32 -> 0 | S34: =S35 -> 131.493 | W34: =W35 -> 0 | AA34: =AA35 -> 87.662 | AE34: =AE35 -> 43.831 | AI34: =AI35 -> 0 | AM34: =AM35 -> 0 | AQ34: =AQ35 -> 87.662 | AU34: =AU35 -> 43.831 | AY34: =AY35 -> 0 | BC34: =BC35 -> 0 | BG34: =BG35 -> 43.831 | BK34: =BK35 -> 87.662 | BO34: =BO35 -> 0 | BS34: =BS35 -> 43.831 | BW34: =BW35 -> 43.831 | CA34: =CA35 -> 43.831 | CE34: =CE35 -> 43.831 | CI34: =CI35 -> 87.662 | CM34: =CM35 -> 0 | CQ34: =CQ35 -> 0 | CU34: =CU35 -> 0 | CY34: =CY35 -> 0 | DC34: =DC35 -> 0 | DG34: =DG35 -> 0 | DK34: =DK35 -> 0 | DO34: =DO35 -> 0 | DS34: =DS35 -> 0 | DW34: =DW35 -> 0
A35: ='3.1Cost by Sub-contractors'!A33 -> 7.1 | C35: ='3.1Cost by Sub-contractors'!C33:G33 -> Profile | H35: ='3.1Cost by Sub-contractors'!H33:I33 -> 1/200 | J35: ='3.1Cost by Sub-contractors'!J33 -> (km) | K35: ='3.1Cost by Sub-contractors'!K33 -> 438.31 | Q35: ='4.2.5CP'!L15+'4.2.5CP'!L195 -> 0.3 | S35: ='4.2.5CP'!P15+'4.2.5CP'!P195 -> 131.493 | U35: ='4.2.5CP'!L20 -> 0 | W35: ='4.2.5CP'!P20 -> 0 | Y35: ='4.2.5CP'!L30 -> 0.2 | AA35: ='4.2.5CP'!P30 -> 87.662 | AC35: ='4.2.5CP'!L36 -> 0.1 | AE35: ='4.2.5CP'!P36 -> 43.831 | AG35: ='4.2.5CP'!L198 -> 0 | AI35: ='4.2.5CP'!P198 -> 0 | AK35: ='4.2.5CP'!L38 -> 0 | AM35: ='4.2.5CP'!P38 -> 0 | AO35: ='4.2.5CP'!L48 -> 0.2 | AQ35: ='4.2.5CP'!P48 -> 87.662 | AS35: ='4.2.5CP'!L55 -> 0.1 | AU35: ='4.2.5CP'!P55 -> 43.831 | AW35: ='4.2.5CP'!L65 -> 0 | AY35: ='4.2.5CP'!P65 -> 0 | BA35: ='4.2.5CP'!L72 -> 0 | BC35: ='4.2.5CP'!P72 -> 0 | BE35: ='4.2.5CP'!L86 -> 0.1 | BG35: ='4.2.5CP'!P86 -> 43.831 | BI35: ='4.2.5CP'!L94 -> 0.2 | BK35: ='4.2.5CP'!P94 -> 87.662 | BM35: ='4.2.5CP'!L102 -> 0 | BO35: ='4.2.5CP'!P102 -> 0 | BQ35: ='4.2.5CP'!L105 -> 0.1 | BS35: ='4.2.5CP'!P105 -> 43.831 | BU35: ='4.2.5CP'!L110 -> 0.1 | BW35: ='4.2.5CP'!P110 -> 43.831 | BY35: ='4.2.5CP'!L121 -> 0.1 | CA35: ='4.2.5CP'!P121 -> 43.831 | CC35: ='4.2.5CP'!L128 -> 0.1 | CE35: ='4.2.5CP'!P128 -> 43.831 | CG35: ='4.2.5CP'!L133+'4.2.5CP'!L201 -> 0.2 | CI35: ='4.2.5CP'!P133+'4.2.5CP'!P201 -> 87.662 | CK35: ='4.2.5CP'!L141 -> 0 | CM35: ='4.2.5CP'!P141 -> 0 | CO35: ='4.2.5CP'!L147 -> 0 | CQ35: ='4.2.5CP'!P147 -> 0 | CS35: ='4.2.5CP'!L155+'4.2.5CP'!L204 -> 0 | CU35: ='4.2.5CP'!P155+'4.2.5CP'!P204 -> 0 | CW35: ='4.2.5CP'!L160 -> 0 | CY35: ='4.2.5CP'!P160 -> 0 | DA35: ='4.2.5CP'!L165+'4.2.5CP'!L207 -> 0 | DC35: ='4.2.5CP'!P165+'4.2.5CP'!P207 -> 0 | DE35: ='4.2.5CP'!L173 -> 0 | DG35: ='4.2.5CP'!P173 -> 0 | DI35: ='4.2.5CP'!L186+'4.2.5CP'!L209 -> 0 | DK35: ='4.2.5CP'!P186+'4.2.5CP'!P209 -> 0 | DM35: ='4.2.5CP'!L192 -> 0 | DO35: ='4.2.5CP'!P192 -> 0
A36: ='3.1Cost by Sub-contractors'!A34 -> 8 | C36: ='3.1Cost by Sub-contractors'!C34:G34 -> Canal (Re-alignment) | S36: =SUM(S37:S38) -> 0 | W36: =SUM(W37:W38) -> 728.5342 | AA36: =SUM(AA37:AA38) -> 1583.77 | AE36: =SUM(AE37:AE38) -> 882.5281 | AI36: =SUM(AI37:AI38) -> 0 | AM36: =SUM(AM37:AM38) -> 0 | AQ36: =SUM(AQ37:AQ38) -> 0 | AU36: =SUM(AU37:AU38) -> 0 | AY36: =SUM(AY37:AY38) -> 0 | BC36: =SUM(BC37:BC38) -> 223.04273 | BG36: =SUM(BG37:BG38) -> 0 | BK36: =SUM(BK37:BK38) -> 0 | BO36: =SUM(BO37:BO38) -> 0 | BS36: =SUM(BS37:BS38) -> 601.8326 | BW36: =SUM(BW37:BW38) -> 1991.6054 | CA36: =SUM(CA37:CA38) -> 190.0524 | CE36: =SUM(CE37:CE38) -> 0 | CI36: =SUM(CI37:CI38) -> 0 | CM36: =SUM(CM37:CM38) -> 0 | CQ36: =SUM(CQ37:CQ38) -> 0 | CU36: =SUM(CU37:CU38) -> 0 | CY36: =SUM(CY37:CY38) -> 0 | DC36: =SUM(DC37:DC38) -> 0 | DG36: =SUM(DG37:DG38) -> 0 | DK36: =SUM(DK37:DK38) -> 0 | DO36: =SUM(DO37:DO38) -> 0 | DS36: =SUM(DS37:DS38) -> 0 | DW36: =SUM(DW37:DW38) -> 0
A37: ='3.1Cost by Sub-contractors'!A35 -> 8.1 | C37: ='3.1Cost by Sub-contractors'!C35:G35 -> Profile | H37: ='3.1Cost by Sub-contractors'!H35:I35 -> 1/500 | J37: ='3.1Cost by Sub-contractors'!J35 -> (km) | K37: ='3.1Cost by Sub-contractors'!K35 -> 438.31 | U37: ='4.2.9CN'!I11 -> 0.46 | W37: ='4.2.9CN'!M11 -> 201.6226 | Y37: ='4.2.9CN'!I16 -> 1 | AA37: ='4.2.9CN'!M16 -> 438.31 | AC37: ='4.2.9CN'!I20 -> 0.55 | AE37: ='4.2.9CN'!M20 -> 241.0705 | BA37: ='4.2.9CN'!I22 -> 0.143 | BC37: ='4.2.9CN'!M22 -> 62.67833 | BQ37: ='4.2.9CN'!I25 -> 0.38 | BS37: ='4.2.9CN'!M25 -> 166.5578 | BU37: ='4.2.9CN'!I30 -> 1.251 | BW37: ='4.2.9CN'!M30 -> 548.32581 | BY37: ='4.2.9CN'!I32 -> 0.12 | CA37: ='4.2.9CN'!M32 -> 52.5972
A38: ='3.1Cost by Sub-contractors'!A36 -> 8.2 | C38: ='3.1Cost by Sub-contractors'!C36:G36 -> Cross-section | H38: ='3.1Cost by Sub-contractors'!H36:I36 -> 1/200 | J38: ='3.1Cost by Sub-contractors'!J36 -> (km) | K38: ='3.1Cost by Sub-contractors'!K36 -> 572.73 | U38: ='4.2.9CN'!O11 -> 0.92 | W38: ='4.2.9CN'!S11 -> 526.9116 | Y38: ='4.2.9CN'!O16 -> 2 | AA38: ='4.2.9CN'!S16 -> 1145.46 | AC38: ='4.2.9CN'!O20 -> 1.12 | AE38: ='4.2.9CN'!S20 -> 641.4576 | BA38: ='4.2.9CN'!O22 -> 0.28 | BC38: ='4.2.9CN'!S22 -> 160.3644 | BQ38: ='4.2.9CN'!O25 -> 0.76 | BS38: ='4.2.9CN'!S25 -> 435.2748 | BU38: ='4.2.9CN'!O30 -> 2.52 | BW38: ='4.2.9CN'!S30 -> 1443.2796 | BY38: ='4.2.9CN'!O32 -> 0.24 | CA38: ='4.2.9CN'!S32 -> 137.4552
A39: ='3.1Cost by Sub-contractors'!A37 -> 9 | C39: ='3.1Cost by Sub-contractors'!C37:G37 -> Interchange (IC) | H39: ='3.1Cost by Sub-contractors'!H37:I37 -> 0 | J39: ='3.1Cost by Sub-contractors'!J37 -> 0 | K39: ='3.1Cost by Sub-contractors'!K37 -> 0 | S39: =SUM(S40:S44) -> 25159.47 | W39: =SUM(W40:W44) -> 0 | AA39: =SUM(AA40:AA44) -> 0 | AE39: =SUM(AE40:AE44) -> 0 | AI39: =SUM(AI40:AI44) -> 14687.196 | AM39: =SUM(AM40:AM44) -> 0 | AQ39: =SUM(AQ40:AQ44) -> 0 | AU39: =SUM(AU40:AU44) -> 0 | AY39: =SUM(AY40:AY44) -> 15601.551 | BC39: =SUM(BC40:BC44) -> 0 | BG39: =SUM(BG40:BG44) -> 0 | BK39: =SUM(BK40:BK44) -> 0 | BO39: =SUM(BO40:BO44) -> 0 | BS39: =SUM(BS40:BS44) -> 14651.465 | BW39: =SUM(BW40:BW44) -> 0 | CA39: =SUM(CA40:CA44) -> 0 | CE39: =SUM(CE40:CE44) -> 0 | CI39: =SUM(CI40:CI44) -> 12864.374 | CM39: =SUM(CM40:CM44) -> 0 | CQ39: =SUM(CQ40:CQ44) -> 0 | CU39: =SUM(CU40:CU44) -> 11693.025 | CY39: =SUM(CY40:CY44) -> 0 | DC39: =SUM(DC40:DC44) -> 12928.893 | DG39: =SUM(DG40:DG44) -> 0 | DK39: =SUM(DK40:DK44) -> 12588.762 | DO39: =SUM(DO40:DO44) -> 7177.1054 | DS39: =SUM(DS40:DS44) -> 0 | DW39: =SUM(DW40:DW44) -> 0
A40: ='3.1Cost by Sub-contractors'!A38 -> 9.1 | C40: ='3.1Cost by Sub-contractors'!C38:G38 -> Secondary Control Point | H40: ='3.1Cost by Sub-contractors'!H38:I38 -> Class II | J40: ='3.1Cost by Sub-contractors'!J38 -> (nos.) | K40: ='3.1Cost by Sub-contractors'!K38 -> 150.63 | Q40: ='4.2.6IC'!I12 -> 8 | S40: ='4.2.6IC'!M12 -> 1205.04 | AG40: ='4.2.6IC'!I14 -> 8 | AI40: ='4.2.6IC'!M14 -> 1205.04 | AW40: ='4.2.6IC'!I16 -> 8 | AY40: ='4.2.6IC'!M16 -> 1205.04 | BQ40: ='4.2.6IC'!I18 -> 8 | BS40: ='4.2.6IC'!M18 -> 1205.04 | CG40: ='4.2.6IC'!I20 -> 8 | CI40: ='4.2.6IC'!M20 -> 1205.04 | CS40: ='4.2.6IC'!I22 -> 8 | CU40: ='4.2.6IC'!M22 -> 1205.04 | DA40: ='4.2.6IC'!I24 -> 8 | DC40: ='4.2.6IC'!M24 -> 1205.04 | DI40: ='4.2.6IC'!I26 -> 8 | DK40: ='4.2.6IC'!M26 -> 1205.04 | DM40: ='4.2.6IC'!I28 -> 8 | DO40: ='4.2.6IC'!M28 -> 1205.04
A41: ='3.1Cost by Sub-contractors'!A39 -> 9.2 | C41: ='3.1Cost by Sub-contractors'!C39:G39 -> Secondary Leveling Network | H41: ='3.1Cost by Sub-contractors'!H39:I39 -> 0 | J41: ='3.1Cost by Sub-contractors'!J39 -> (km) | K41: ='3.1Cost by Sub-contractors'!K39 -> 67.29 | Q41: ='4.2.6IC'!O12 -> 2 | S41: ='4.2.6IC'!S12 -> 134.58 | AG41: ='4.2.6IC'!O14 -> 2 | AI41: ='4.2.6IC'!S14 -> 134.58 | AW41: ='4.2.6IC'!O16 -> 2 | AY41: ='4.2.6IC'!S16 -> 134.58 | BQ41: ='4.2.6IC'!O18 -> 2 | BS41: ='4.2.6IC'!S18 -> 134.58 | CG41: ='4.2.6IC'!O20 -> 2 | CI41: ='4.2.6IC'!S20 -> 134.58 | CS41: ='4.2.6IC'!O22 -> 2 | CU41: ='4.2.6IC'!S22 -> 134.58 | DA41: ='4.2.6IC'!O24 -> 2 | DC41: ='4.2.6IC'!S24 -> 134.58 | DI41: ='4.2.6IC'!O26 -> 2 | DK41: ='4.2.6IC'!S26 -> 134.58 | DM41: ='4.2.6IC'!O28 -> 2 | DO41: ='4.2.6IC'!S28 -> 134.58
A42: ='3.1Cost by Sub-contractors'!A40 -> 9.3 | C42: ='3.1Cost by Sub-contractors'!C40:G40 -> Planimetric | H42: ='3.1Cost by Sub-contractors'!H40:I40 -> 1/500 | J42: ='3.1Cost by Sub-contractors'!J40 -> (ha) | K42: ='3.1Cost by Sub-contractors'!K40 -> 175.36 | Q42: ='4.2.6IC'!U12 -> 60 | S42: ='4.2.6IC'!Y12 -> 10521.6 | AG42: ='4.2.6IC'!U14 -> 27 | AI42: ='4.2.6IC'!Y14 -> 4734.72 | AW42: ='4.2.6IC'!U16 -> 33 | AY42: ='4.2.6IC'!Y16 -> 5786.88 | BQ42: ='4.2.6IC'!U18 -> 28 | BS42: ='4.2.6IC'!Y18 -> 4910.08 | CG42: ='4.2.6IC'!U20 -> 28 | CI42: ='4.2.6IC'!Y20 -> 4910.08 | CS42: ='4.2.6IC'!U22 -> 28 | CU42: ='4.2.6IC'!Y22 -> 4910.08 | DA42: ='4.2.6IC'!U24 -> 28 | DC42: ='4.2.6IC'!Y24 -> 4910.08 | DI42: ='4.2.6IC'!U26 -> 28 | DK42: ='4.2.6IC'!Y26 -> 4910.08 | DM42: ='4.2.6IC'!U28 -> 16 | DO42: ='4.2.6IC'!Y28 -> 2805.76
A43: ='3.1Cost by Sub-contractors'!A41 -> 9.4 | C43: ='3.1Cost by Sub-contractors'!C41:G41 -> Profile (Rampway) | H43: ='3.1Cost by Sub-contractors'!H41:I41 -> 1/1,000; 1/100 | J43: ='3.1Cost by Sub-contractors'!J41 -> (km) | K43: ='3.1Cost by Sub-contractors'!K41 -> 438.31 | Q43: ='4.2.6IC'!AA12 -> 3.86 | S43: ='4.2.6IC'!AE12 -> 1691.8766 | AG43: ='4.2.6IC'!AA14 -> 2.5 | AI43: ='4.2.6IC'!AE14 -> 1095.775 | AW43: ='4.2.6IC'!AA16 -> 2.46 | AY43: ='4.2.6IC'!AE16 -> 1078.2426 | BQ43: ='4.2.6IC'!AA18 -> 2.43 | BS43: ='4.2.6IC'!AE18 -> 1065.0933 | CG43: ='4.2.6IC'!AA20 -> 1.92 | CI43: ='4.2.6IC'!AE20 -> 841.5552 | CS43: ='4.2.6IC'!AA22 -> 1.58 | CU43: ='4.2.6IC'!AE22 -> 692.5298 | DA43: ='4.2.6IC'!AA24 -> 1.93 | DC43: ='4.2.6IC'!AE24 -> 845.9383 | DI43: ='4.2.6IC'!AA26 -> 1.84 | DK43: ='4.2.6IC'!AE26 -> 806.4904 | DM43: ='4.2.6IC'!AA28 -> 0.88 | DO43: ='4.2.6IC'!AE28 -> 385.7128
A44: ='3.1Cost by Sub-contractors'!A42 -> 9.5 | C44: ='3.1Cost by Sub-contractors'!C42:G42 -> Cross-section (Rampway) | H44: ='3.1Cost by Sub-contractors'!H42:I42 -> 1/200 | J44: ='3.1Cost by Sub-contractors'!J42 -> (km) | K44: ='3.1Cost by Sub-contractors'!K42 -> 572.73 | Q44: ='4.2.6IC'!AG12 -> 20.265 | S44: ='4.2.6IC'!AK12 -> 11606.373 | AG44: ='4.2.6IC'!AG14 -> 13.125 | AI44: ='4.2.6IC'!AK14 -> 7517.0813 | AW44: ='4.2.6IC'!AG16 -> 12.915 | AY44: ='4.2.6IC'!AK16 -> 7396.808 | BQ44: ='4.2.6IC'!AG18 -> 12.81 | BS44: ='4.2.6IC'!AK18 -> 7336.6713 | CG44: ='4.2.6IC'!AG20 -> 10.08 | CI44: ='4.2.6IC'!AK20 -> 5773.1184 | CS44: ='4.2.6IC'!AG22 -> 8.295 | CU44: ='4.2.6IC'!AK22 -> 4750.7954 | DA44: ='4.2.6IC'!AG24 -> 10.185 | DC44: ='4.2.6IC'!AK24 -> 5833.2551 | DI44: ='4.2.6IC'!AG26 -> 9.66 | DK44: ='4.2.6IC'!AK26 -> 5532.5718 | DM44: ='4.2.6IC'!AG28 -> 4.62 | DO44: ='4.2.6IC'!AK28 -> 2646.0126
A45: ='3.1Cost by Sub-contractors'!A43 -> 10 | C45: ='3.1Cost by Sub-contractors'!C43:G43 -> Building (BL) | H45: ='3.1Cost by Sub-contractors'!H43:I43 -> 0 | J45: ='3.1Cost by Sub-contractors'!J43 -> 0 | K45: ='3.1Cost by Sub-contractors'!K43 -> 0 | S45: =S46 -> 491.008 | W45: =W46 -> 498.0224 | AA45: =AA46 -> 0 | AE45: =AE46 -> 0 | AI45: =AI46 -> 0 | AM45: =AM46 -> 0 | AQ45: =AQ46 -> 315.648 | AU45: =AU46 -> 0 | AY45: =AY46 -> 0 | BC45: =BC46 -> 0 | BG45: =BG46 -> 0 | BK45: =BK46 -> 0 | BO45: =BO46 -> 0 | BS45: =BS46 -> 171.8528 | BW45: =BW46 -> 1297.664 | CA45: =CA46 -> 0 | CE45: =CE46 -> 0 | CI45: =CI46 -> 0 | CM45: =CM46 -> 0 | CQ45: =CQ46 -> 315.648 | CU45: =CU46 -> 0 | CY45: =CY46 -> 0 | DC45: =DC46 -> 0 | DG45: =DG46 -> 0 | DK45: =DK46 -> 0 | DO45: =DO46 -> 498.0224 | DS45: =DS46 -> 0 | DW45: =DW46 -> 0
A46: ='3.1Cost by Sub-contractors'!A44 -> 10.1 | C46: ='3.1Cost by Sub-contractors'!C44:G44 -> Planimetric | H46: ='3.1Cost by Sub-contractors'!H44:I44 -> 1/500 | J46: ='3.1Cost by Sub-contractors'!J44 -> (ha) | K46: ='3.1Cost by Sub-contractors'!K44 -> 175.36 | Q46: ='4.2.7BL'!H7 -> 2.8 | S46: ='4.2.7BL'!L7 -> 491.008 | U46: ='4.2.7BL'!H9 -> 2.84 | W46: ='4.2.7BL'!L9 -> 498.0224 | AO46: ='4.2.7BL'!H11 -> 1.8 | AQ46: ='4.2.7BL'!L11 -> 315.648 | BQ46: ='4.2.7BL'!H13 -> 0.98 | BS46: ='4.2.7BL'!L13 -> 171.8528 | BU46: ='4.2.7BL'!H15 -> 7.4 | BW46: ='4.2.7BL'!L15 -> 1297.664 | CO46: ='4.2.7BL'!H17 -> 1.8 | CQ46: ='4.2.7BL'!L17 -> 315.648 | DM46: ='4.2.7BL'!H19 -> 2.84 | DO46: ='4.2.7BL'!L19 -> 498.0224
A47: ='3.1Cost by Sub-contractors'!A45 -> C | C47: ='3.1Cost by Sub-contractors'!C45:G45 -> Linking Road | H47: ='3.1Cost by Sub-contractors'!H45:I45 -> 0 | J47: ='3.1Cost by Sub-contractors'!J45 -> 0 | K47: ='3.1Cost by Sub-contractors'!K45 -> 0 | S47: =S48+S52+S61+S65+S67 -> 1564.04 | W47: =W48+W52+W61+W65+W67 -> 0 | AA47: =AA48+AA52+AA61+AA65+AA67 -> 0 | AE47: =AE48+AE52+AE61+AE65+AE67 -> 0 | AI47: =AI48+AI52+AI61+AI65+AI67 -> 1564.04 | AM47: =AM48+AM52+AM61+AM65+AM67 -> 0 | AQ47: =AQ48+AQ52+AQ61+AQ65+AQ67 -> 0 | AU47: =AU48+AU52+AU61+AU65+AU67 -> 0 | AY47: =AY48+AY52+AY61+AY65+AY67 -> 1564.04 | BC47: =BC48+BC52+BC61+BC65+BC67 -> 0 | BG47: =BG48+BG52+BG61+BG65+BG67 -> 0 | BK47: =BK48+BK52+BK61+BK65+BK67 -> 0 | BO47: =BO48+BO52+BO61+BO65+BO67 -> 0 | BS47: =BS48+BS52+BS61+BS65+BS67 -> 1564.04 | BW47: =BW48+BW52+BW61+BW65+BW67 -> 0 | CA47: =CA48+CA52+CA61+CA65+CA67 -> 0 | CE47: =CE48+CE52+CE61+CE65+CE67 -> 0 | CI47: =CI48+CI52+CI61+CI65+CI67 -> 1564.04 | CM47: =CM48+CM52+CM61+CM65+CM67 -> 0 | CQ47: =CQ48+CQ52+CQ61+CQ65+CQ67 -> 0 | CU47: =CU48+CU52+CU61+CU65+CU67 -> 1564.04 | CY47: =CY48+CY52+CY61+CY65+CY67 -> 0 | DC47: =DC48+DC52+DC61+DC65+DC67 -> 1564.04 | DG47: =DG48+DG52+DG61+DG65+DG67 -> 0 | DK47: =DK48+DK52+DK61+DK65+DK67 -> 1564.04 | DO47: =DO48+DO52+DO61+DO65+DO67 -> 1564.04 | DS47: =DS48+DS52+DS61+DS65+DS67 -> 15056.83 | DW47: =DW48+DW52+DW61+DW65+DW67 -> 13089.676
A48: ='3.1Cost by Sub-contractors'!A46 -> 11 | C48: ='3.1Cost by Sub-contractors'!C46:G46 -> Main Line (ML, Road Section) | H48: ='3.1Cost by Sub-contractors'!H46:I46 -> 0 | J48: ='3.1Cost by Sub-contractors'!J46 -> 0 | K48: ='3.1Cost by Sub-contractors'!K46 -> 0 | S48: =SUM(S49:S51) -> 0 | W48: =SUM(W49:W51) -> 0 | AA48: =SUM(AA49:AA51) -> 0 | AE48: =SUM(AE49:AE51) -> 0 | AI48: =SUM(AI49:AI51) -> 0 | AM48: =SUM(AM49:AM51) -> 0 | AQ48: =SUM(AQ49:AQ51) -> 0 | AU48: =SUM(AU49:AU51) -> 0 | AY48: =SUM(AY49:AY51) -> 0 | BC48: =SUM(BC49:BC51) -> 0 | BG48: =SUM(BG49:BG51) -> 0 | BK48: =SUM(BK49:BK51) -> 0 | BO48: =SUM(BO49:BO51) -> 0 | BS48: =SUM(BS49:BS51) -> 0 | BW48: =SUM(BW49:BW51) -> 0 | CA48: =SUM(CA49:CA51) -> 0 | CE48: =SUM(CE49:CE51) -> 0 | CI48: =SUM(CI49:CI51) -> 0 | CM48: =SUM(CM49:CM51) -> 0 | CQ48: =SUM(CQ49:CQ51) -> 0 | CU48: =SUM(CU49:CU51) -> 0 | CY48: =SUM(CY49:CY51) -> 0 | DC48: =SUM(DC49:DC51) -> 0 | DG48: =SUM(DG49:DG51) -> 0 | DK48: =SUM(DK49:DK51) -> 0 | DO48: =SUM(DO49:DO51) -> 0 | DS48: =SUM(DS49:DS51) -> 12486.993 | DW48: =SUM(DW49:DW51) -> 10060.15
A49: ='3.1Cost by Sub-contractors'!A47 -> 11.1 | C49: ='3.1Cost by Sub-contractors'!C47:G47 -> Planimetric | H49: ='3.1Cost by Sub-contractors'!H47:I47 -> 1/1,000 | J49: ='3.1Cost by Sub-contractors'!J47 -> (ha) | K49: ='3.1Cost by Sub-contractors'!K47 -> 61.29 | DQ49: ='4.2.1RD'!O160 -> 43.96 | DS49: ='4.2.1RD'!S160 -> 2694.3084 | DU49: ='4.2.1RD'!O163 -> 35.29 | DW49: ='4.2.1RD'!S163 -> 2162.9241
A50: ='3.1Cost by Sub-contractors'!A48 -> 11.2 | C50: ='3.1Cost by Sub-contractors'!C48:G48 -> Profile | H50: ='3.1Cost by Sub-contractors'!H48:I48 -> 1/1,000; 1/100 | J50: ='3.1Cost by Sub-contractors'!J48 -> (km) | K50: ='3.1Cost by Sub-contractors'!K48 -> 438.31 | DQ50: ='4.2.1RD'!U160 -> 4.396 | DS50: ='4.2.1RD'!Y160 -> 1926.8108 | DU50: ='4.2.1RD'!U163 -> 3.529 | DW50: ='4.2.1RD'!Y163 -> 1546.796
A51: ='3.1Cost by Sub-contractors'!A49 -> 11.3 | C51: ='3.1Cost by Sub-contractors'!C49:G49 -> Cross-section | H51: ='3.1Cost by Sub-contractors'!H49:I49 -> 1/200 | J51: ='3.1Cost by Sub-contractors'!J49 -> (km) | K51: ='3.1Cost by Sub-contractors'!K49 -> 572.73 | DQ51: ='4.2.1RD'!AA160 -> 13.734 | DS51: ='4.2.1RD'!AE160 -> 7865.8738 | DU51: ='4.2.1RD'!AA163 -> 11.088 | DW51: ='4.2.1RD'!AE163 -> 6350.4302
A52: ='3.1Cost by Sub-contractors'!A50 -> 12 | C52: ='3.1Cost by Sub-contractors'!C50:G50 -> Bridge (BR) | H52: ='3.1Cost by Sub-contractors'!H50:I50 -> 0 | J52: ='3.1Cost by Sub-contractors'!J50 -> 0 | K52: ='3.1Cost by Sub-contractors'!K50 -> 0 | S52: =SUM(S53:S60) -> 0 | W52: =SUM(W53:W60) -> 0 | AA52: =SUM(AA53:AA60) -> 0 | AE52: =SUM(AE53:AE60) -> 0 | AI52: =SUM(AI53:AI60) -> 0 | AM52: =SUM(AM53:AM60) -> 0 | AQ52: =SUM(AQ53:AQ60) -> 0 | AU52: =SUM(AU53:AU60) -> 0 | AY52: =SUM(AY53:AY60) -> 0 | BC52: =SUM(BC53:BC60) -> 0 | BG52: =SUM(BG53:BG60) -> 0 | BK52: =SUM(BK53:BK60) -> 0 | BO52: =SUM(BO53:BO60) -> 0 | BS52: =SUM(BS53:BS60) -> 0 | BW52: =SUM(BW53:BW60) -> 0 | CA52: =SUM(CA53:CA60) -> 0 | CE52: =SUM(CE53:CE60) -> 0 | CI52: =SUM(CI53:CI60) -> 0 | CM52: =SUM(CM53:CM60) -> 0 | CQ52: =SUM(CQ53:CQ60) -> 0 | CU52: =SUM(CU53:CU60) -> 0 | CY52: =SUM(CY53:CY60) -> 0 | DC52: =SUM(DC53:DC60) -> 0 | DG52: =SUM(DG53:DG60) -> 0 | DK52: =SUM(DK53:DK60) -> 0 | DO52: =SUM(DO53:DO60) -> 0 | DS52: =SUM(DS53:DS60) -> 1391.6039 | DW52: =SUM(DW53:DW60) -> 722.09332
A53: ='3.1Cost by Sub-contractors'!A51 -> 12.1 | C53: ='3.1Cost by Sub-contractors'!C51:G51 -> Secondary Control Point | H53: ='3.1Cost by Sub-contractors'!H51:I51 -> Class II | J53: ='3.1Cost by Sub-contractors'!J51 -> (nos.) | K53: ='3.1Cost by Sub-contractors'!K51 -> 150.63 | DQ53: ='4.2.3BR'!AJ208 -> 4 | DS53: ='4.2.3BR'!AN208 -> 602.52 | DU53: ='4.2.3BR'!AJ210 -> 2 | DW53: ='4.2.3BR'!AN210 -> 301.26
A54: ='3.1Cost by Sub-contractors'!A52 -> 12.2 | C54: ='3.1Cost by Sub-contractors'!C52:G52 -> Planimetric (On Shore) | H54: ='3.1Cost by Sub-contractors'!H52:I52 -> 1/500 | J54: ='3.1Cost by Sub-contractors'!J52 -> (ha) | K54: ='3.1Cost by Sub-contractors'!K52 -> 175.36 | DQ54: ='4.2.3BR'!AP208 -> 1.62 | DS54: ='4.2.3BR'!AT208 -> 284.0832 | DU54: ='4.2.3BR'!AP210 -> 0.6 | DW54: ='4.2.3BR'!AT210 -> 105.216
A55: ='3.1Cost by Sub-contractors'!A53 -> 12.3 | C55: ='3.1Cost by Sub-contractors'!C53:G53 -> Planimetric (Off Shore) | H55: ='3.1Cost by Sub-contractors'!H53:I53 -> 1/500 | J55: ='3.1Cost by Sub-contractors'!J53 -> (ha) | K55: ='3.1Cost by Sub-contractors'!K53 -> 226.18 | DQ55: ='4.2.3BR'!AV208 -> 0.42 | DS55: ='4.2.3BR'!AZ208 -> 94.9956 | DU55: ='4.2.3BR'!AV210 -> 0.33 | DW55: ='4.2.3BR'!AZ210 -> 74.6394
A56: ='3.1Cost by Sub-contractors'!A54 -> 12.4 | C56: ='3.1Cost by Sub-contractors'!C54:G54 -> Profile (On Shore) | H56: ='3.1Cost by Sub-contractors'!H54:I54 -> 1/500 | J56: ='3.1Cost by Sub-contractors'!J54 -> (km) | K56: ='3.1Cost by Sub-contractors'!K54 -> 438.31 | DQ56: ='4.2.3BR'!BB208 -> 0.162 | DS56: ='4.2.3BR'!BF208 -> 71.00622 | DU56: ='4.2.3BR'!BB210 -> 0.06 | DW56: ='4.2.3BR'!BF210 -> 26.2986
A57: ='3.1Cost by Sub-contractors'!A55 -> 12.5 | C57: ='3.1Cost by Sub-contractors'!C55:G55 -> Profile (Off Shore) | H57: ='3.1Cost by Sub-contractors'!H55:I55 -> 1/500 | J57: ='3.1Cost by Sub-contractors'!J55 -> (km) | K57: ='3.1Cost by Sub-contractors'!K55 -> 474.97 | DQ57: ='4.2.3BR'!BH208 -> 0.042 | DS57: ='4.2.3BR'!BL208 -> 19.94874 | DU57: ='4.2.3BR'!BH210 -> 0.033 | DW57: ='4.2.3BR'!BL210 -> 15.67401
A58: ='3.1Cost by Sub-contractors'!A56 -> 12.6 | C58: ='3.1Cost by Sub-contractors'!C56:G56 -> Cross-section (Approach Road) | H58: ='3.1Cost by Sub-contractors'!H56:I56 -> 1/200 | J58: ='3.1Cost by Sub-contractors'!J56 -> (km) | K58: ='3.1Cost by Sub-contractors'!K56 -> 572.73 | DQ58: ='4.2.3BR'!BN208 -> 0.378 | DS58: ='4.2.3BR'!BR208 -> 216.49194 | DU58: ='4.2.3BR'!BN210 -> 0.189 | DW58: ='4.2.3BR'!BR210 -> 108.24597
A59: ='3.1Cost by Sub-contractors'!A57 -> 12.7 | C59: ='3.1Cost by Sub-contractors'!C57:G57 -> River Profile | H59: ='3.1Cost by Sub-contractors'!H57:I57 -> 1/1,000; 1/100 | J59: ='3.1Cost by Sub-contractors'!J57 -> (km) | K59: ='3.1Cost by Sub-contractors'!K57 -> 474.97 | DQ59: ='4.2.3BR'!BT208 -> 0.1 | DS59: ='4.2.3BR'!BX208 -> 47.497 | DU59: ='4.2.3BR'!BT210 -> 0.1 | DW59: ='4.2.3BR'!BX210 -> 47.497
A60: ='3.1Cost by Sub-contractors'!A58 -> 12.8 | C60: ='3.1Cost by Sub-contractors'!C58:G58 -> River Cross-section | H60: ='3.1Cost by Sub-contractors'!H58:I58 -> 1/200 | J60: ='3.1Cost by Sub-contractors'!J58 -> (km) | K60: ='3.1Cost by Sub-contractors'!K58 -> 655.49 | DQ60: ='4.2.3BR'!BZ208 -> 0.084 | DS60: ='4.2.3BR'!CD208 -> 55.06116 | DU60: ='4.2.3BR'!BZ210 -> 0.066 | DW60: ='4.2.3BR'!CD210 -> 43.26234
A61: ='3.1Cost by Sub-contractors'!A59 -> 13 | C61: ='3.1Cost by Sub-contractors'!C59:G59 -> Culvert Box (CB) | H61: ='3.1Cost by Sub-contractors'!H59:I59 -> 0 | J61: ='3.1Cost by Sub-contractors'!J59 -> 0 | K61: ='3.1Cost by Sub-contractors'!K59 -> 0 | S61: =SUM(S62:S64) -> 0 | W61: =SUM(W62:W64) -> 0 | AA61: =SUM(AA62:AA64) -> 0 | AE61: =SUM(AE62:AE64) -> 0 | AI61: =SUM(AI62:AI64) -> 0 | AM61: =SUM(AM62:AM64) -> 0 | AQ61: =SUM(AQ62:AQ64) -> 0 | AU61: =SUM(AU62:AU64) -> 0 | AY61: =SUM(AY62:AY64) -> 0 | BC61: =SUM(BC62:BC64) -> 0 | BG61: =SUM(BG62:BG64) -> 0 | BK61: =SUM(BK62:BK64) -> 0 | BO61: =SUM(BO62:BO64) -> 0 | BS61: =SUM(BS62:BS64) -> 0 | BW61: =SUM(BW62:BW64) -> 0 | CA61: =SUM(CA62:CA64) -> 0 | CE61: =SUM(CE62:CE64) -> 0 | CI61: =SUM(CI62:CI64) -> 0 | CM61: =SUM(CM62:CM64) -> 0 | CQ61: =SUM(CQ62:CQ64) -> 0 | CU61: =SUM(CU62:CU64) -> 0 | CY61: =SUM(CY62:CY64) -> 0 | DC61: =SUM(DC62:DC64) -> 0 | DG61: =SUM(DG62:DG64) -> 0 | DK61: =SUM(DK62:DK64) -> 0 | DO61: =SUM(DO62:DO64) -> 0 | DS61: =SUM(DS62:DS64) -> 525.972 | DW61: =SUM(DW62:DW64) -> 525.972
A62: ='3.1Cost by Sub-contractors'!A60 -> 13.1 | C62: ='3.1Cost by Sub-contractors'!C60:G60 -> Profile | H62: ='3.1Cost by Sub-contractors'!H60:I60 -> 1/500 | J62: ='3.1Cost by Sub-contractors'!J60 -> (km) | K62: ='3.1Cost by Sub-contractors'!K60 -> 438.31 | DQ62: ='4.2.4CB'!L225 -> 0 | DS62: ='4.2.4CB'!Q225 -> 0 | DU62: ='4.2.4CB'!L238 -> 0 | DW62: ='4.2.4CB'!Q238 -> 0
A63: ='3.1Cost by Sub-contractors'!A61 -> 13.2 | C63: ='3.1Cost by Sub-contractors'!C61:G61 -> Profile | H63: ='3.1Cost by Sub-contractors'!H61:I61 -> 1/200 | J63: ='3.1Cost by Sub-contractors'!J61 -> (km) | K63: ='3.1Cost by Sub-contractors'!K61 -> 438.31 | DQ63: ='4.2.4CB'!S225 -> 1.2 | DS63: ='4.2.4CB'!W225 -> 525.972 | DU63: ='4.2.4CB'!S238 -> 1.2 | DW63: ='4.2.4CB'!W238 -> 525.972
A64: ='3.1Cost by Sub-contractors'!A62 -> 13.3 | C64: ='3.1Cost by Sub-contractors'!C62:G62 -> Cross-section | H64: ='3.1Cost by Sub-contractors'!H62:I62 -> 1/200 | J64: ='3.1Cost by Sub-contractors'!J62 -> (km) | K64: ='3.1Cost by Sub-contractors'!K62 -> 572.73 | DQ64: ='4.2.4CB'!Y225 -> 0 | DS64: ='4.2.4CB'!AC225 -> 0 | DU64: ='4.2.4CB'!Y238 -> 0 | DW64: ='4.2.4CB'!AC238 -> 0
A65: ='3.1Cost by Sub-contractors'!A63 -> 14 | C65: ='3.1Cost by Sub-contractors'!C63:G63 -> Culvert Pipe (CP) | H65: ='3.1Cost by Sub-contractors'!H63:I63 -> 0 | J65: ='3.1Cost by Sub-contractors'!J63 -> 0 | K65: ='3.1Cost by Sub-contractors'!K63 -> 0 | S65: =S66 -> 0 | W65: =W66 -> 0 | AA65: =AA66 -> 0 | AE65: =AE66 -> 0 | AI65: =AI66 -> 0 | AM65: =AM66 -> 0 | AQ65: =AQ66 -> 0 | AU65: =AU66 -> 0 | AY65: =AY66 -> 0 | BC65: =BC66 -> 0 | BG65: =BG66 -> 0 | BK65: =BK66 -> 0 | BO65: =BO66 -> 0 | BS65: =BS66 -> 0 | BW65: =BW66 -> 0 | CA65: =CA66 -> 0 | CE65: =CE66 -> 0 | CI65: =CI66 -> 0 | CM65: =CM66 -> 0 | CQ65: =CQ66 -> 0 | CU65: =CU66 -> 0 | CY65: =CY66 -> 0 | DC65: =DC66 -> 0 | DG65: =DG66 -> 0 | DK65: =DK66 -> 0 | DO65: =DO66 -> 0 | DS65: =DS66 -> 0 | DW65: =DW66 -> 0
A66: ='3.1Cost by Sub-contractors'!A64 -> 14.1 | C66: ='3.1Cost by Sub-contractors'!C64:G64 -> Profile | H66: ='3.1Cost by Sub-contractors'!H64:I64 -> 1/200 | J66: ='3.1Cost by Sub-contractors'!J64 -> (km) | K66: ='3.1Cost by Sub-contractors'!K64 -> 438.31 | DQ66: ='4.2.5CP'!L225 -> 0 | DS66: ='4.2.5CP'!P225 -> 0 | DU66: ='4.2.5CP'!L237 -> 0 | DW66: ='4.2.5CP'!P237 -> 0
A67: ='3.1Cost by Sub-contractors'!A65 -> 15 | C67: ='3.1Cost by Sub-contractors'!C65:G65 -> Intersection (IS, NH1A) | H67: ='3.1Cost by Sub-contractors'!H65:I65 -> 0 | J67: ='3.1Cost by Sub-contractors'!J65 -> 0 | K67: ='3.1Cost by Sub-contractors'!K65 -> 0 | S67: =SUM(S68:S70) -> 1564.04 | W67: =SUM(W68:W70) -> 0 | AA67: =SUM(AA68:AA70) -> 0 | AE67: =SUM(AE68:AE70) -> 0 | AI67: =SUM(AI68:AI70) -> 1564.04 | AM67: =SUM(AM68:AM70) -> 0 | AQ67: =SUM(AQ68:AQ70) -> 0 | AU67: =SUM(AU68:AU70) -> 0 | AY67: =SUM(AY68:AY70) -> 1564.04 | BC67: =SUM(BC68:BC70) -> 0 | BG67: =SUM(BG68:BG70) -> 0 | BK67: =SUM(BK68:BK70) -> 0 | BO67: =SUM(BO68:BO70) -> 0 | BS67: =SUM(BS68:BS70) -> 1564.04 | BW67: =SUM(BW68:BW70) -> 0 | CA67: =SUM(CA68:CA70) -> 0 | CE67: =SUM(CE68:CE70) -> 0 | CI67: =SUM(CI68:CI70) -> 1564.04 | CM67: =SUM(CM68:CM70) -> 0 | CQ67: =SUM(CQ68:CQ70) -> 0 | CU67: =SUM(CU68:CU70) -> 1564.04 | CY67: =SUM(CY68:CY70) -> 0 | DC67: =SUM(DC68:DC70) -> 1564.04 | DG67: =SUM(DG68:DG70) -> 0 | DK67: =SUM(DK68:DK70) -> 1564.04 | DO67: =SUM(DO68:DO70) -> 1564.04 | DS67: =SUM(DS68:DS70) -> 652.2615 | DW67: =SUM(DW68:DW70) -> 1781.4605
A68: ='3.1Cost by Sub-contractors'!A66 -> 15.1 | C68: ='3.1Cost by Sub-contractors'!C66:G66 -> Planimetric | H68: ='3.1Cost by Sub-contractors'!H66:I66 -> 1/500 | J68: ='3.1Cost by Sub-contractors'!J66 -> (ha) | K68: ='3.1Cost by Sub-contractors'!K66 -> 175.36 | Q68: ='4.2.8IS'!J13 -> 4 | S68: ='4.2.8IS'!N13 -> 701.44 | AG68: ='4.2.8IS'!J15 -> 4 | AI68: ='4.2.8IS'!N15 -> 701.44 | AW68: ='4.2.8IS'!J17 -> 4 | AY68: ='4.2.8IS'!N17 -> 701.44 | BQ68: ='4.2.8IS'!J19 -> 4 | BS68: ='4.2.8IS'!N19 -> 701.44 | CG68: ='4.2.8IS'!J21 -> 4 | CI68: ='4.2.8IS'!N21 -> 701.44 | CS68: ='4.2.8IS'!J23 -> 4 | CU68: ='4.2.8IS'!N23 -> 701.44 | DA68: ='4.2.8IS'!J25 -> 4 | DC68: ='4.2.8IS'!N25 -> 701.44 | DI68: ='4.2.8IS'!J27 -> 4 | DK68: ='4.2.8IS'!N27 -> 701.44 | DM68: ='4.2.8IS'!J29 -> 4 | DO68: ='4.2.8IS'!N29 -> 701.44 | DQ68: ='4.2.8IS'!J33 -> 1.5 | DS68: ='4.2.8IS'!N33 -> 263.04 | DU68: ='4.2.8IS'!J36 -> 4.5 | DW68: ='4.2.8IS'!N36 -> 789.12
A69: ='3.1Cost by Sub-contractors'!A67 -> 15.2 | C69: ='3.1Cost by Sub-contractors'!C67:G67 -> Profile | H69: ='3.1Cost by Sub-contractors'!H67:I67 -> 1/1,000; 1/100 | J69: ='3.1Cost by Sub-contractors'!J67 -> (km) | K69: ='3.1Cost by Sub-contractors'!K67 -> 438.31 | Q69: ='4.2.8IS'!P13 -> 0.4 | S69: ='4.2.8IS'!T13 -> 175.324 | AG69: ='4.2.8IS'!P15 -> 0.4 | AI69: ='4.2.8IS'!T15 -> 175.324 | AW69: ='4.2.8IS'!P17 -> 0.4 | AY69: ='4.2.8IS'!T17 -> 175.324 | BQ69: ='4.2.8IS'!P19 -> 0.4 | BS69: ='4.2.8IS'!T19 -> 175.324 | CG69: ='4.2.8IS'!P21 -> 0.4 | CI69: ='4.2.8IS'!T21 -> 175.324 | CS69: ='4.2.8IS'!P23 -> 0.4 | CU69: ='4.2.8IS'!T23 -> 175.324 | DA69: ='4.2.8IS'!P25 -> 0.4 | DC69: ='4.2.8IS'!T25 -> 175.324 | DI69: ='4.2.8IS'!P27 -> 0.4 | DK69: ='4.2.8IS'!T27 -> 175.324 | DM69: ='4.2.8IS'!P29 -> 0.4 | DO69: ='4.2.8IS'!T29 -> 175.324 | DQ69: ='4.2.8IS'!P33 -> 0.3 | DS69: ='4.2.8IS'!T33 -> 131.493 | DU69: ='4.2.8IS'!P36 -> 0.5 | DW69: ='4.2.8IS'!T36 -> 219.155
A70: ='3.1Cost by Sub-contractors'!A68 -> 15.3 | C70: ='3.1Cost by Sub-contractors'!C68:G68 -> Cross-section | H70: ='3.1Cost by Sub-contractors'!H68:I68 -> 1/200 | J70: ='3.1Cost by Sub-contractors'!J68 -> (km) | K70: ='3.1Cost by Sub-contractors'!K68 -> 572.73 | Q70: ='4.2.8IS'!V13 -> 1.2 | S70: ='4.2.8IS'!Z13 -> 687.276 | AG70: ='4.2.8IS'!V15 -> 1.2 | AI70: ='4.2.8IS'!Z15 -> 687.276 | AW70: ='4.2.8IS'!V17 -> 1.2 | AY70: ='4.2.8IS'!Z17 -> 687.276 | BQ70: ='4.2.8IS'!V19 -> 1.2 | BS70: ='4.2.8IS'!Z19 -> 687.276 | CG70: ='4.2.8IS'!V21 -> 1.2 | CI70: ='4.2.8IS'!Z21 -> 687.276 | CS70: ='4.2.8IS'!V23 -> 1.2 | CU70: ='4.2.8IS'!Z23 -> 687.276 | DA70: ='4.2.8IS'!V25 -> 1.2 | DC70: ='4.2.8IS'!Z25 -> 687.276 | DI70: ='4.2.8IS'!V27 -> 1.2 | DK70: ='4.2.8IS'!Z27 -> 687.276 | DM70: ='4.2.8IS'!V29 -> 1.2 | DO70: ='4.2.8IS'!Z29 -> 687.276 | DQ70: ='4.2.8IS'!V33 -> 0.45 | DS70: ='4.2.8IS'!Z33 -> 257.7285 | DU70: ='4.2.8IS'!V36 -> 1.35 | DW70: ='4.2.8IS'!Z36 -> 773.1855
A71: ='3.1Cost by Sub-contractors'!A69 -> D | C71: ='3.1Cost by Sub-contractors'!C69:G69 -> Mobilization and Temporary Camp Yard | H71: ='3.1Cost by Sub-contractors'!H69 -> 0.02 | I71: ='3.1Cost by Sub-contractors'!I69 -> of A+B+C | J71: ='3.1Cost by Sub-contractors'!J69 -> 0 | O71: =O7*$H$71 -> 3182.9982 | S71: =(S14+S47)*$H$71 -> 1346.6078 | W71: =(W14+W47)*$H$71 -> 649.61306 | AA71: =(AA14+AA47)*$H$71 -> 857.95438 | AE71: =(AE14+AE47)*$H$71 -> 673.93349 | AI71: =(AI14+AI47)*$H$71 -> 1227.4898 | AM71: =(AM14+AM47)*$H$71 -> 637.80491 | AQ71: =(AQ14+AQ47)*$H$71 -> 739.66369 | AU71: =(AU14+AU47)*$H$71 -> 353.25321 | AY71: =(AY14+AY47)*$H$71 -> 1307.135 | BC71: =(BC14+BC47)*$H$71 -> 651.65339 | BG71: =(BG14+BG47)*$H$71 -> 773.659 | BK71: =(BK14+BK47)*$H$71 -> 614.88887 | BO71: =(BO14+BO47)*$H$71 -> 582.57411 | BS71: =(BS14+BS47)*$H$71 -> 1036.7223 | BW71: =(BW14+BW47)*$H$71 -> 1005.9348 | CA71: =(CA14+CA47)*$H$71 -> 754.214 | CE71: =(CE14+CE47)*$H$71 -> 725.09628 | CI71: =(CI14+CI47)*$H$71 -> 979.10944 | CM71: =(CM14+CM47)*$H$71 -> 809.05826 | CQ71: =(CQ14+CQ47)*$H$71 -> 867.34426 | CU71: =(CU14+CU47)*$H$71 -> 890.94338 | CY71: =(CY14+CY47)*$H$71 -> 700.03976 | DC71: =(DC14+DC47)*$H$71 -> 947.2962 | DG71: =(DG14+DG47)*$H$71 -> 790.4684 | DK71: =(DK14+DK47)*$H$71 -> 948.21142 | DO71: =(DO14+DO47)*$H$71 -> 1070.3013 | DS71: =(DS14+DS47)*$H$71 -> 301.13661 | DW71: =(DW14+DW47)*$H$71 -> 261.79352
A72: ='3.1Cost by Sub-contractors'!A70 -> E | C72: ='3.1Cost by Sub-contractors'!C70:G70 -> Reporting | H72: ='3.1Cost by Sub-contractors'!H70 -> 0.02 | I72: ='3.1Cost by Sub-contractors'!I70 -> of A+B+C | J72: ='3.1Cost by Sub-contractors'!J70 -> 0 | O72: =O7*$H$72 -> 3182.9982 | S72: =(S14+S47)*$H$72 -> 1346.6078 | W72: =(W14+W47)*$H$72 -> 649.61306 | AA72: =(AA14+AA47)*$H$72 -> 857.95438 | AE72: =(AE14+AE47)*$H$72 -> 673.93349 | AI72: =(AI14+AI47)*$H$72 -> 1227.4898 | AM72: =(AM14+AM47)*$H$72 -> 637.80491 | AQ72: =(AQ14+AQ47)*$H$72 -> 739.66369 | AU72: =(AU14+AU47)*$H$72 -> 353.25321 | AY72: =(AY14+AY47)*$H$72 -> 1307.135 | BC72: =(BC14+BC47)*$H$72 -> 651.65339 | BG72: =(BG14+BG47)*$H$72 -> 773.659 | BK72: =(BK14+BK47)*$H$72 -> 614.88887 | BO72: =(BO14+BO47)*$H$72 -> 582.57411 | BS72: =(BS14+BS47)*$H$72 -> 1036.7223 | BW72: =(BW14+BW47)*$H$72 -> 1005.9348 | CA72: =(CA14+CA47)*$H$72 -> 754.214 | CE72: =(CE14+CE47)*$H$72 -> 725.09628 | CI72: =(CI14+CI47)*$H$72 -> 979.10944 | CM72: =(CM14+CM47)*$H$72 -> 809.05826 | CQ72: =(CQ14+CQ47)*$H$72 -> 867.34426 | CU72: =(CU14+CU47)*$H$72 -> 890.94338 | CY72: =(CY14+CY47)*$H$72 -> 700.03976 | DC72: =(DC14+DC47)*$H$72 -> 947.2962 | DG72: =(DG14+DG47)*$H$72 -> 790.4684 | DK72: =(DK14+DK47)*$H$72 -> 948.21142 | DO72: =(DO14+DO47)*$H$72 -> 1070.3013 | DS72: =(DS14+DS47)*$H$72 -> 301.13661 | DW72: =(DW14+DW47)*$H$72 -> 261.79352
A73: Total | O73: =O7+O71+O72 -> 165515.91 | S73: =S14+S47+S71+S72 -> 70023.608 | W73: =W14+W47+W71+W72 -> 33779.879 | AA73: =AA14+AA47+AA71+AA72 -> 44613.628 | AE73: =AE14+AE47+AE71+AE72 -> 35044.541 | AI73: =AI14+AI47+AI71+AI72 -> 63829.471 | AM73: =AM14+AM47+AM71+AM72 -> 33165.855 | AQ73: =AQ14+AQ47+AQ71+AQ72 -> 38462.512 | AU73: =AU14+AU47+AU71+AU72 -> 18369.167 | AY73: =AY14+AY47+AY71+AY72 -> 67971.022 | BC73: =BC14+BC47+BC71+BC72 -> 33885.976 | BG73: =BG14+BG47+BG71+BG72 -> 40230.268 | BK73: =BK14+BK47+BK71+BK72 -> 31974.221 | BO73: =BO14+BO47+BO71+BO72 -> 30293.854 | BS73: =BS14+BS47+BS71+BS72 -> 53909.561 | BW73: =BW14+BW47+BW71+BW72 -> 52308.607 | CA73: =CA14+CA47+CA71+CA72 -> 39219.128 | CE73: =CE14+CE47+CE71+CE72 -> 37705.006 | CI73: =CI14+CI47+CI71+CI72 -> 50913.691 | CM73: =CM14+CM47+CM71+CM72 -> 42071.03 | CQ73: =CQ14+CQ47+CQ71+CQ72 -> 45101.901 | CU73: =CU14+CU47+CU71+CU72 -> 46329.056 | CY73: =CY14+CY47+CY71+CY72 -> 36402.067 | DC73: =DC14+DC47+DC71+DC72 -> 49259.402 | DG73: =DG14+DG47+DG71+DG72 -> 41104.357 | DK73: =DK14+DK47+DK71+DK72 -> 49306.994 | DO73: =DO14+DO47+DO71+DO72 -> 55655.665 | DS73: =DS14+DS47+DS71+DS72 -> 15659.104 | DW73: =DW14+DW47+DW71+DW72 -> 13613.263
O74: =O73/'3.1Cost by Sub-contractors'!$O$71 -> 0.12391524 | S74: =S73/'3.1Cost by Sub-contractors'!$O$71 -> 0.052423917 | W74: =W73/'3.1Cost by Sub-contractors'!$O$71 -> 0.025289665 | AA74: =AA73/'3.1Cost by Sub-contractors'!$O$71 -> 0.033400466 | AE74: =AE73/'3.1Cost by Sub-contractors'!$O$71 -> 0.026236468 | AI74: =AI73/'3.1Cost by Sub-contractors'!$O$71 -> 0.04778661 | AM74: =AM73/'3.1Cost by Sub-contractors'!$O$71 -> 0.024829969 | AQ74: =AQ73/'3.1Cost by Sub-contractors'!$O$71 -> 0.028795367 | AU74: =AU73/'3.1Cost by Sub-contractors'!$O$71 -> 0.013752271 | AY74: =AY73/'3.1Cost by Sub-contractors'!$O$71 -> 0.050887226 | BC74: =BC73/'3.1Cost by Sub-contractors'!$O$71 -> 0.025369096 | BG74: =BG73/'3.1Cost by Sub-contractors'!$O$71 -> 0.030118817 | BK74: =BK73/'3.1Cost by Sub-contractors'!$O$71 -> 0.02393784 | BO74: =BO73/'3.1Cost by Sub-contractors'!$O$71 -> 0.022679815 | BS74: =BS73/'3.1Cost by Sub-contractors'!$O$71 -> 0.040359964 | BW74: =BW73/'3.1Cost by Sub-contractors'!$O$71 -> 0.039161394 | CA74: =CA73/'3.1Cost by Sub-contractors'!$O$71 -> 0.029361816 | CE74: =CE73/'3.1Cost by Sub-contractors'!$O$71 -> 0.028228253 | CI74: =CI73/'3.1Cost by Sub-contractors'!$O$71 -> 0.038117074 | CM74: =CM73/'3.1Cost by Sub-contractors'!$O$71 -> 0.031496923 | CQ74: =CQ73/'3.1Cost by Sub-contractors'!$O$71 -> 0.033766017 | CU74: =CU73/'3.1Cost by Sub-contractors'!$O$71 -> 0.034684739 | CY74: =CY73/'3.1Cost by Sub-contractors'!$O$71 -> 0.027252794 | DC74: =DC73/'3.1Cost by Sub-contractors'!$O$71 -> 0.036878574 | DG74: =DG73/'3.1Cost by Sub-contractors'!$O$71 -> 0.030773213 | DK74: =DK73/'3.1Cost by Sub-contractors'!$O$71 -> 0.036914204 | DO74: =DO73/'3.1Cost by Sub-contractors'!$O$71 -> 0.041667204 | DS74: =DS73/'3.1Cost by Sub-contractors'!$O$71 -> 0.011723354 | DW74: =DW73/'3.1Cost by Sub-contractors'!$O$71 -> 0.010191714
A75: ='3.1Cost by Sub-contractors'!A73 -> Exchange Rate | D75: ='3.1Cost by Sub-contractors'!D73 -> 1 USD | E75: ='3.1Cost by Sub-contractors'!E73 -> = | F75: ='3.1Cost by Sub-contractors'!F73 -> 20800 | G75: ='3.1Cost by Sub-contractors'!G73 -> (exchange selling rate, 20 May 2011, Vietcombank)
A76: ='3.1Cost by Sub-contractors'!A74:C74 -> Unit Price | D76: ='3.1Cost by Sub-contractors'!D74 -> 0.1 | E76: ='3.1Cost by Sub-contractors'!E74 -> Discount from Standard Unit Price (Quang Nam Province, 2011)
O77: =O73+S73+W73+AA73+AE73+AI73+AM73+AQ73+AU73+AY73+BC73+BG73+BK73+BO73+BS73+BW73+CA73+CE73+CI73+CM73+CQ73+CU73+CY73+DC73+DG73+DK73+DO73+DS73+DW73 -> 1335718.7
O78: =O73+S73+W73+AA73+AE73+AI73+AM73+AQ73+AU73+AY73+BC73+BG73+BK73+BO73+BS73+BW73+CA73+CE73+CI73+CM73+CQ73+CU73+CY73+DC73+DG73+DK73+DO73+DS73+DW73 -> 1335718.7

Sheet 4.1Plan
A1: Jurisdiction | C1: Construction | D1: List of Facilities | AB1: Survey Section | AF1: Equation | AH1: Section | AJ1: Remarks
C2: Contract No. | D2: Expressway | V2: Linking Road | AB2: BP - EP | AH2: Length
D3: Main Line | O3: Canal | P3: Flyover | Q3: Interchange | U3: Building | V3: Main Line | AA3: Intersection
D4: ML | E4: TN | F4: BR | L4: CB | N4: CP | O4: CN | P4: BR | Q4: IC | R4: BR | S4: CB | T4: CP | U4: BL | V4: ML | W4: BR | Y4: CB | Z4: CP | AA4: IS
F5: LRB | G5: ORB | H5: SB | I5: CB | J5: VD | K5: OP | L5: WT | M5: RD | P5: FO | R5: IRB | S5: WT | W5: ORB | X5: VD | Y5: WT
B6: Danang | C6: PKG01 | D6: ML01-1 | AB6: -800 | AC6: - | AD6: 4050 | AH6: =(AD6-AB6)-AF6 -> 4850
D7: ML001 | AB7: =AB6 -> -800 | AC7: - | AD7: =AB8 -> -174.55 | AH7: =(AD7-AB7) -> 625.45
J8: ='4.2.3BR'!U23 -> VD01 | AB8: ='4.2.3BR'!W23 -> -174.55 | AC8: - | AD8: ='4.2.3BR'!AA23 -> -65.45 | AH8: ='4.2.3BR'!AF23 -> 109.1 | AK8: Widening (Existing BR on Danang Bypass)
D9: ML002 | AB9: =AD8 -> -65.45 | AC9: - | AD9: =AB10 -> 1047.425 | AH9: =(AD9-AB9) -> 1112.875
F10: ='4.2.3BR'!U24 -> LRB01 | AB10: ='4.2.3BR'!W24 -> 1047.425 | AC10: - | AD10: ='4.2.3BR'!AA24 -> 2190.575 | AH10: ='4.2.3BR'!AF24 -> 1143.15
D11: ML003 | AB11: =AD10 -> 2190.575 | AC11: - | AD11: =AB12 -> 2319.35 | AH11: =(AD11-AB11) -> 128.775
F12: ='4.2.3BR'!U25 -> LRB02 | AB12: ='4.2.3BR'!W25 -> 2319.35 | AC12: - | AD12: ='4.2.3BR'!AA25 -> 2700.65 | AH12: ='4.2.3BR'!AF25 -> 381.3
D13: ML004 | AB13: =AD12 -> 2700.65 | AC13: - | AD13: =AD6 -> 4050 | AH13: =(AD13-AB13) -> 1349.35 | AL13: =SUM(AH7:AH13) -> 4850
L14: ='4.2.4CB'!G13 -> WT001 | AB14: ='4.2.4CB'!I13 -> -155 | AK14: ='4.2.4CB'!AF13 -> Widening (Existing CB(WT) on Danang Bypass)
Q15: ='4.2.6IC'!G11 -> IC01 | AB15: ='4.2.6IC'!H11 -> 0 | AK15: ='4.2.6IC'!AN11 -> Tuy Loan IC
R16: ='4.2.3BR'!U178 -> IRB01 | AB16: ='4.2.3BR'!W178 -> 0 | AK16: IR (Tuy Loan IC)
R17: ='4.2.3BR'!U179 -> IRB02 | AB17: ='4.2.3BR'!W179 -> 0 | AK17: IR (Tuy Loan IC)
T18: ='4.2.5CP'!G194 -> CP159 | AB18: ='4.2.5CP'!I194 -> 0 | AK18: ='4.2.5CP'!S194 -> IR (Tuy Loan IC)
AA19: ='4.2.8IS'!F12 -> IS01 | AB19: ='4.2.8IS'!H12 -> 0 | AK19: ='4.2.8IS'!AC12 -> NH14B (Tuy Loan IC)
P20: ='4.2.3BR'!U146 -> FO01 | AB20: ='4.2.3BR'!W146 -> 0 | AK20: NH14B
N21: ='4.2.5CP'!G10 -> CP001 | AB21: ='4.2.5CP'!I10 -> 62
N22: ='4.2.5CP'!G11 -> CP002 | AB22: ='4.2.5CP'!I11 -> 431
P23: ='4.2.3BR'!U147 -> FO02 | AB23: ='4.2.3BR'!W147 -> 590
N24: ='4.2.5CP'!G12 -> CP003 | AB24: ='4.2.5CP'!I12 -> 885
U25: ='4.2.7BL'!F6 -> BL01 | AB25: ='4.2.7BL'!G6 -> 950 | AK25: ='4.2.7BL'!O6 -> TMC
L26: ='4.2.4CB'!G14 -> WT002 | AB26: ='4.2.4CB'!I14 -> 1160
M27: ='4.2.4CB'!G15 -> RD001 | AB27: ='4.2.4CB'!I15 -> 1162
M28: ='4.2.4CB'!G16 -> RD002 | AB28: ='4.2.4CB'!I16 -> 3049
N29: ='4.2.5CP'!G13 -> CP004 | AB29: ='4.2.5CP'!I13 -> 3211 | AK29: ='4.2.5CP'!S13 -> Connect to/from CN01
O30: ='4.2.9CN'!G10 -> CN01 | AB30: ='4.2.9CN'!H10 -> 3211 | AK30: ='4.2.9CN'!V10 -> Connect to/from CP004
N31: ='4.2.5CP'!G14 -> CP005 | AB31: ='4.2.5CP'!I14 -> 3512
M32: ='4.2.4CB'!G17 -> RD003 | AB32: ='4.2.4CB'!I17 -> 3692
D33: ML01-2 | AB33: 3950 | AC33: - | AD33: 8050 | AH33: =(AD33-AB33)-AF33 -> 4100
D34: ML005 | AB34: =AB33 -> 3950 | AC34: - | AD34: =AB35 -> 5466.4 | AH34: =(AD34-AB34) -> 1516.4
F35: ='4.2.3BR'!U27 -> LRB03 | AB35: ='4.2.3BR'!W27 -> 5466.4 | AC35: - | AD35: ='4.2.3BR'!AA27 -> 5708.275 | AH35: ='4.2.3BR'!AF27 -> 241.875 | AK35: Continuous BR Survey Section
K36: ='4.2.3BR'!U28 -> OP01 | AB36: ='4.2.3BR'!W28 -> 5708.275 | AC36: - | AD36: ='4.2.3BR'!AA28 -> 5793.05 | AH36: ='4.2.3BR'!AF28 -> 84.775
D37: ML006 | AB37: =AD36 -> 5793.05 | AC37: - | AD37: =AB38 -> 7884.45 | AH37: =(AD37-AB37) -> 2091.4
K38: ='4.2.3BR'!U29 -> OP02 | AB38: ='4.2.3BR'!W29 -> 7884.45 | AC38: - | AD38: ='4.2.3BR'!AA29 -> 7967.55 | AH38: ='4.2.3BR'!AF29 -> 83.1
D39: ML007 | AB39: =AD38 -> 7967.55 | AC39: - | AD39: =AD33 -> 8050 | AH39: =(AD39-AB39) -> 82.45 | AL39: =SUM(AH34:AH39) -> 4100
M40: ='4.2.4CB'!G19 -> RD004 | AB40: ='4.2.4CB'!I19 -> 4281
M41: ='4.2.4CB'!G20 -> RD005 | AB41: ='4.2.4CB'!I20 -> 4528
U42: ='4.2.7BL'!F8 -> BL02 | AB42: ='4.2.7BL'!G8 -> 4750 | AK42: ='4.2.7BL'!O8 -> TB including TP and TPO
N43: ='4.2.5CP'!G16 -> CP006 | AB43: ='4.2.5CP'!I16 -> 4926
M44: ='4.2.4CB'!G21 -> RD006 | AB44: ='4.2.4CB'!I21 -> 4929
M45: ='4.2.4CB'!G22 -> RD007 | AB45: ='4.2.4CB'!I22 -> 5239
M46: ='4.2.4CB'!G23 -> RD008 | AB46: ='4.2.4CB'!I23 -> 5517
N47: ='4.2.5CP'!G17 -> CP007 | AB47: ='4.2.5CP'!I17 -> 5520
M48: ='4.2.4CB'!G24 -> RD009 | AB48: ='4.2.4CB'!I24 -> 5678
N49: ='4.2.5CP'!G18 -> CP008 | AB49: ='4.2.5CP'!I18 -> 5681
N50: ='4.2.5CP'!G19 -> CP009 | AB50: ='4.2.5CP'!I19 -> 5761
M51: ='4.2.4CB'!G25 -> RD010 | AB51: ='4.2.4CB'!I25 -> 6031
M52: ='4.2.4CB'!G26 -> RD011 | AB52: ='4.2.4CB'!I26 -> 7364
B53: Quang Nam | C53: PKG02 | D53: ML02-1 | AB53: 7950 | AC53: - | AD53: 13050 | AH53: =(AD53-AB53)-AF53 -> 5100
D54: ML008 | AB54: =AB53 -> 7950 | AC54: - | AD54: =AB55 -> 9678.35 | AH54: =(AD54-AB54) -> 1728.35
F55: ='4.2.3BR'!U31 -> LRB04 | AB55: ='4.2.3BR'!W31 -> 9678.35 | AC55: - | AD55: ='4.2.3BR'!AA31 -> 10061.65 | AH55: ='4.2.3BR'!AF31 -> 383.3
D56: ML009 | AB56: =AD55 -> 10061.65 | AC56: - | AD56: =AB57 -> 10175.9 | AH56: =(AD56-AB56) -> 114.25
J57: ='4.2.3BR'!U32 -> VD02 | AB57: ='4.2.3BR'!W32 -> 10175.9 | AC57: - | AD57: ='4.2.3BR'!AA32 -> 10366.1 | AH57: ='4.2.3BR'!AF32 -> 190.2
D58: ML010 | AB58: =AD57 -> 10366.1 | AC58: - | AD58: =AB59 -> 10723.4 | AH58: =(AD58-AB58) -> 357.3
F59: ='4.2.3BR'!U33 -> LRB05 | AB59: ='4.2.3BR'!W33 -> 10723.4 | AC59: - | AD59: ='4.2.3BR'!AA33 -> 11040.6 | AH59: ='4.2.3BR'!AF33 -> 317.2
D60: ML011 | AB60: =AD59 -> 11040.6 | AC60: - | AD60: =AB61 -> 11728.875 | AH60: =(AD60-AB60) -> 688.275
J61: ='4.2.3BR'!U34 -> VD03 | AB61: ='4.2.3BR'!W34 -> 11728.875 | AC61: - | AD61: ='4.2.3BR'!AA34 -> 12079.125 | AH61: ='4.2.3BR'!AF34 -> 350.25
D62: ML012 | AB62: =AD61 -> 12079.125 | AC62: - | AD62: =AB63 -> 12545.9 | AH62: =(AD62-AB62) -> 466.775
G63: ='4.2.3BR'!U35 -> ORB01 | AB63: ='4.2.3BR'!W35 -> 12545.9 | AC63: - | AD63: ='4.2.3BR'!AA35 -> 12732.1 | AH63: ='4.2.3BR'!AF35 -> 186.2
D64: ML013 | AB64: =AD63 -> 12732.1 | AC64: - | AD64: =AD53 -> 13050 | AH64: =(AD64-AB64) -> 317.9 | AL64: =SUM(AH54:AH64) -> 5100
N65: ='4.2.5CP'!G21 -> CP010 | AB65: ='4.2.5CP'!I21 -> 8220 | AK65: ='4.2.5CP'!S21 -> Connect to/from CN02
O66: ='4.2.9CN'!G12 -> CN02 | AB66: ='4.2.9CN'!H12 -> 8220 | AK66: ='4.2.9CN'!V12 -> Connect to/from CP010
N67: ='4.2.5CP'!G22 -> CP011 | AB67: ='4.2.5CP'!I22 -> 8738
